 Dungeon Crawl Stone Soup version 0.31-a0-161-gb58dd9be76 (webtiles) character file.

Game seed: 17748206240858513671

794493 qw the Bringer of Light (level 27, -1/179 HPs)
             Began as a Gargoyle Fighter on June 12, 2023.
             Was the Champion of the Shining One.
             Killed from afar by a starcursed mass (19 damage)
             ... with an accursed screaming
             ... on level 7 of the Abyss.
             The game lasted 00:56:36 (72881 turns).

qw the Bringer of Light (Gargoyle Fighter)         Turns: 72881, Time: 00:56:37

Health: -1/179     AC: 69    Str: 46    XL:     27
Magic:  34/40      EV: 19    Int:  9    God:    the Shining One [******]
Gold:   5515       SH: 17    Dex:  9    Spells: 26/26 levels left

rFire   + + .        D - +8 broad axe (holy)
rCold   + + .        y - +2 shield of Resistance {rF++ rC++ Will++}
rNeg    + + +        U - +10 plate armour of Pathos {Str+4 SInv}
rPois   inf          (helmet restricted)
rElec   +            s - +2 cloak {Will+}
rCorr   .            w - +2 pair of gloves
SInv    +            B - +2 pair of boots of qw's Valiance {Rampage Str+3 Int-2}
Will    +++++        j - amulet of Tirured {Faith Drain Str+5} Stlth
                     C - ring "Imaghill" {AC+4 Str+2}
HPRegen 0.49/turn    J - +5 ring of evasion
MPRegen 0.27/turn

%: rampage, faith
@: about to teleport, flying, glowing, unable to drink
A: sickness immunity, AC +20, big wings, negative energy resistance 1,
electricity resistance, torment resistance 1, petrification resistance, horns 1,
frail 1, mutation resistance 1, inability to drink after injury 1
}: 5/15 runes: barnacled, slimy, silver, golden, gossamer
a: Renounce Religion, Divine Shield, Cleansing Flame, Summon Divine Warrior


You were on level 7 of the Abyss.
You worshipped the Shining One.
The Shining One was exalted by your worship.
You visited 12 branches of the dungeon, and saw 55 of its levels.
You visited the Abyss 7 times.
You also visited: Ossuary.

You collected 11189 gold pieces.
You spent 5674 gold pieces at shops.


Innate Abilities, Weirdness & Mutations

You are immune to sickness and miasma.
Your stone body is resilient. (AC +20)
You are immune to poison.
Your large and strong wings let you fly.
You resist negative energy. (rN+)
You are resistant to electric shocks. (rElec)
You are resistant to unholy torment.
You are immune to petrification.
You have a pair of small horns on your head.
You are frail. (-10% HP)
You are somewhat resistant to further mutation.
You occasionally lose the ability to drink potions when taking damage.


   Skills:
 O Level 27 Fighting
 - Level 7.8 Short Blades
 + Level 21.1 Axes
 - Level 15.0 Throwing
 O Level 27 Armour
 - Level 13.0 Dodging
 - Level 23.0 Shields
 O Level 27 Invocations


You had 26 spell levels left.
You didn't know any spells.
Your spell library was empty.

Inventory:

Hand Weapons
 b - a +5 spectral broad axe
 D - a +8 broad axe of holy wrath (weapon)
Armour
 f - the +3 pair of mountain boots {steadfast, rC+}
   (You acquired it on level 1 of the Spider Nest)

   Steadfast: It prevents involuntary movement, except for blinking,
   teleportation, or banishment.
   rC:        It protects you from cold.
 h - a scarf of resistance
 s - a +2 cloak of willpower (worn)
 v - a +2 tower shield of positive energy
 w - a +2 pair of gloves (worn)
 y - the +2 shield of Resistance (worn) {rF++ rC++ Will++}
   (Okawaru gifted it to you on level 13 of the Dungeon)

   rF:        It greatly protects you from fire.
   rC:        It greatly protects you from cold.
   Will:      It greatly increases your willpower.
 B - the +2 pair of boots of qw's Valiance (worn) {Rampage Str+3 Int-2}
   (Okawaru gifted it to you on level 4 of the Depths)

   Str:       It affects your strength (+3).
   Int:       It affects your intelligence (-2).
   Rampage:   It bestows one free step when moving towards enemies.
 M - +0 gold dragon scales
 U - the +10 plate armour of Pathos (worn) {Str+4 SInv}
   (You found it on level 5 of the Vaults)

   Str:       It affects your strength (+4).
   SInv:      It lets you see invisible.
Jewellery
 j - the amulet of Tirured (around neck) {Faith Drain Str+5}
   (You bought it in a shop on level 3 of the Vaults)

   [amulet of faith]

   It allows you to gain divine favour quickly.
   Str:       It affects your strength (+5).
   Drain:     It drains your maximum health when unequipped.
 m - the amulet of Elemental Vulnerability {rPois rF-- rC-- AC+8}
   (You found it on level 3 of the Dungeon)

   [amulet of nothing]

   AC:        It affects your AC (+8).
   rF:        It makes you very vulnerable to fire.
   rC:        It makes you very vulnerable to cold.
   rPois:     It protects you from poison.
 t - the ring "Yzef" {rF++ Will+ rCorr MP+9 Int+3}
   (You found it on level 3 of the Tomb of the Ancients)

   [ring of magical power]

   Int:       It affects your intelligence (+3).
   rF:        It greatly protects you from fire.
   MP:        It affects your magic capacity (+9).
   rCorr:     It protects you from acid and corrosion.
   Will:      It increases your willpower.
 u - a ring of protection from cold
 C - the ring "Imaghill" (left hand) {AC+4 Str+2}
   (You bought it in a shop on level 2 of the Orcish Mines)

   [ring of protection]

   AC:        It affects your AC (+4).
   Str:       It affects your strength (+2).
 F - a ring of protection from fire
 J - a +5 ring of evasion (right hand)
 K - an amulet of reflection
 T - the ring "Tuzuoq" {rC+ Str+3 Int+3}
   (You found it on level 5 of the Vaults)

   [ring of protection from cold]

   Str:       It affects your strength (+3).
   Int:       It affects your intelligence (+3).
   rC:        It protects you from cold.
Wands
 S - a wand of digging (13)
Scrolls
 a - 21 scrolls of teleportation
 g - 2 scrolls of enchant armour
 i - 5 scrolls of identify
 L - 2 scrolls of brand weapon
Potions
 c - 6 potions of cancellation
 d - 15 potions of might
 l - 4 potions of magic
 o - 24 potions of curing
 p - 6 potions of haste
 x - 2 potions of resistance

Dungeon Overview and Level Annotations

Branches:
Dungeon (15/15)            Temple (1/1) D:4            Lair (5/5) D:10
 Shoals (4/4) Lair:2       Spider (4/4) Lair:2        Slime (5/5) Lair:5
    Orc (2/2) D:10            Elf (0/3) Orc:2        Vaults (5/5) D:13
  Crypt (3/3) Vaults:2       Tomb (3/3) Crypt:3      Depths (4/4) D:15
    Zot (4/5) Depths:4    Ossuary (visited)

Altars:
Ashenzari
Cheibriados
Dithmenos
Elyvilon
Fedhas
Gozag
Hepliaklqana
Kikubaaqudgha
Makhleb
Nemelex Xobeh
Okawaru
Qazlal
Ru
Sif Muna
Trog
Uskayaw
Vehumet
Wu Jian
Xom
Yredelemnul
Zin
The Shining One
Jiyva

Shops:
D:4 [[!   Orc:2 ==*(   Shoals:4 :   Vaults:2 =   Vaults:3 =   Vaults:4 *
Depths:2 [(   Depths:3 :

Portals:
Hell: Depths:1 Depths:2 Depths:3 Depths:4
Abyss: Orc:1 Depths:3
Pandemonium: Depths:1 Depths:2
Ziggurat: Depths:4
Trove: Depths:4 (give +3 ice dragon scales)

Annotations:
Lair:2 2 transporters, qw's ghost, journeyman MiHu
Orc:1 2 transporters, burt's ghost, journeyman DrCj
Orc:2 1 runed translucent door, qw's ghost, adept GrFi
Vaults:1 exclusion: ironbound preserver
Zot:4 36 runed doors


Message History

The starcursed mass touches your daeva!
Your daeva dies!
Your daeva dissolves into sparkling lights!
The golden eye blinks at you. You resist with almost no effort.
A starcursed mass splits.
Enter note:
Enter note:
Enter note:
Enter note:
Enter note:
Enter note:
Enter note:
Enter note: You chop the starcursed mass into pieces!!!
You destroy the starcursed mass!
You slice the walking crystal tome!! You slice the golden eye!!
You kill the golden eye!
You slash the starcursed mass!
You destroy the starcursed mass!
You block the walking crystal tome's attack.
Tentacles burst from the starspawn's body!
A starcursed mass splits. 2 starspawn tentacles come into view.
Enter note:
Enter note:
Enter note:
Enter note:
Enter note:
Enter note:
Enter note:
Enter note: You slash the walking crystal tome!
You headbutt the walking crystal tome, but do no damage.
The walking crystal tome is severely damaged.
You slice the starspawn tentacle!!
You destroy the starspawn tentacle!
You slice the starcursed mass like a ripe choko!!!
You destroy the starcursed mass!
A cacophony of accursed wailing tears at your sanity!
You die...

. . ~ # .. . .
##3 . #. . . XX
# ..#.#¤%## ##
. ...X #X##D .
XXXX#X*.####..#
. ##XD;#.XX.#
###..#*# #@# .¤
#..# #..## . #
..XXw#3X..
###XXX#X. X
##..#....X
#...#...¤ ###..
#.## #... .. #
.. . .


You could see a bone dragon, 16 starcursed masses, a walking crystal tome, a
tentacled starspawn, a large abomination, 2 neqoxecs, a starspawn tentacle and a
living crystal spell (summoned).

Vanquished Creatures
  the Royal Jelly (Slime:5)
  2 ancient liches
  3 dread liches
  Mennas (Tomb:3)
  A juggernaut (Depths:3)
  2 Killer Klowns
  21 royal mummies
  Bai Suzhen (Spider:4)
  Margery (Crypt:2)
  6 golden dragons
  3 caustic shrikes (Depths:4)
  3 profane servitors (Abyss:5)
  16 bone dragons
  3 hellephants
  2 Hell Sentinels
  Mlioglotl (Shoals:1)
  14 tentacled monstrosities
  Zenata (Crypt:3)
  2 walking crystal tomes
  9 deep elf master archers
  10 liches
  2 walking divine tomes (Depths:3)
  8 death cobs
  9 ancient champions
  A shard shrike skeleton (Crypt:3)
  4 deep elf blademasters
  13 titans
  6 quicksilver dragons
  2 krakens
  25 acid blobs
  7 Executioners
  60 tentacled starspawn
  Polyphemus (Shoals:3)
  13 shadow dragons
  17 sphinxes
  7 tengu reavers
  Donald (Spider:1)
  12 rockslimes
  10 storm dragons
  Ilsuiw (Shoals:3)
  4 draconian monks
  11 azure jellies
  2 revenants
  A fenstrider witch (shapeshifter) (Depths:3)
  2 iron dragons
  28 fire giants
  2 emperor scorpions (Spider:4)
  8 draconian knights
  25 frost giants
  7 draconian scorchers
  9 vault wardens
  Louise (Spider:1)
  9 ghost moths
  2 deep elf sorcerers
  A juggernaut zombie (Abyss:1)
  3 ghouls
  An angel (Abyss:6)
  3 caustic shrike zombies
  2 balrugs
  3 cacodemons
  7 draconian shifters
  2 draconian annihilators
  19 ironbound preservers
  A curse skull (Crypt:2)
  An orc warlord (Vaults:1)
  7 draconian stormcallers
  3 reapers
  A caustic shrike skeleton (Abyss:5)
  44 very ugly things
  A demonspawn corrupter (Abyss:7)
  9 quicksilver oozes
  4 broodmothers (Spider:1)
  11 war gargoyles
  24 stone giants
  8 formless jellyfish
  11 ironbound thunderhulks
  7 vampire knights
  17 green draconians
  9 black draconians
  2 starflowers (Abyss:5)
  11 red draconians
  2 bennus (Tomb:3)
  11 purple draconians
  5 deep elf demonologists
  15 spark wasps
  26 dire elephants
  14 white draconians
  14 yellow draconians
  5 blizzard demons
  5 deep elf death magi
  9 merfolk impalers
  22 mummy priests
  4 eidola
  9 jiangshi
  6 merfolk javelineers
  17 yaktaur captains
  6 crystal guardians
  6 deep elf high priests
  13 fire dragons
  6 green deaths
  14 ettins
  6 entropy weavers
  4 ice dragons
  3 spriggan air magi
  A hell beast (Depths:4)
  14 great orbs of eyes
  Erolcha (D:11)
  14 hydras
  28 vault guards
  Harold (D:11)
  2 catoblepae
  2 merfolk avatars
  3 peacekeepers
  3 spriggan skeletons
  6 ogre magi
  9 ironbound frosthearts
  A jorogumo (Spider:2)
  2 merfolk aquamancers
  2 radroaches
  11 boulder beetles
  2 alligator snapping turtles
  9 rakshasas
  15 death yaks
  4 centaur warriors
  3 death knights
  13 two-headed ogres
  10 dancing weapons
  45 death scarabs
  An anaconda (shapeshifter) (Depths:2)
  7 deep troll earth magi
  3 deep troll shamans
  2 spriggan berserkers
  A naga warrior (Abyss:4)
  7 vampire magi
  A boulder beetle (shapeshifter) (Vaults:5)
  9 demonic crawlers
  14 hell hogs
  4 tengu warriors
  95 thrashing horrors
  4 orc high priests
  3 titan zombies
  Amaemon (Lair:3)
  9 deep elf knights
  7 sixfirhies
  28 hell knights
  5 skysharks
  Nergalle (Lair:3)
  6 sun demons
  A sun moth (Spider:4)
  105 large abominations
  A skyshark (shapeshifter) (Abyss:5)
  25 skeletal warriors
  8 soul eaters
  5 iron trolls
  6 shadow wraiths
  56 deep trolls
  A titan skeleton (Abyss:1)
  A golden dragon zombie (Crypt:3)
  46 wretched stars
  3 pharaoh ants
  2 bog bodies (Crypt:2)
  3 flayed ghosts
  9 spatial maelstroms
  10 glowing orange brains
  6 sea snakes
  4 shadow demons
  11 deep elf archers
  2 bunyip zombies
  An orb spider (shapeshifter) (D:15)
  A golden dragon skeleton (Crypt:2)
  A shadow dragon zombie (Crypt:3)
  15 ironbound convokers
  10 orb spiders
  8 orc knights
  An obsidian statue (Depths:4)
  3 steelbarb worms
  15 necromancers
  A spriggan simulacrum (Abyss:5)
  20 harpies
  9 wizards
  13 phantasmal warriors
  6 deep elf pyromancers
  7 deep elf zephyrmancers
  45 ugly things
  4 lindwurms
  24 wolf spiders
  2 mana vipers (Abyss:5)
  203 starcursed masses
  An iron dragon zombie (Crypt:3)
  9 fauns
  A salamander (shapeshifter) (Vaults:5)
  22 elephants
  10 cyclopes
  4 shining eyes
  A tengu skeleton (Depths:1)
  14 worldbinders
  A goliath frog skeleton (Crypt:2)
  15 manticores
  An iron dragon skeleton (Abyss:5)
  10 merfolk sirens
  3 orc sorcerers
  2 stone giant skeletons
  22 moths of wrath
  23 vault sentinels
  7 will-o-the-wisps
  11 apocalypse crabs
  2 rust devils
  An elephant (shapeshifter) (Vaults:5)
  6 water nymphs
  A naga zombie (Crypt:3)
  An ice statue (Spider:2)
  4 guardian serpents
  3 black mambas
  16 cane toads
  4 eyes of devastation
  9 orange demons
  A torpor snail (Spider:2)
  5 unseen horrors
  A gargoyle (D:11)
  A naga skeleton (Tomb:2)
  33 smoke demons
  5 hellions
  4 dire elephant skeletons
  2 spriggan zombies
  4 rime drakes
  3 kobold demonologists
  A steelbarb worm zombie (Crypt:2)
  33 guardian mummies
  22 yaktaurs
  6 freezing wraiths
  An efreet (Abyss:6)
  3 ice devils
  2 tormentors (Abyss:5)
  6 komodo dragons
  3 tengu conjurers
  An unseen horror skeleton (Crypt:1)
  A yaktaur skeleton (Vaults:4)
  50 ancient zymes
  A black draconian skeleton (Crypt:1)
  30 merfolk
  A troll (shapeshifter) (Vaults:5)
  A harpy zombie (Abyss:3)
  2 silent spectres (Abyss:7)
  14 trolls
  An iron troll skeleton (Crypt:2)
  2 red devils (Depths:4)
  A mana viper zombie (Crypt:1)
  8 hellwings
  2 polar bears
  2 merfolk (shapeshifter) (Vaults:5)
  19 tarantellas
  4 wind drakes
  7 hornets
  146 raiju
  20 blink frogs
  15 snapping turtles
  A hydra skeleton (Tomb:1)
  A stone giant simulacrum (Crypt:1)
  A harpy skeleton (Tomb:1)
  34 jumping spiders
  27 ynoxinuls
  55 slime creatures
  75 flying skulls
  4 shadows
  13 wraiths
  44 yaks
  24 culicivoras
  6 ushabtiu
  2 vampires
  17 water elementals
  A black mamba skeleton (Crypt:3)
  9 wyverns
  A fire elemental (Abyss:5)
  4 basilisks
  An ettin skeleton (Vaults:4)
  3 fire bats (Abyss:3)
  22 golden eyes
  14 chaos spawn
  3 steam dragons
  A basilisk (shapeshifter) (Abyss:1)
  49 redbacks
  31 neqoxecs
  44 small abominations
  4 wargs
  A harpy simulacrum (Crypt:1)
  15 spatial vortices
  A glowing shapeshifter zombie (Vaults:4)
  2 nagas (Abyss:4)
  14 water moccasins
  12 hell hounds
  3 acid dragons
  A floating eye (Depths:3)
  A demonspawn skeleton (Crypt:1)
  19 orc warriors
  An ice beast (D:5)
  A black bear (shapeshifter) (Abyss:4)
  A human zombie (Vaults:4)
  An ice beast (shapeshifter) (Abyss:3)
  An ettin simulacrum (Abyss:5)
  2 black bears
  27 ogres
  6 boggarts
  11 centaurs
  An elephant skeleton (Crypt:1)
  11 wolves
  4 kobold brigands
  A yaktaur zombie (Crypt:2)
  A gnoll sergeant (D:9)
  7 bullfrogs
  2 scorpions
  6 necrophages
  An ogre simulacrum (Vaults:4)
  A water moccasin zombie (Crypt:1)
  11 wights
  20 killer bees
  5 electric eels (D:8)
  A shapeshifter skeleton (Crypt:2)
  3 howler monkeys (D:9)
  2 crimson imps (Abyss:3)
  3 quasits
  3 hounds
  2 jellies
  13 orc priests
  A gnoll bouda (D:7)
  2 iron imps (Abyss:3)
  7 iguanas
  15 orc wizards
  14 mummies
  19 gnolls
  9 adders
  A swamp drake zombie (Crypt:1)
  6 white imps
  A lava snake skeleton (Crypt:2)
  4 worms
  4 dart slugs
  66 orcs
  8 endoplasms
  3 giant cockroaches
  9 goblins
  5 hobgoblins
  9 jackals
  9 kobolds
  7 quokkas
  8 ball pythons
  A ball python skeleton (Crypt:1)
  3 bats (D:2)
  An endoplasm zombie (Crypt:1)
  3 frilled lizards
  7 hobgoblin zombies (Ossuary)
  5 kobold zombies (Ossuary)
  8 orc zombies (Ossuary)
  A quokka skeleton (Crypt:1)
  3 rats
  8 lurking horrors
  63 starspawn tentacles
  4 tentacles (Shoals:3)
3641 creatures vanquished.

Vanquished Creatures (collateral kills)
  A dread lich (Abyss:5)
  8 royal mummies
  4 deep elf blademasters
  3 tentacled monstrosities
  3 liches
  7 tentacled starspawn
  2 ancient champions (Tomb:3)
  2 balrugs
  A cacodemon (Abyss:3)
  A deep elf elementalist (Abyss:5)
  An ophan (Abyss:6)
  A very ugly thing (Abyss:5)
  A purple draconian (Tomb:1)
  A yellow draconian (Crypt:3)
  A green death (Abyss:3)
  A juggernaut simulacrum (Abyss:5)
  A dancing weapon (Crypt:3)
  18 thrashing horrors
  2 hell knights (Abyss:3)
  A sun demon (Abyss:3)
  2 sixfirhies
  5 skeletal warriors
  A spatial maelstrom (Depths:3)
  6 wretched stars
  A glowing orange brain (Abyss:5)
  A deep elf archer (Crypt:3)
  2 ugly things (Abyss:6)
  33 starcursed masses
  A deep elf zephyrmancer (Crypt:3)
  A will-o-the-wisp (Abyss:5)
  An iron dragon zombie (Crypt:3)
  2 smoke demons (Abyss:3)
  A rust devil (Abyss:3)
  An apocalypse crab (Abyss:3)
  A water nymph (Abyss:6)
  An orange demon (Abyss:5)
  A tormentor (Abyss:3)
  2 efreet (Abyss:3)
  A komodo dragon (shapeshifter) (Abyss:3)
  8 ancient zymes
  4 guardian mummies
  17 raiju
  A blink frog (Abyss:5)
  2 ynoxinuls (Abyss:3)
  9 flying skulls
  12 large abominations
  A water elemental (Abyss:6)
  A fire bat (Abyss:3)
  7 golden eyes
  3 neqoxecs
  4 chaos spawn
  6 small abominations
  3 quasits (Abyss:3)
  A mummy (Tomb:1)
  2 white imps (Abyss:3)
  An ufetubus (Abyss:3)
  A lurking horror (Abyss:3)
  12 starspawn tentacles
219 creatures vanquished.

Vanquished Creatures (others)
  A dread lich (Vaults:5)
  A draconian knight (Zot:2)
  2 fire giants
  A ghost moth (Zot:4)
  A thrashing horror (Abyss:7)
  A worldbinder (Abyss:5)
  A merfolk siren (Shoals:1)
  2 large abominations (Abyss:6)
  A flying skull (Abyss:7)
  A golden eye (Abyss:6)
  A chaos spawn (Abyss:6)
  A sky beast (shapeshifter) (Vaults:5)
  A starcursed mass (Abyss:3)
  An orc wizard (D:13)
  15 foxfires
  A lurking horror (Abyss:6)
  17 spectral weapons
  120 starspawn tentacles
  6 tentacles
175 creatures vanquished.

Grand Total: 4035 creatures vanquished

Notes
Turn   | Place    | Note
-------+----------+-------------------------------------------
     0 | D:1      | qw the Gargoyle Fighter began the quest for the Orb.
     0 | D:1      | Reached XP level 1. HP: 14/14 MP: 1/1
     0 | D:1      | 0 ||| qw: Version: 0.2-a-29-gc1b59c4
     0 | D:1      | 0 ||| qw: Game counter: 4279
     0 | D:1      | 0 ||| qw: Always use a shield: true
     0 | D:1      | 0 ||| qw: God list: Okawaru
     0 | D:1      | 0 ||| qw: Allow faded altars: false
     0 | D:1      | 0 ||| qw: Do Orc after D:15 true
     0 | D:1      | 0 ||| qw: Do second Lair branch before Depths: true
     0 | D:1      | 0 ||| qw: Lair rune preference: random
     0 | D:1      | 0 ||| qw: Plans: Normal, Zot:1-4, Slime:5, God:TSO, Crypt,
                  | Tomb, Abyss, Pan, Hells, Win
     0 | D:1      | 0 ||| PLANNING D:1-11
     6 | D:1      | 6 ||| Stepping ~*~*~tactically~*~*~ (stealth).
    48 | D:1      | 48 ||| Stepping ~*~*~tactically~*~*~ (hiding).
    81 | D:1      | Reached XP level 2. HP: 19/19 MP: 2/2
   143 | D:1      | 143 ||| Stepping ~*~*~tactically~*~*~ (hiding).
   406 | D:1      | Reached skill level 3 in Axes
   484 | D:1      | Reached XP level 3. HP: 23/23 MP: 3/3
   504 | D:1      | 504 ||| Stepping ~*~*~tactically~*~*~ (stealth).
   824 | D:1      | 824 ||| READING scroll labelled CAOBRO DEGGUKK.
   825 | D:1      | 825 ||| READING scroll labelled VAIRGH JOCLONK.
   920 | D:2      | 920 ||| Stepping ~*~*~tactically~*~*~ (stealth).
   937 | D:2      | Identified the +1 whip "Orb Guardian's Curse" {heavy, rF++
                  | Will-}
   951 | D:2      | Reached XP level 4. HP: 28/28 MP: 4/4
  1340 | D:2      | 1340 ||| READING scroll labelled MOTHAIRPHUS.
  1341 | D:2      | 1341 ||| READING scroll labelled TYNOEMMU EHEC.
  1400 | D:3      | Reached XP level 5. HP: 32/32 MP: 5/5
  1636 | D:3      | Found the amulet of Elemental Vulnerability {rPois rF--
                  | rC-- AC+8}
  1639 | D:3      | You fall into a shaft and drop 1 floor!
  1675 | D:4      | 1675 ||| READING 3 scrolls labelled WOKLUTTI IVO MUNG.
  1679 | D:4      | 1679 ||| DRINKING 2 fizzy amethyst potions.
  1679 | D:4      | Gained mutation: You occasionally lose the ability to read
                  | scrolls when taking damage. [potion of mutation]
  1680 | D:4      | 1680 ||| DRINKING potion of mutation.
  1680 | D:4      | Lost mutation: You occasionally lose the ability to read
                  | scrolls when taking damage. [potion of mutation]
  1680 | D:4      | Gained mutation: Your muscles are strong. (Str +4, Int/Dex
                  | -1) [potion of mutation]
  1680 | D:4      | Gained mutation: Your spells are a little harder to cast,
                  | but a little more powerful. [potion of mutation]
  1681 | D:4      | 1681 ||| Stepping randomly (stuck).
  1682 | D:4      | 1682 ||| Stepping randomly (stuck).
  1683 | D:4      | 1683 ||| Stepping randomly (stuck).
  1684 | D:4      | 1684 ||| Stepping randomly (stuck).
  1685 | D:4      | 1685 ||| Stepping randomly (stuck).
  1686 | D:4      | 1686 ||| Stepping randomly (stuck).
  1687 | D:4      | 1687 ||| Stepping randomly (stuck).
  1688 | D:4      | 1688 ||| Stepping randomly (stuck).
  1689 | D:4      | 1689 ||| Stepping ~*~*~tactically~*~*~ (stealth).
  1690 | D:4      | 1690 ||| Stepping randomly (stuck).
  1691 | D:4      | 1691 ||| Stepping randomly (stuck).
  1692 | D:4      | 1692 ||| Stepping randomly (stuck).
  1693 | D:4      | 1693 ||| Stepping ~*~*~tactically~*~*~ (stealth).
  1694 | D:4      | 1694 ||| Stepping randomly (stuck).
  1695 | D:4      | 1695 ||| Stepping randomly (stuck).
  1696 | D:4      | 1696 ||| Stepping randomly (stuck).
  1697 | D:4      | 1697 ||| Stepping randomly (stuck).
  1698 | D:4      | 1698 ||| Stepping randomly (stuck).
  1699 | D:4      | 1699 ||| Stepping randomly (stuck).
  1700 | D:4      | 1700 ||| Stepping randomly (stuck).
  1701 | D:4      | 1701 ||| Stepping randomly (stuck).
  1702 | D:4      | 1702 ||| Stepping randomly (stuck).
  1703 | D:4      | 1703 ||| Stepping randomly (stuck).
  1704 | D:4      | 1704 ||| Stepping randomly (stuck).
  1705 | D:4      | 1705 ||| Stepping randomly (stuck).
  1706 | D:4      | 1706 ||| Stepping randomly (stuck).
  1707 | D:4      | 1707 ||| Stepping randomly (stuck).
  1708 | D:4      | 1708 ||| Stepping ~*~*~tactically~*~*~ (stealth).
  1711 | D:4      | 1711 ||| Stepping randomly (stuck).
  1712 | D:4      | 1712 ||| Stepping randomly (stuck).
  1713 | D:4      | 1713 ||| Stepping randomly (stuck).
  1714 | D:4      | 1714 ||| Stepping randomly (stuck).
  1716 | D:4      | 1716 ||| DRINKING 2 brown potions.
  1717 | D:4      | 1717 ||| DROPPING potion of degeneration.
  1718 | D:4      | 1718 ||| Stepping randomly (stuck).
  1720 | D:4      | 1720 ||| Stepping randomly (stuck).
  1721 | D:4      | 1721 ||| Stepping randomly (stuck).
  1722 | D:4      | 1722 ||| Stepping randomly (stuck).
  1723 | D:4      | 1723 ||| Stepping randomly (stuck).
  1724 | D:4      | 1724 ||| Stepping randomly (stuck).
  1725 | D:4      | 1725 ||| Stepping randomly (stuck).
  1726 | D:4      | 1726 ||| Stepping randomly (stuck).
  1727 | D:4      | 1727 ||| Stepping randomly (stuck).
  1728 | D:4      | 1728 ||| Stepping randomly (stuck).
  1729 | D:4      | 1729 ||| Stepping randomly (stuck).
  1730 | D:4      | 1730 ||| Stepping randomly (stuck).
  1731 | D:4      | 1731 ||| Stepping randomly (stuck).
  1732 | D:4      | 1732 ||| Stepping randomly (stuck).
  1733 | D:4      | 1733 ||| Stepping randomly (stuck).
  1734 | D:4      | 1734 ||| Stepping randomly (stuck).
  1735 | D:4      | 1735 ||| Stepping randomly (stuck).
  1736 | D:4      | 1736 ||| Stepping randomly (stuck).
  1737 | D:4      | 1737 ||| Stepping randomly (stuck).
  1738 | D:4      | 1738 ||| Stepping randomly (stuck).
  1739 | D:4      | 1739 ||| Stepping randomly (stuck).
  1740 | D:4      | 1740 ||| Stepping randomly (stuck).
  1741 | D:4      | 1741 ||| READING 2 scrolls of teleportation.
  1751 | D:4      | Reached skill level 1 in Throwing
  1756 | D:4      | HP: 8/32 [gnoll/+0 spear (5)]
  1757 | D:4      | 1757 ||| READING scroll of teleportation.
  1811 | D:4      | 1811 ||| Stepping ~*~*~tactically~*~*~ (stealth).
  1824 | D:4      | HP: 4/32 [worm (9)]
  1958 | D:4      | 1958 ||| DROPPING +0 whip.
  2020 | D:4      | 2020 ||| READING scroll labelled VUDASY AKLOSIR.
  2021 | D:4      | 2021 ||| READING 2 scrolls of identify.
  2021 | D:4      | 2021 ||| IDENTIFYING purple potion
  2136 | D:3      | Found a glowing silver altar of Zin.
  2136 | D:3      | Noticed an angel
  2162 | D:3      | Found a stormy altar of Qazlal.
  2162 | D:3      | Found a sparkling altar of Nemelex Xobeh.
  2163 | D:3      | Found a white marble altar of Elyvilon.
  2264 | D:3      | Found an iron altar of Okawaru.
  2265 | D:3      | 2265 ||| PLANNING OKAWARU WORSHIP
  2265 | D:3      | 2265 ||| UPGRADING to amulet of Elemental Vulnerability
                  | {rPois rF-- rC-- AC+8}.
  2270 | D:3      | 2270 ||| READING 5 scrolls of identify.
  2270 | D:3      | 2270 ||| IDENTIFYING bubbling grey potion
  2271 | D:3      | 2271 ||| READING 4 scrolls of identify.
  2271 | D:3      | 2271 ||| IDENTIFYING bubbling orange potion
  2272 | D:3      | 2272 ||| READING 3 scrolls of identify.
  2272 | D:3      | 2272 ||| IDENTIFYING bubbling dark potion
  2273 | D:3      | 2273 ||| DROPPING potion of enlightenment.
  2274 | D:3      | 2274 ||| DROPPING potion of invisibility.
  2286 | D:3      | Became a worshipper of Warmaster Okawaru
  2286 | D:3      | 2286 ||| PLANNING D:1-11
  2462 | D:4      | Found Noonlops's Distillery.
  2498 | D:4      | 2498 ||| BUYING 2 potions of attraction (78 gold).
  2498 | D:4      | Bought 2 potions of attraction for 78 gold pieces
  2498 | D:4      | 2498 ||| SHOPLISTING 2 potions of haste (260 gold, have
                  | 51).
  2498 | D:4      | 2498 ||| SHOPLISTING 2 potions of heal wounds (130 gold,
                  | have 51).
  2498 | D:4      | 2498 ||| BUYING potion of attraction (39 gold).
  2498 | D:4      | Bought a potion of attraction for 39 gold pieces
  2498 | D:4      | 2498 ||| SHOPLISTING potion of attraction (39 gold, have
                  | 12).
  2498 | D:4      | 2498 ||| SHOPLISTING potion of curing (39 gold, have 12).
  2498 | D:4      | 2498 ||| SHOPLISTING potion of heal wounds (65 gold, have
                  | 12).
  2498 | D:4      | 2498 ||| SHOPLISTING potion of lignification (39 gold, have
                  | 12).
  2498 | D:4      | 2498 ||| SHOPLISTING potion of might (52 gold, have 12).
  2498 | D:4      | 2498 ||| SHOPLISTING potion of mutation (104 gold, have
                  | 12).
  2523 | D:4      | Found Raikixki's Antique Armour Shoppe.
  2564 | D:4      | Found a staircase to the Ecumenical Temple.
  2601 | D:4      | 2601 ||| SHOPLISTING distressingly furry scale mail (261
                  | gold, have 31).
  2601 | D:4      | 2601 ||| SHOPLISTING embroidered scarf (232 gold, have 31).
  2601 | D:4      | 2601 ||| SHOPLISTING helmet (130 gold, have 31).
  2601 | D:4      | 2601 ||| SHOPLISTING pair of gloves (130 gold, have 31).
  2601 | D:4      | 2601 ||| SHOPLISTING smoking leather armour (203 gold, have
                  | 31).
  2601 | D:4      | 2601 ||| SHOPLISTING transparent ring mail (261 gold, have
                  | 31).
  2637 | D:4      | Found Ibloed's Armour Shop.
  2640 | D:4      | 2640 ||| SHOPLISTING +0 cloak (54 gold, have 31).
  2640 | D:4      | 2640 ||| SHOPLISTING +0 pair of boots (54 gold, have 31).
  2640 | D:4      | 2640 ||| SHOPLISTING +0 pair of gloves (54 gold, have 31).
  2640 | D:4      | 2640 ||| SHOPLISTING +2 crystal plate armour (1104 gold,
                  | have 31).
  2640 | D:4      | 2640 ||| SHOPLISTING +2 leather armour of cold resistance
                  | (228 gold, have 31).
  2646 | D:4      | 2646 ||| Stepping ~*~*~tactically~*~*~ (stealth).
  2649 | D:4      | 2649 ||| Stepping ~*~*~tactically~*~*~ (stealth).
  2650 | D:4      | 2650 ||| Stepping ~*~*~tactically~*~*~ (stealth).
  2718 | D:4      | Reached XP level 6. HP: 38/38 MP: 6/6
  2884 | D:4      | 2884 ||| READING scroll labelled LALACE ADDUF.
  3036 | D:5      | Entered Level 5 of the Dungeon
  3049 | D:5      | Noticed a water moccasin
  3064 | D:5      | Killed a water moccasin
  3263 | D:5      | Reached * piety under Okawaru
  3264 | D:5      | Reached skill level 6 in Axes
  3264 | D:5      | Reached XP level 7. HP: 42/43 MP: 7/7
  3354 | D:5      | 3354 ||| INVOKING Heroism.
  3363 | D:5      | Reached skill level 1 in Dodging
  3600 | D:5      | Reached skill level 1 in Invocations
  3957 | D:5      | 3957 ||| UPGRADING to +0 plate armour.
  3967 | D:5      | 3967 ||| DROPPING +0 scale mail.
  3968 | D:5      | 3968 ||| READING 2 scrolls of enchant armour.
  3968 | D:5      | 3968 ||| ENCHANTING +0 plate armour.
  3969 | D:5      | 3969 ||| READING scroll of enchant armour.
  3969 | D:5      | 3969 ||| ENCHANTING +1 plate armour.
  3970 | D:5      | 3970 ||| READING scroll labelled MAOTEHOYJI.
  3971 | D:5      | 3971 ||| READING scroll labelled UTYSEO IPOLYMI.
  4056 | D:6      | Noticed a steam dragon
  4057 | D:6      | 4057 ||| PLANNING OSSUARY
  4057 | D:6      | 4057 ||| INVOKING Heroism.
  4062 | D:6      | HP: 10/43 [orc priest/+0 trident (1)]
  4063 | D:6      | 4063 ||| READING 3 scrolls of teleportation.
  4064 | D:6      | 4064 ||| DRINKING 2 potions of heal wounds.
  4137 | D:6      | Found a sacrificial altar of Ru.
  4317 | D:6      | Found an opulent altar of Gozag.
  4433 | D:6      | 4433 ||| Stepping ~*~*~tactically~*~*~ (stealth).
  4434 | D:6      | 4434 ||| INVOKING Heroism.
  4446 | D:6      | Reached skill level 3 in Invocations
  4455 | D:6      | Noticed a steam dragon
  4456 | D:6      | 4456 ||| FLEEEEING.
  4476 | D:6      | 4476 ||| Stepping ~*~*~tactically~*~*~ (stealth).
  4477 | D:6      | 4477 ||| Stepping ~*~*~tactically~*~*~ (stealth).
  4478 | D:6      | 4478 ||| INVOKING Heroism.
  4479 | D:6      | Found a sand-covered staircase.
  4485 | D:6      | Killed a steam dragon
  4486 | D:6      | Reached XP level 8. HP: 46/48 MP: 7/11
  4493 | D:6      | 4493 ||| DROPPING ring of magical power.
  4494 | D:6      | 4494 ||| READING 3 scrolls of identify.
  4494 | D:6      | 4494 ||| IDENTIFYING sapphire potion
  4508 | Ossuary  | Entered an ossuary
  4702 | D:6      | 4702 ||| PLANNING D:1-11
  4750 | D:6      | 4750 ||| Stepping ~*~*~tactically~*~*~ (stealth).
  4751 | D:6      | 4751 ||| Stepping ~*~*~tactically~*~*~ (stealth).
  4752 | D:6      | 4752 ||| Stepping ~*~*~tactically~*~*~ (stealth).
  4754 | D:6      | 4754 ||| Stepping ~*~*~tactically~*~*~ (stealth).
  4787 | D:6      | 4787 ||| INVOKING Heroism.
  4993 | D:6      | 4993 ||| READING 2 scrolls of identify.
  4993 | D:6      | 4993 ||| IDENTIFYING murky golden potion
  4994 | D:6      | 4994 ||| DROPPING potion of brilliance.
  5010 | D:7      | 5010 ||| INVOKING Heroism.
  5040 | D:7      | 5040 ||| INVOKING Heroism.
  5062 | D:7      | Reached skill level 6 in Fighting
  5062 | D:7      | Reached XP level 9. HP: 39/55 MP: 12/12
  5232 | D:7      | Reached ** piety under Okawaru
  5562 | D:7      | 5562 ||| READING scroll labelled CATRUA KOAN.
  5563 | D:7      | 5563 ||| READING scroll labelled UTOCAE AVAPSU.
  5564 | D:7      | 5564 ||| READING scroll labelled IVVYEL BAASSI.
  5609 | D:8      | 5609 ||| Stepping ~*~*~tactically~*~*~ (water).
  5619 | D:8      | Reached skill level 9 in Axes
  5670 | D:8      | 5670 ||| Stepping ~*~*~tactically~*~*~ (stealth).
  5675 | D:8      | 5675 ||| Stepping ~*~*~tactically~*~*~ (stealth).
  5729 | D:8      | 5729 ||| INVOKING Heroism.
  5741 | D:8      | 5741 ||| Stepping ~*~*~tactically~*~*~ (water).
  5751 | D:8      | 5751 ||| INVOKING Heroism.
  5979 | D:8      | 5979 ||| Stepping ~*~*~tactically~*~*~ (hiding).
  5980 | D:8      | 5980 ||| INVOKING Heroism.
  6005 | D:8      | 6005 ||| FLEEEEING.
  6006 | D:8      | 6006 ||| STAIRDANCE
  6122 | D:8      | 6122 ||| INVOKING Heroism.
  6172 | D:8      | 6172 ||| INVOKING Heroism.
  6235 | D:8      | 6235 ||| INVOKING Heroism.
  6381 | D:8      | Found a burning altar of Makhleb.
  6390 | D:8      | Found the +1 robe of Vines {NoPotionHeal Regen++++}
  6511 | D:8      | 6511 ||| INVOKING Heroism.
  6615 | D:8      | 6615 ||| UPGRADING to +0 helmet.
  6620 | D:8      | 6620 ||| READING scroll labelled MIGYAQAXZE.
  6633 | D:9      | 6633 ||| STAIRDANCE
  6641 | D:8      | 6641 ||| INVOKING Heroism.
  6712 | D:9      | 6712 ||| STAIRDANCE
  6716 | D:8      | 6716 ||| INVOKING Heroism.
  6847 | D:9      | Reached XP level 10. HP: 43/63 MP: 13/13
  6847 | D:9      | 6847 ||| INVOKING Heroism.
  6944 | D:9      | Reached skill level 6 in Armour
  7061 | D:9      | 7061 ||| Stepping ~*~*~tactically~*~*~ (stealth).
  7063 | D:9      | 7063 ||| Stepping ~*~*~tactically~*~*~ (hiding).
  7099 | D:9      | 7099 ||| Stepping ~*~*~tactically~*~*~ (hiding).
  7107 | D:9      | 7107 ||| Stepping ~*~*~tactically~*~*~ (stealth).
  7156 | D:9      | 7156 ||| FLEEEEING.
  7226 | D:9      | 7226 ||| Stepping ~*~*~tactically~*~*~ (stealth).
  7231 | D:9      | Found a flagged portal.
  7252 | D:9      | 7252 ||| Stepping ~*~*~tactically~*~*~ (hiding).
  7253 | D:9      | 7253 ||| Stepping ~*~*~tactically~*~*~ (hiding).
  7254 | D:9      | 7254 ||| INVOKING Heroism.
  7364 | D:9      | 7364 ||| FLEEEEING.
  7365 | D:9      | 7365 ||| FLEEEEING.
  7366 | D:9      | 7366 ||| FLEEEEING.
  7368 | D:9      | 7368 ||| STAIRDANCE
  7407 | D:8      | 7407 ||| UPGRADING to +2 helmet of see invisible.
  7417 | D:8      | 7417 ||| DROPPING +0 helmet.
  7418 | D:8      | 7418 ||| UPGRADING to +0 kite shield.
  7428 | D:8      | 7428 ||| DROPPING +0 buckler.
  7602 | D:9      | 7602 ||| INVOKING Heroism.
  7684 | D:9      | 7684 ||| Stepping ~*~*~tactically~*~*~ (stealth).
  7686 | D:9      | 7686 ||| Stepping ~*~*~tactically~*~*~ (hiding).
  7695 | D:9      | Reached skill level 6 in Shields
  7728 | D:9      | 7728 ||| INVOKING Heroism.
  7858 | D:9      | 7858 ||| Stepping ~*~*~tactically~*~*~ (stealth).
  7859 | D:9      | 7859 ||| Stepping ~*~*~tactically~*~*~ (stealth).
  7877 | D:9      | 7877 ||| Stepping ~*~*~tactically~*~*~ (stealth).
  7913 | D:9      | 7913 ||| INVOKING Heroism.
  8297 | D:9      | 8297 ||| READING 4 scrolls of identify.
  8297 | D:9      | 8297 ||| IDENTIFYING blue potion
  8298 | D:9      | 8298 ||| READING 3 scrolls of identify.
  8298 | D:9      | 8298 ||| IDENTIFYING sedimented red potion
  8299 | D:9      | 8299 ||| READING 2 scrolls of identify.
  8299 | D:9      | 8299 ||| IDENTIFYING metallic blue potion
  8300 | D:9      | 8300 ||| DROPPING potion of ambrosia.
  8321 | D:10     | Entered Level 10 of the Dungeon
  8355 | D:10     | Noticed an unseen horror
  8373 | D:10     | Killed an unseen horror
  8373 | D:10     | Reached *** piety under Okawaru
  8424 | D:10     | Reached skill level 9 in Shields
  8433 | D:10     | Reached XP level 11. HP: 44/68 MP: 14/14
  8433 | D:10     | 8433 ||| INVOKING Heroism.
  8440 | D:10     | 8440 ||| FLEEEEING.
  8593 | D:10     | 8593 ||| READING scroll of enchant armour.
  8593 | D:10     | 8593 ||| ENCHANTING +2 plate armour.
  8614 | D:10     | Found a staircase to the Lair.
  8736 | D:10     | 8736 ||| INVOKING Heroism.
  8813 | D:10     | Found a staircase to the Orcish Mines.
  8814 | D:10     | 8814 ||| INVOKING Heroism.
  9084 | D:10     | 9084 ||| PLANNING LAIR
  9084 | D:10     | 9084 ||| UPGRADING to amulet of faith.
  9125 | Lair:1   | Entered Level 1 of the Lair of Beasts
  9227 | Lair:1   | 9227 ||| INVOKING Heroism.
  9247 | Lair:1   | Reached **** piety under Okawaru
  9255 | Lair:1   | 9255 ||| INVOKING Heroism.
  9264 | Lair:1   | HP: 10/68 [yak (9)]
  9265 | Lair:1   | 9265 ||| READING 3 scrolls of teleportation.
  9266 | Lair:1   | 9266 ||| DRINKING potion of heal wounds.
  9397 | Lair:1   | 9397 ||| Stepping ~*~*~tactically~*~*~ (stealth).
  9401 | Lair:1   | 9401 ||| Stepping ~*~*~tactically~*~*~ (hiding).
  9421 | Lair:1   | 9421 ||| INVOKING Heroism.
  9442 | Lair:1   | 9442 ||| Stepping ~*~*~tactically~*~*~ (stealth).
  9473 | Lair:1   | 9473 ||| Stepping ~*~*~tactically~*~*~ (stealth).
  9474 | Lair:1   | 9474 ||| Stepping ~*~*~tactically~*~*~ (stealth).
  9477 | Lair:1   | 9477 ||| Stepping ~*~*~tactically~*~*~ (stealth).
  9491 | Lair:1   | 9491 ||| INVOKING Heroism.
  9498 | Lair:1   | Reached ***** piety under Okawaru
  9499 | Lair:1   | Reached skill level 6 in Invocations
  9536 | Lair:1   | 9536 ||| INVOKING Heroism.
  9541 | Lair:1   | Reached skill level 9 in Fighting
  9543 | Lair:1   | 9543 ||| Stepping ~*~*~tactically~*~*~ (stealth).
  9553 | Lair:1   | 9553 ||| Stepping ~*~*~tactically~*~*~ (stealth).
  9554 | Lair:1   | 9554 ||| Stepping ~*~*~tactically~*~*~ (stealth).
  9810 | Lair:1   | 9810 ||| INVOKING Heroism.
  9875 | Lair:1   | 9875 ||| READING scroll of enchant armour.
  9875 | Lair:1   | 9875 ||| ENCHANTING +3 plate armour.
 10138 | Lair:2   | 10138 ||| STAIRDANCE
 10252 | Lair:2   | 10252 ||| STAIRDANCE
 10254 | Lair:1   | 10254 ||| INVOKING Heroism.
 10337 | Lair:2   | 10337 ||| STAIRDANCE
 10347 | Lair:1   | Reached XP level 12. HP: 49/76 MP: 17/17
 10347 | Lair:1   | 10347 ||| INVOKING Heroism.
 10517 | Lair:2   | 10517 ||| INVOKING Heroism.
 10540 | Lair:2   | 10540 ||| Stepping ~*~*~tactically~*~*~ (stealth).
 10541 | Lair:2   | 10541 ||| Stepping ~*~*~tactically~*~*~ (stealth).
 10543 | Lair:2   | 10543 ||| Stepping ~*~*~tactically~*~*~ (stealth).
 10557 | Lair:2   | 10557 ||| FLEEEEING.
 10558 | Lair:2   | 10558 ||| FLEEEEING.
 10559 | Lair:2   | 10559 ||| FLEEEEING.
 10560 | Lair:2   | 10560 ||| STAIRDANCE
 10621 | Lair:2   | Found a hole to the Spider Nest.
 10665 | Lair:2   | 10665 ||| Stepping ~*~*~tactically~*~*~ (stealth).
 10667 | Lair:2   | 10667 ||| Stepping ~*~*~tactically~*~*~ (hiding).
 10764 | Lair:2   | Found a transporter.
 10813 | Lair:2   | Found a transporter.
 10816 | Lair:2   | Noticed a skyshark
 10834 | Lair:2   | Killed a skyshark
 10857 | Lair:2   | Noticed qw's ghost (journeyman MiHu)
 10947 | Lair:2   | 10947 ||| Stepping ~*~*~tactically~*~*~ (stealth).
 10983 | Lair:2   | 10983 ||| INVOKING Heroism.
 10994 | Lair:2   | Identified the +0 robe "Vemanun" {Fly Stlth+} (Okawaru
                  | gifted it to you on level 2 of the Lair of Beasts)
 10994 | Lair:2   | Received a gift from Okawaru
 11130 | Lair:2   | Noticed a five-headed hydra
 11131 | Lair:2   | 11131 ||| Stepping ~*~*~tactically~*~*~ (stealth).
 11133 | Lair:2   | 11133 ||| INVOKING Heroism.
 11134 | Lair:2   | 11134 ||| INVOKING Finesse.
 11137 | Lair:2   | 11137 ||| SWAPPING to +0 flail.
 11145 | Lair:2   | Killed a five-headed hydra
 11146 | Lair:2   | Reached skill level 12 in Axes
 11146 | Lair:2   | 11146 ||| SWAPPING to +1 war axe of protection.
 11187 | Lair:2   | Found a staircase to the Shoals.
 11208 | Lair:2   | 11208 ||| INVOKING Heroism.
 11271 | Lair:2   | 11271 ||| INVOKING Heroism.
 11368 | Lair:2   | 11368 ||| INVOKING Heroism.
 11376 | Lair:2   | Reached skill level 9 in Invocations
 11543 | Lair:2   | 11543 ||| Stepping ~*~*~tactically~*~*~ (stealth).
 11544 | Lair:2   | 11544 ||| Stepping ~*~*~tactically~*~*~ (stealth).
 11766 | Lair:2   | 11766 ||| Stepping ~*~*~tactically~*~*~ (stealth).
 11803 | Lair:2   | Noticed a death yak
 11803 | Lair:2   | Noticed a death yak
 11803 | Lair:2   | Noticed a death yak
 11804 | Lair:2   | 11804 ||| Stepping ~*~*~tactically~*~*~ (stealth).
 11806 | Lair:2   | 11806 ||| Stepping ~*~*~tactically~*~*~ (stealth).
 11807 | Lair:2   | Noticed a death yak
 11808 | Lair:2   | 11808 ||| INVOKING Heroism.
 11820 | Lair:2   | Killed a death yak
 11833 | Lair:2   | Killed a death yak
 11844 | Lair:2   | Killed a death yak
 11846 | Lair:2   | 11846 ||| INVOKING Finesse.
 11861 | Lair:2   | Killed a death yak
 11862 | Lair:2   | Reached XP level 13. HP: 48/82 MP: 15/20
 12164 | Lair:2   | 12164 ||| READING scroll labelled DOXZUR PISOOGA.
 12222 | Lair:3   | 12222 ||| Stepping ~*~*~tactically~*~*~ (hiding).
 12223 | Lair:3   | 12223 ||| Stepping ~*~*~tactically~*~*~ (hiding).
 12224 | Lair:3   | 12224 ||| INVOKING Heroism.
 12225 | Lair:3   | 12225 ||| Stepping ~*~*~tactically~*~*~ (cloud).
 12313 | Lair:3   | 12313 ||| INVOKING Heroism.
 12501 | Lair:3   | 12501 ||| Stepping ~*~*~tactically~*~*~ (hiding).
 12554 | Lair:3   | Noticed Amaemon
 12555 | Lair:3   | 12555 ||| Stepping ~*~*~tactically~*~*~ (hiding).
 12557 | Lair:3   | 12557 ||| Stepping ~*~*~tactically~*~*~ (hiding).
 12558 | Lair:3   | 12558 ||| Stepping ~*~*~tactically~*~*~ (hiding).
 12560 | Lair:3   | 12560 ||| INVOKING Heroism.
 12573 | Lair:3   | Killed Amaemon
 12728 | Lair:3   | Found a blossoming altar of Fedhas.
 12729 | Lair:3   | 12729 ||| Stepping ~*~*~tactically~*~*~ (stealth).
 12730 | Lair:3   | 12730 ||| Stepping ~*~*~tactically~*~*~ (hiding).
 12865 | Lair:3   | Noticed Nergalle
 12866 | Lair:3   | 12866 ||| INVOKING Heroism.
 12881 | Lair:3   | Killed Nergalle
 12881 | Lair:3   | Received a gift from Okawaru
 13238 | Lair:4   | 13238 ||| INVOKING Heroism.
 13438 | Lair:4   | 13438 ||| INVOKING Heroism.
 13441 | Lair:4   | Reached skill level 9 in Armour
 13462 | Lair:4   | Received a gift from Okawaru
 13647 | Lair:4   | 13647 ||| Stepping ~*~*~tactically~*~*~ (stealth).
 13649 | Lair:4   | 13649 ||| Stepping ~*~*~tactically~*~*~ (stealth).
 13651 | Lair:4   | 13651 ||| Stepping ~*~*~tactically~*~*~ (stealth).
 13717 | Lair:4   | Identified the +11 war axe "Yfupiexe" {chaos, Dex+2 Stlth+}
 13719 | Lair:4   | 13719 ||| SWAPPING to +11 war axe "Yfupiexe" {chaos, Dex+2
                  | Stlth+}.
 13746 | Lair:4   | 13746 ||| INVOKING Heroism.
 13747 | Lair:4   | 13747 ||| INVOKING Finesse.
 13748 | Lair:4   | 13748 ||| SWAPPING to +1 demon whip of venom.
 13757 | Lair:4   | Reached skill level 3 in Throwing
 13757 | Lair:4   | 13757 ||| SWAPPING to +11 war axe "Yfupiexe" {chaos, Dex+2
                  | Stlth+}.
 13865 | Lair:4   | 13865 ||| INVOKING Heroism.
 13887 | Lair:4   | 13887 ||| Stepping ~*~*~tactically~*~*~ (hiding).
 13907 | Lair:4   | 13907 ||| READING scroll of enchant armour.
 13907 | Lair:4   | 13907 ||| ENCHANTING +4 plate armour.
 14331 | Lair:4   | 14331 ||| UPGRADING to +0 pair of gloves.
 14336 | Lair:4   | 14336 ||| READING 2 scrolls of identify.
 14336 | Lair:4   | 14336 ||| IDENTIFYING smoky brown potion
 14346 | Lair:5   | Entered Level 5 of the Lair of Beasts
 14419 | Lair:5   | 14419 ||| INVOKING Heroism.
 14420 | Lair:5   | 14420 ||| INVOKING Finesse.
 14421 | Lair:5   | 14421 ||| SWAPPING to +1 demon whip of venom.
 14433 | Lair:5   | 14433 ||| SWAPPING to +11 war axe "Yfupiexe" {chaos, Dex+2
                  | Stlth+}.
 14552 | Lair:5   | 14552 ||| INVOKING Heroism.
 14553 | Lair:5   | Identified the +2 battleaxe "Yczua" {vamp, rN++ Will+ Int-5
                  | Dex+2} (Okawaru gifted it to you on level 5 of the Lair of
                  | Beasts)
 14553 | Lair:5   | Received a gift from Okawaru
 14661 | Lair:5   | 14661 ||| Stepping ~*~*~tactically~*~*~ (stealth).
 14664 | Lair:5   | 14664 ||| INVOKING Heroism.
 14665 | Lair:5   | 14665 ||| INVOKING Finesse.
 14676 | Lair:5   | 14676 ||| SWAPPING to +1 demon whip of venom.
 14681 | Lair:5   | 14681 ||| SWAPPING to +11 war axe "Yfupiexe" {chaos, Dex+2
                  | Stlth+}.
 14741 | Lair:5   | 14741 ||| INVOKING Heroism.
 14742 | Lair:5   | 14742 ||| INVOKING Finesse.
 14748 | Lair:5   | 14748 ||| SWAPPING to +1 demon whip of venom.
 14751 | Lair:5   | Gained mutation: Your large and strong wings let you fly.
                  | [Gargoyle growth]
 14751 | Lair:5   | Reached XP level 14. HP: 88/88 MP: 14/21
 14751 | Lair:5   | 14751 ||| SWAPPING to +11 war axe "Yfupiexe" {chaos, Dex+2
                  | Stlth+}.
 14976 | Lair:5   | 14976 ||| INVOKING Heroism.
 15014 | Lair:5   | 15014 ||| INVOKING Finesse.
 15015 | Lair:5   | 15015 ||| INVOKING Finesse.
 15136 | Lair:5   | 15136 ||| Stepping ~*~*~tactically~*~*~ (stealth).
 15137 | Lair:5   | 15137 ||| Stepping ~*~*~tactically~*~*~ (stealth).
 15149 | Lair:5   | Received a gift from Okawaru
 15181 | Lair:5   | 15181 ||| SWAPPING to +3 broad axe of freezing.
 15182 | Lair:5   | 15182 ||| DROPPING +4 war axe of freezing.
 15183 | Lair:5   | 15183 ||| DROPPING +11 war axe "Yfupiexe" {chaos, Dex+2
                  | Stlth+}.
 15184 | Lair:5   | 15184 ||| DROPPING +1 war axe of protection.
 15227 | Lair:5   | 15227 ||| INVOKING Heroism.
 15228 | Lair:5   | 15228 ||| INVOKING Finesse.
 15240 | Lair:5   | Reached skill level 12 in Shields
 15263 | Lair:5   | 15263 ||| Stepping ~*~*~tactically~*~*~ (stealth).
 15294 | Lair:5   | 15294 ||| INVOKING Heroism.
 15295 | Lair:5   | 15295 ||| INVOKING Finesse.
 15378 | Lair:5   | 15378 ||| INVOKING Heroism.
 15469 | Lair:5   | Found a viscous altar of Jiyva.
 15469 | Lair:5   | Found a staircase to the Slime Pits.
 15494 | Lair:5   | 15494 ||| Stepping ~*~*~tactically~*~*~ (stealth).
 15495 | Lair:5   | 15495 ||| Stepping ~*~*~tactically~*~*~ (stealth).
 15720 | Lair:5   | 15720 ||| PLANNING D:1-11
 15720 | Lair:5   | 15720 ||| READING scroll labelled OZXUKKAOMUUC.
 15904 | D:11     | 15904 ||| READING scroll labelled CUURAU SEPIFYX.
 15921 | D:11     | 15921 ||| DRINKING 3 potions of curing.
 15921 | D:11     | 15921 ||| (to cure confusion)
 15927 | D:11     | Reached skill level 6 in Throwing
 15933 | D:11     | 15933 ||| INVOKING Heroism.
 15934 | D:11     | 15934 ||| INVOKING Finesse.
 15941 | D:11     | Identified the +7 battleaxe of the Eternal Warrior {holy,
                  | rPois MP+9 Dex+3} (Okawaru gifted it to you on level 11 of
                  | the Dungeon)
 15941 | D:11     | Received a gift from Okawaru
 16106 | D:11     | Noticed Harold
 16107 | D:11     | 16107 ||| Stepping ~*~*~tactically~*~*~ (hiding).
 16119 | D:11     | Killed Harold
 16148 | D:11     | 16148 ||| INVOKING Heroism.
 16203 | D:11     | 16203 ||| INVOKING Heroism.
 16369 | D:11     | Identified the +1 ring mail of Laih Qou {rElec rPois rCorr
                  | Dex-2}
 16439 | D:11     | 16439 ||| Stepping ~*~*~tactically~*~*~ (stealth).
 16517 | D:11     | 16517 ||| Stepping ~*~*~tactically~*~*~ (stealth).
 16521 | D:11     | Noticed Erolcha
 16522 | D:11     | 16522 ||| Stepping ~*~*~tactically~*~*~ (hiding).
 16523 | D:11     | 16523 ||| Stepping ~*~*~tactically~*~*~ (hiding).
 16527 | D:11     | 16527 ||| Stepping ~*~*~tactically~*~*~ (hiding).
 16528 | D:11     | 16528 ||| Stepping ~*~*~tactically~*~*~ (hiding).
 16531 | D:11     | 16531 ||| INVOKING Heroism.
 16542 | D:11     | Killed Erolcha
 16766 | D:11     | 16766 ||| PLANNING D
 16837 | D:12     | 16837 ||| INVOKING Heroism.
 16841 | D:12     | Reached skill level 15 in Axes
 16960 | D:12     | 16960 ||| INVOKING Heroism.
 16961 | D:12     | 16961 ||| INVOKING Finesse.
 16963 | D:12     | 16963 ||| SWAPPING to +1 demon whip of venom.
 16968 | D:12     | 16968 ||| SWAPPING to +3 broad axe of freezing.
 17296 | D:12     | 17296 ||| Stepping ~*~*~tactically~*~*~ (hiding).
 17331 | D:12     | 17331 ||| Stepping ~*~*~tactically~*~*~ (hiding).
 17413 | D:12     | 17413 ||| Stepping ~*~*~tactically~*~*~ (hiding).
 17414 | D:12     | 17414 ||| Stepping ~*~*~tactically~*~*~ (hiding).
 17415 | D:12     | 17415 ||| Stepping ~*~*~tactically~*~*~ (hiding).
 17417 | D:12     | 17417 ||| Stepping ~*~*~tactically~*~*~ (hiding).
 17422 | D:12     | Reached XP level 15. HP: 96/96 MP: 22/22
 17653 | D:12     | 17653 ||| READING scroll of enchant weapon.
 17653 | D:12     | 17653 ||| ENCHANTING +3 broad axe of freezing.
 17842 | D:12     | Reached skill level 12 in Fighting
 18013 | D:12     | 18013 ||| DROPPING +1 ring mail of Laih Qou {rElec rPois
                  | rCorr Dex-2}.
 18105 | D:13     | 18105 ||| Stepping ~*~*~tactically~*~*~ (stealth).
 18109 | D:13     | 18109 ||| Stepping ~*~*~tactically~*~*~ (hiding).
 18111 | D:13     | 18111 ||| Stepping ~*~*~tactically~*~*~ (hiding).
 18114 | D:13     | 18114 ||| INVOKING Heroism.
 18124 | D:13     | Received a gift from Okawaru
 18141 | D:13     | 18141 ||| INVOKING Finesse.
 18143 | D:13     | 18143 ||| Stepping ~*~*~tactically~*~*~ (hiding).
 18192 | D:13     | Identified the staff of cold "Jeku" {rC+ Int+4}
 18265 | D:13     | 18265 ||| Stepping ~*~*~tactically~*~*~ (hiding).
 18271 | D:13     | 18271 ||| Stepping ~*~*~tactically~*~*~ (hiding).
 18272 | D:13     | 18272 ||| Stepping ~*~*~tactically~*~*~ (hiding).
 18273 | D:13     | 18273 ||| Stepping ~*~*~tactically~*~*~ (hiding).
 18274 | D:13     | 18274 ||| Stepping ~*~*~tactically~*~*~ (hiding).
 18282 | D:13     | Received a gift from Okawaru
 18282 | D:13     | Found the +2 shield of Resistance {rF++ rC++ Will++}
 18346 | D:13     | 18346 ||| UPGRADING to +2 shield of Resistance {rF++ rC++
                  | Will++}.
 18356 | D:13     | 18356 ||| DROPPING +0 kite shield.
 18490 | D:13     | Found a gate to the Vaults.
 18527 | D:13     | 18527 ||| INVOKING Heroism.
 18528 | D:13     | 18528 ||| INVOKING Finesse.
 18537 | D:13     | 18537 ||| SWAPPING to +1 demon whip of venom.
 18540 | D:13     | 18540 ||| SWAPPING to +4 broad axe of freezing.
 19153 | D:14     | 19153 ||| INVOKING Heroism.
 19410 | D:14     | 19410 ||| Stepping ~*~*~tactically~*~*~ (stealth).
 19412 | D:14     | 19412 ||| Stepping ~*~*~tactically~*~*~ (stealth).
 19414 | D:14     | 19414 ||| Stepping ~*~*~tactically~*~*~ (stealth).
 19416 | D:14     | 19416 ||| Stepping ~*~*~tactically~*~*~ (stealth).
 19417 | D:14     | 19417 ||| INVOKING Heroism.
 19430 | D:14     | 19430 ||| SWAPPING to +1 demon whip of venom.
 19449 | D:14     | 19449 ||| SWAPPING to +4 broad axe of freezing.
 19660 | D:14     | 19660 ||| INVOKING Heroism.
 19676 | D:14     | 19676 ||| Stepping ~*~*~tactically~*~*~ (hiding).
 19679 | D:14     | 19679 ||| INVOKING Heroism.
 19685 | D:14     | 19685 ||| FLEEEEING.
 19701 | D:14     | 19701 ||| INVOKING Heroism.
 19940 | D:14     | 19940 ||| Stepping ~*~*~tactically~*~*~ (hiding).
 20121 | D:14     | 20121 ||| UPGRADING to +4 ring of protection.
 20122 | D:14     | 20122 ||| UPGRADING to +4 ring of slaying {mikee}.
 20128 | D:15     | Entered Level 15 of the Dungeon
 20142 | D:15     | 20142 ||| Stepping ~*~*~tactically~*~*~ (hiding).
 20282 | D:15     | 20282 ||| Stepping ~*~*~tactically~*~*~ (hiding).
 20385 | D:15     | 20385 ||| INVOKING Heroism.
 20397 | D:15     | Received a gift from Okawaru
 20534 | D:15     | Found a burning altar of Makhleb.
 20539 | D:15     | 20539 ||| Stepping ~*~*~tactically~*~*~ (stealth).
 20719 | D:15     | 20719 ||| Stepping ~*~*~tactically~*~*~ (hiding).
 20976 | D:15     | 20976 ||| Stepping ~*~*~tactically~*~*~ (hiding).
 20977 | D:15     | 20977 ||| Stepping ~*~*~tactically~*~*~ (hiding).
 21024 | D:15     | 21024 ||| Stepping ~*~*~tactically~*~*~ (hiding).
 21026 | D:15     | 21026 ||| Stepping ~*~*~tactically~*~*~ (hiding).
 21036 | D:15     | Identified the +0 double sword "Wimiud" {freeze, rCorr}
                  | (Okawaru gifted it to you on level 15 of the Dungeon)
 21036 | D:15     | Received a gift from Okawaru
 21047 | D:15     | 21047 ||| Stepping ~*~*~tactically~*~*~ (stealth).
 21049 | D:15     | 21049 ||| INVOKING Heroism.
 21050 | D:15     | 21050 ||| Stepping ~*~*~tactically~*~*~ (stealth).
 21105 | D:15     | Found a staircase to the Depths.
 21523 | D:15     | 21523 ||| PLANNING ORC
 21642 | Orc:1    | Entered Level 1 of the Orcish Mines
 21663 | Orc:1    | 21663 ||| INVOKING Heroism.
 21730 | Orc:1    | 21730 ||| Stepping ~*~*~tactically~*~*~ (stealth).
 21732 | Orc:1    | 21732 ||| INVOKING Heroism.
 21736 | Orc:1    | Reached XP level 16. HP: 101/101 MP: 20/23
 21750 | Orc:1    | Found a transporter.
 21817 | Orc:1    | Found a one-way gate to the infinite horrors of the Abyss.
 21817 | Orc:1    | Noticed burt's ghost (journeyman DrCj)
 21818 | Orc:1    | Found a transporter.
 22180 | Orc:1    | 22180 ||| Stepping ~*~*~tactically~*~*~ (stealth).
 22278 | Orc:2    | Entered Level 2 of the Orcish Mines
 22343 | Orc:2    | 22343 ||| INVOKING Heroism.
 22366 | Orc:2    | Received a gift from Okawaru
 22385 | Orc:2    | Found Ythreythe's Jewellery Boutique.
 22386 | Orc:2    | Found Bohisep's Weapon Boutique.
 22388 | Orc:2    | 22388 ||| INVOKING Heroism.
 22394 | Orc:2    | Reached skill level 3 in Dodging
 22413 | Orc:2    | HP: 22/104 [orc warrior/+0 halberd[an orc knight] (11)]
 22414 | Orc:2    | 22414 ||| READING 9 scrolls of teleportation.
 22415 | Orc:2    | 22415 ||| DRINKING 2 potions of heal wounds.
 22430 | Orc:2    | 22430 ||| Stepping ~*~*~tactically~*~*~ (hiding).
 22623 | Orc:2    | Found Nealemo's Jewellery Emporium.
 22626 | Orc:2    | 22626 ||| BUYING +0 morningstar (40 gold).
 22626 | Orc:2    | Bought a +0 morningstar for 40 gold pieces
 22626 | Orc:2    | 22626 ||| DROPPING +0 flail.
 22627 | Orc:2    | 22627 ||| DROPPING +1 whip "Orb Guardian's Curse" {heavy,
                  | rF++ Will-}.
 22630 | Orc:2    | Found Togeym's Assorted Antiques.
 22639 | Orc:2    | 22639 ||| BUYING grey potion (24 gold).
 22639 | Orc:2    | Bought a grey potion for 24 gold pieces
 22639 | Orc:2    | 22639 ||| BUYING scroll of identify (54 gold).
 22639 | Orc:2    | Bought a scroll of identify for 54 gold pieces
 22639 | Orc:2    | 22639 ||| BUYING warped helmet (256 gold).
 22639 | Orc:2    | Bought a warped helmet for 256 gold pieces
 22639 | Orc:2    | Identified the +2 helmet "Beppapp" {rPois} (You bought it
                  | in a shop on level 2 of the Orcish Mines)
 22644 | Orc:2    | 22644 ||| BUYING amulet of guardian spirit (360 gold).
 22644 | Orc:2    | Bought an amulet of guardian spirit for 360 gold pieces
 22644 | Orc:2    | 22644 ||| BUYING amulet of regeneration (360 gold).
 22644 | Orc:2    | Bought an amulet of regeneration for 360 gold pieces
 22644 | Orc:2    | 22644 ||| BUYING ring "Imaghill" {AC+4 Str+2} (566 gold).
 22644 | Orc:2    | Bought the ring "Imaghill" {AC+4 Str+2} for 566 gold pieces
 22644 | Orc:2    | 22644 ||| SHOPLISTING ring of protection from cold (300
                  | gold, have 156).
 22653 | Orc:2    | 22653 ||| SHOPLISTING +5 ring of evasion (360 gold, have
                  | 190).
 22653 | Orc:2    | 22653 ||| SHOPLISTING ring of fire (250 gold, have 190).
 22653 | Orc:2    | 22653 ||| SHOPLISTING ring of protection from fire (250
                  | gold, have 190).
 22653 | Orc:2    | 22653 ||| SHOPLISTING ring of resist corrosion (200 gold,
                  | have 190).
 22659 | Orc:2    | 22659 ||| INVOKING Heroism.
 22745 | Orc:2    | 22745 ||| INVOKING Heroism.
 22747 | Orc:2    | Found a dark tunnel.
 22913 | Orc:2    | Found a runed translucent door.
 22913 | Orc:2    | Found a shimmering altar of Xom.
 22913 | Orc:2    | Noticed qw's ghost (adept GrFi)
 23019 | Orc:2    | Found a staircase to the Elven Halls.
 23137 | Orc:2    | 23137 ||| PLANNING SHOALS:1-3
 23137 | Orc:2    | 23137 ||| DROPPING +2 helmet "Beppapp" {rPois}.
 23138 | Orc:2    | 23138 ||| UPGRADING to scarf of repulsion.
 23143 | Orc:2    | 23143 ||| DROPPING amulet of guardian spirit.
 23144 | Orc:2    | 23144 ||| UPGRADING to ring "Imaghill" {AC+4 Str+2}.
 23146 | Orc:2    | 23146 ||| DROPPING +4 ring of protection.
 23147 | Orc:2    | 23147 ||| READING 5 scrolls of identify.
 23147 | Orc:2    | 23147 ||| IDENTIFYING grey potion
 23148 | Orc:2    | 23148 ||| DROPPING potion of berserk rage.
 23280 | Shoals:1 | Entered Level 1 of the Shoals
 23293 | Shoals:1 | 23293 ||| INVOKING Heroism.
 23300 | Shoals:1 | 23300 ||| INVOKING Finesse.
 23346 | Shoals:1 | 23346 ||| Stepping ~*~*~tactically~*~*~ (stealth).
 23358 | Shoals:1 | 23358 ||| INVOKING Heroism.
 23646 | Shoals:1 | Found the +9 sword of Zonguldrok {reap}
 23738 | Shoals:1 | Noticed Mlioglotl
 23739 | Shoals:1 | 23739 ||| INVOKING Heroism.
 23745 | Shoals:1 | 23745 ||| INVOKING Finesse.
 23754 | Shoals:1 | Killed Mlioglotl
 23907 | Shoals:1 | Reached skill level 18 in Axes
 23985 | Shoals:1 | 23985 ||| Stepping ~*~*~tactically~*~*~ (hiding).
 23987 | Shoals:1 | 23987 ||| Stepping ~*~*~tactically~*~*~ (hiding).
 23988 | Shoals:1 | 23988 ||| Stepping ~*~*~tactically~*~*~ (hiding).
 23989 | Shoals:1 | 23989 ||| Stepping ~*~*~tactically~*~*~ (hiding).
 23993 | Shoals:1 | 23993 ||| INVOKING Heroism.
 24022 | Shoals:1 | Noticed a kraken
 24038 | Shoals:1 | Killed a kraken
 24326 | Shoals:2 | 24326 ||| Stepping ~*~*~tactically~*~*~ (hiding).
 24408 | Shoals:2 | 24408 ||| Stepping ~*~*~tactically~*~*~ (hiding).
 24424 | Shoals:2 | 24424 ||| Stepping ~*~*~tactically~*~*~ (stealth).
 24425 | Shoals:2 | 24425 ||| Stepping ~*~*~tactically~*~*~ (stealth).
 24426 | Shoals:2 | 24426 ||| INVOKING Heroism.
 24443 | Shoals:2 | Received a gift from Okawaru
 24602 | Shoals:2 | 24602 ||| INVOKING Heroism.
 24642 | Shoals:2 | Reached skill level 12 in Armour
 24646 | Shoals:2 | 24646 ||| Stepping ~*~*~tactically~*~*~ (hiding).
 24771 | Shoals:2 | 24771 ||| FLEEEEING.
 24772 | Shoals:2 | 24772 ||| FLEEEEING.
 24773 | Shoals:2 | 24773 ||| FLEEEEING.
 24775 | Shoals:2 | 24775 ||| FLEEEEING.
 24776 | Shoals:2 | 24776 ||| FLEEEEING.
 24777 | Shoals:2 | 24777 ||| FLEEEEING.
 24778 | Shoals:2 | 24778 ||| FLEEEEING.
 24780 | Shoals:2 | 24780 ||| FLEEEEING.
 24781 | Shoals:2 | 24781 ||| FLEEEEING.
 24782 | Shoals:2 | 24782 ||| FLEEEEING.
 24783 | Shoals:2 | 24783 ||| FLEEEEING.
 24784 | Shoals:2 | 24784 ||| FLEEEEING.
 24785 | Shoals:2 | 24785 ||| FLEEEEING.
 24786 | Shoals:2 | 24786 ||| FLEEEEING.
 24787 | Shoals:2 | 24787 ||| FLEEEEING.
 24788 | Shoals:2 | 24788 ||| FLEEEEING.
 24789 | Shoals:2 | 24789 ||| FLEEEEING.
 24790 | Shoals:2 | 24790 ||| FLEEEEING.
 24791 | Shoals:2 | 24791 ||| FLEEEEING.
 24792 | Shoals:2 | 24792 ||| STAIRDANCE
 24860 | Shoals:2 | 24860 ||| Stepping ~*~*~tactically~*~*~ (hiding).
 24873 | Shoals:2 | 24873 ||| Stepping ~*~*~tactically~*~*~ (hiding).
 25019 | Shoals:2 | 25019 ||| READING scroll of brand weapon.
 25019 | Shoals:2 | 25019 ||| BRANDING +4 broad axe of freezing.
 25032 | Shoals:2 | 25032 ||| READING scroll of enchant weapon.
 25032 | Shoals:2 | 25032 ||| ENCHANTING +4 spectral broad axe.
 25445 | Shoals:3 | 25445 ||| Stepping ~*~*~tactically~*~*~ (hiding).
 25452 | Shoals:3 | 25452 ||| INVOKING Heroism.
 25453 | Shoals:3 | 25453 ||| INVOKING Finesse.
 25704 | Shoals:3 | Received a gift from Okawaru
 25707 | Shoals:3 | Reached XP level 17. HP: 101/109 MP: 24/24
 25747 | Shoals:3 | Noticed Polyphemus
 25748 | Shoals:3 | 25748 ||| Stepping ~*~*~tactically~*~*~ (stealth).
 25750 | Shoals:3 | 25750 ||| INVOKING Heroism.
 25751 | Shoals:3 | 25751 ||| INVOKING Finesse.
 25758 | Shoals:3 | 25758 ||| Stepping ~*~*~tactically~*~*~ (hiding).
 25759 | Shoals:3 | 25759 ||| Stepping ~*~*~tactically~*~*~ (hiding).
 25767 | Shoals:3 | Killed Polyphemus
 25893 | Shoals:3 | 25893 ||| Stepping ~*~*~tactically~*~*~ (stealth).
 25895 | Shoals:3 | 25895 ||| Stepping ~*~*~tactically~*~*~ (stealth).
 25897 | Shoals:3 | Noticed Ilsuiw
 25897 | Shoals:3 | 25897 ||| Stepping ~*~*~tactically~*~*~ (stealth).
 25899 | Shoals:3 | 25899 ||| Stepping ~*~*~tactically~*~*~ (hiding).
 25901 | Shoals:3 | 25901 ||| INVOKING Heroism.
 25911 | Shoals:3 | Received a gift from Okawaru
 25916 | Shoals:3 | 25916 ||| Stepping ~*~*~tactically~*~*~ (hiding).
 25917 | Shoals:3 | 25917 ||| Stepping ~*~*~tactically~*~*~ (hiding).
 25918 | Shoals:3 | 25918 ||| Stepping ~*~*~tactically~*~*~ (hiding).
 25921 | Shoals:3 | 25921 ||| Stepping ~*~*~tactically~*~*~ (hiding).
 25933 | Shoals:3 | Killed Ilsuiw
 25969 | Shoals:3 | Noticed a kraken
 25975 | Shoals:3 | Killed a kraken
 26416 | Shoals:3 | 26416 ||| PLANNING SPIDER:1-3
 26416 | Shoals:3 | 26416 ||| READING scroll labelled RAPUDD JAUGOW.
 26416 | Shoals:3 | Identified a scroll of acquirement
 26529 | Spider:1 | Entered Level 1 of the Spider Nest
 26530 | Spider:1 | 26530 ||| READING scroll of acquirement.
 26530 | Spider:1 | 26530 ||| ACQUIRING +3 pair of mountain boots {steadfast,
                  | rC+}
 26530 | Spider:1 | Acquired the +3 pair of mountain boots {steadfast, rC+}
 26530 | Spider:1 | Found the +3 pair of mountain boots {steadfast, rC+}
 26532 | Spider:1 | 26532 ||| UPGRADING to +3 pair of mountain boots
                  | {steadfast, rC+}.
 26541 | Spider:1 | 26541 ||| INVOKING Heroism.
 26546 | Spider:1 | 26546 ||| Stepping ~*~*~tactically~*~*~ (stealth).
 26559 | Spider:1 | 26559 ||| Stepping ~*~*~tactically~*~*~ (stealth).
 26601 | Spider:1 | Noticed Louise
 26606 | Spider:1 | Killed Louise
 26610 | Spider:1 | 26610 ||| DROPPING +0 morningstar.
 26853 | Spider:1 | 26853 ||| DRINKING 6 potions of curing.
 26853 | Spider:1 | 26853 ||| (to cure confusion)
 26857 | Spider:1 | 26857 ||| INVOKING Heroism.
 26860 | Spider:1 | 26860 ||| Stepping ~*~*~tactically~*~*~ (stealth).
 26889 | Spider:1 | 26889 ||| Stepping ~*~*~tactically~*~*~ (stealth).
 26890 | Spider:1 | 26890 ||| Stepping ~*~*~tactically~*~*~ (hiding).
 26900 | Spider:1 | 26900 ||| INVOKING Heroism.
 27094 | Spider:1 | 27094 ||| Stepping ~*~*~tactically~*~*~ (hiding).
 27216 | Spider:1 | 27216 ||| DRINKING 5 potions of curing.
 27216 | Spider:1 | 27216 ||| (to cure confusion)
 27262 | Spider:1 | Noticed Donald
 27263 | Spider:1 | 27263 ||| INVOKING Heroism.
 27264 | Spider:1 | 27264 ||| INVOKING Finesse.
 27270 | Spider:1 | Killed Donald
 27309 | Spider:1 | 27309 ||| SWAPPING to +2 vampiric broad axe.
 27506 | Spider:1 | 27506 ||| Stepping ~*~*~tactically~*~*~ (stealth).
 27508 | Spider:1 | 27508 ||| Stepping ~*~*~tactically~*~*~ (hiding).
 27514 | Spider:1 | Received a gift from Okawaru
 27523 | Spider:1 | Reached skill level 15 in Fighting
 27654 | Spider:1 | 27654 ||| READING 6 scrolls of identify.
 27654 | Spider:1 | 27654 ||| IDENTIFYING sedimented inky potion
 27680 | Spider:2 | 27680 ||| FLEEEEING.
 27681 | Spider:2 | 27681 ||| FLEEEEING.
 27682 | Spider:2 | 27682 ||| FLEEEEING.
 27683 | Spider:2 | 27683 ||| FLEEEEING.
 27696 | Spider:2 | 27696 ||| Stepping ~*~*~tactically~*~*~ (stealth).
 27706 | Spider:2 | 27706 ||| Stepping ~*~*~tactically~*~*~ (hiding).
 27709 | Spider:2 | 27709 ||| INVOKING Finesse.
 27812 | Spider:2 | 27812 ||| INVOKING Finesse.
 27926 | Spider:2 | 27926 ||| Stepping ~*~*~tactically~*~*~ (hiding).
 28099 | Spider:2 | Received a gift from Okawaru
 28214 | Spider:2 | 28214 ||| Stepping ~*~*~tactically~*~*~ (hiding).
 28218 | Spider:2 | 28218 ||| INVOKING Finesse.
 28266 | Spider:2 | 28266 ||| Stepping ~*~*~tactically~*~*~ (hiding).
 28379 | Spider:2 | 28379 ||| Stepping ~*~*~tactically~*~*~ (stealth).
 28529 | Spider:2 | 28529 ||| INVOKING Heroism.
 28680 | Spider:2 | 28680 ||| INVOKING Heroism.
 28681 | Spider:2 | 28681 ||| INVOKING Finesse.
 28686 | Spider:2 | 28686 ||| Stepping ~*~*~tactically~*~*~ (cloud).
 28814 | Spider:3 | 28814 ||| Stepping ~*~*~tactically~*~*~ (hiding).
 28815 | Spider:3 | 28815 ||| INVOKING Finesse.
 28896 | Spider:3 | 28896 ||| Stepping ~*~*~tactically~*~*~ (stealth).
 28976 | Spider:3 | Identified the +8 trident "Veimupho" {spect, rF++ Int+3}
 29058 | Spider:3 | 29058 ||| INVOKING Finesse.
 29078 | Spider:3 | Received a gift from Okawaru
 29079 | Spider:3 | Reached skill level 15 in Shields
 29234 | Spider:3 | 29234 ||| INVOKING Heroism.
 29422 | Spider:3 | 29422 ||| PLANNING SHOALS:4
 29422 | Spider:3 | 29422 ||| DROPPING +2 hat of see invisible.
 29582 | Shoals:4 | Entered Level 4 of the Shoals
 29589 | Shoals:4 | 29589 ||| STAIRDANCE
 29666 | Shoals:4 | Reached XP level 18. HP: 119/119 MP: 25/25
 29667 | Shoals:4 | 29667 ||| STAIRDANCE
 29675 | Shoals:3 | 29675 ||| DROPPING +1 demon whip of venom.
 29676 | Shoals:3 | 29676 ||| DROPPING +8 morningstar of flaming.
 29680 | Shoals:4 | Received a gift from Okawaru
 29717 | Shoals:4 | 29717 ||| INVOKING Heroism.
 29871 | Shoals:4 | 29871 ||| Stepping ~*~*~tactically~*~*~ (hiding).
 29873 | Shoals:4 | 29873 ||| INVOKING Heroism.
 29903 | Shoals:4 | Found Ruisunke's Book Shoppe.
 29934 | Shoals:4 | 29934 ||| Stepping ~*~*~tactically~*~*~ (hiding).
 29937 | Shoals:4 | 29937 ||| INVOKING Heroism.
 29947 | Shoals:4 | 29947 ||| Stepping ~*~*~tactically~*~*~ (hiding).
 30070 | Shoals:4 | 30070 ||| Stepping ~*~*~tactically~*~*~ (hiding).
 30074 | Shoals:4 | 30074 ||| INVOKING Heroism.
 30075 | Shoals:4 | 30075 ||| INVOKING Finesse.
 30151 | Shoals:4 | 30151 ||| Stepping ~*~*~tactically~*~*~ (hiding).
 30152 | Shoals:4 | 30152 ||| Stepping ~*~*~tactically~*~*~ (hiding).
 30262 | Shoals:4 | 30262 ||| Stepping ~*~*~tactically~*~*~ (hiding).
 30263 | Shoals:4 | 30263 ||| INVOKING Heroism.
 30322 | Shoals:4 | 30322 ||| Stepping ~*~*~tactically~*~*~ (hiding).
 30323 | Shoals:4 | 30323 ||| Stepping ~*~*~tactically~*~*~ (hiding).
 30370 | Shoals:4 | 30370 ||| Stepping ~*~*~tactically~*~*~ (hiding).
 30371 | Shoals:4 | 30371 ||| Stepping ~*~*~tactically~*~*~ (hiding).
 30374 | Shoals:4 | 30374 ||| INVOKING Heroism.
 30375 | Shoals:4 | 30375 ||| INVOKING Finesse.
 30624 | Shoals:4 | 30624 ||| Stepping ~*~*~tactically~*~*~ (hiding).
 30625 | Shoals:4 | 30625 ||| Stepping ~*~*~tactically~*~*~ (hiding).
 30832 | Shoals:4 | 30832 ||| INVOKING Heroism.
 30837 | Shoals:4 | Reached skill level 9 in Throwing
 30951 | Shoals:4 | Got a barnacled rune of Zot
 30992 | Shoals:4 | 30992 ||| PLANNING VAULTS:1-4
 31212 | Vaults:1 | Entered Level 1 of the Vaults
 31222 | Vaults:1 | 31222 ||| Stepping ~*~*~tactically~*~*~ (hiding).
 31365 | Vaults:1 | Received a gift from Okawaru
 31414 | Vaults:1 | 31414 ||| INVOKING Finesse.
 31471 | Vaults:1 | 31471 ||| Stepping ~*~*~tactically~*~*~ (hiding).
 31516 | Vaults:1 | 31516 ||| Stepping ~*~*~tactically~*~*~ (stealth).
 31517 | Vaults:1 | 31517 ||| Stepping ~*~*~tactically~*~*~ (stealth).
 31519 | Vaults:1 | 31519 ||| Stepping ~*~*~tactically~*~*~ (hiding).
 31593 | Vaults:1 | 31593 ||| Stepping ~*~*~tactically~*~*~ (hiding).
 31613 | Vaults:1 | Received a gift from Okawaru
 31629 | Vaults:1 | Reached skill level 15 in Armour
 31842 | Vaults:1 | Received a gift from Okawaru
 31865 | Vaults:1 | 31865 ||| INVOKING Heroism.
 31890 | Vaults:1 | Received a gift from Okawaru
 31895 | Vaults:1 | 31895 ||| INVOKING Heroism.
 31928 | Vaults:1 | Identified the +0 plate armour of the Impish Grue {rN+}
                  | (Okawaru gifted it to you on level 1 of the Vaults)
 31928 | Vaults:1 | Received a gift from Okawaru
 32002 | Vaults:1 | 32002 ||| Stepping ~*~*~tactically~*~*~ (stealth).
 32097 | Vaults:1 | 32097 ||| INVOKING Heroism.
 32098 | Vaults:1 | 32098 ||| INVOKING Finesse.
 32262 | Vaults:1 | Noticed a lich
 32263 | Vaults:1 | 32263 ||| INVOKING Heroism.
 32264 | Vaults:1 | 32264 ||| INVOKING Finesse.
 32274 | Vaults:1 | Killed a lich
 32275 | Vaults:1 | Reached XP level 19. HP: 84/128 MP: 19/26
 32361 | Vaults:1 | 32361 ||| READING scroll of enchant armour.
 32361 | Vaults:1 | 32361 ||| ENCHANTING +0 pair of gloves.
 32585 | Vaults:1 | 32585 ||| FLEEEEING.
 32938 | Vaults:1 | 32938 ||| DROPPING +0 plate armour of the Impish Grue
                  | {rN+}.
 33091 | Vaults:2 | 33091 ||| INVOKING Heroism.
 33174 | Vaults:2 | 33174 ||| Stepping ~*~*~tactically~*~*~ (hiding).
 33307 | Vaults:2 | 33307 ||| Stepping ~*~*~tactically~*~*~ (hiding).
 33510 | Vaults:2 | 33510 ||| Stepping ~*~*~tactically~*~*~ (stealth).
 33516 | Vaults:2 | 33516 ||| Stepping ~*~*~tactically~*~*~ (stealth).
 33594 | Vaults:2 | 33594 ||| INVOKING Heroism.
 33688 | Vaults:2 | Received a gift from Okawaru
 33721 | Vaults:2 | 33721 ||| Stepping ~*~*~tactically~*~*~ (hiding).
 33723 | Vaults:2 | 33723 ||| Stepping ~*~*~tactically~*~*~ (hiding).
 33740 | Vaults:2 | 33740 ||| INVOKING Heroism.
 33823 | Vaults:2 | 33823 ||| READING scroll of enchant armour.
 33823 | Vaults:2 | 33823 ||| ENCHANTING +1 pair of gloves.
 33954 | Vaults:2 | 33954 ||| Stepping ~*~*~tactically~*~*~ (hiding).
 33969 | Vaults:2 | Received a gift from Okawaru
 34059 | Vaults:2 | 34059 ||| INVOKING Heroism.
 34187 | Vaults:2 | Found a staircase to the Crypt.
 34195 | Vaults:2 | Found Posoterch's Jewellery Shop.
 34203 | Vaults:2 | 34203 ||| BUYING +5 ring of evasion (504 gold).
 34203 | Vaults:2 | Bought a +5 ring of evasion for 504 gold pieces
 34203 | Vaults:2 | 34203 ||| SHOPLISTING amulet "Susaud" {Reflect Rampage rN+
                  | MP+9 SH+5} (841 gold, have 498).
 34203 | Vaults:2 | 34203 ||| BUYING amulet of reflection (420 gold).
 34203 | Vaults:2 | Bought an amulet of reflection for 420 gold pieces
 34203 | Vaults:2 | 34203 ||| SHOPLISTING ring of protection from fire (350
                  | gold, have 78).
 34203 | Vaults:2 | 34203 ||| SHOPLISTING ring of resist corrosion (280 gold,
                  | have 78).
 34203 | Vaults:2 | 34203 ||| SHOPLISTING ring of the Octopus King {HP+2 MP+9
                  | AC+2 EV+2 SH+2} (789 gold, have 78).
 34402 | Vaults:2 | 34402 ||| DROPPING amulet of regeneration.
 34403 | Vaults:2 | 34403 ||| UPGRADING to +5 ring of evasion.
 34405 | Vaults:2 | 34405 ||| DROPPING +4 ring of slaying {mikee}.
 34448 | Vaults:3 | Received a gift from Okawaru
 34565 | Vaults:3 | 34565 ||| INVOKING Heroism.
 34574 | Vaults:3 | Reached skill level 18 in Fighting
 34584 | Vaults:3 | 34584 ||| INVOKING Finesse.
 34592 | Vaults:3 | Received a gift from Okawaru
 34631 | Vaults:3 | 34631 ||| INVOKING Heroism.
 34691 | Vaults:3 | Received a gift from Okawaru
 34729 | Vaults:3 | 34729 ||| Stepping ~*~*~tactically~*~*~ (stealth).
 34731 | Vaults:3 | 34731 ||| Stepping ~*~*~tactically~*~*~ (hiding).
 35092 | Vaults:3 | Found Quypum's Jewellery Boutique.
 35098 | Vaults:3 | 35098 ||| SHOPLISTING amulet of Tirured {Faith Drain Str+5}
                  | (622 gold, have 93).
 35098 | Vaults:3 | 35098 ||| SHOPLISTING ring "Matzyin" {rPois rCorr Dex+2}
                  | (441 gold, have 93).
 35098 | Vaults:3 | 35098 ||| SHOPLISTING ring "Montats" {Will- Dex+4 SInv}
                  | (314 gold, have 93).
 35098 | Vaults:3 | 35098 ||| SHOPLISTING ring of protection from fire (300
                  | gold, have 93).
 35217 | Vaults:3 | 35217 ||| Stepping ~*~*~tactically~*~*~ (hiding).
 35295 | Vaults:3 | 35295 ||| Stepping ~*~*~tactically~*~*~ (hiding).
 35298 | Vaults:3 | 35298 ||| Stepping ~*~*~tactically~*~*~ (hiding).
 35478 | Vaults:3 | 35478 ||| Stepping ~*~*~tactically~*~*~ (stealth).
 35495 | Vaults:3 | Reached XP level 20. HP: 136/136 MP: 27/27
 35505 | Vaults:3 | 35505 ||| Stepping ~*~*~tactically~*~*~ (stealth).
 35646 | Vaults:3 | 35646 ||| Stepping ~*~*~tactically~*~*~ (hiding).
 35649 | Vaults:3 | 35649 ||| Stepping ~*~*~tactically~*~*~ (hiding).
 35650 | Vaults:3 | 35650 ||| Stepping ~*~*~tactically~*~*~ (hiding).
 35659 | Vaults:3 | 35659 ||| Stepping ~*~*~tactically~*~*~ (hiding).
 35692 | Vaults:3 | 35692 ||| Stepping ~*~*~tactically~*~*~ (stealth).
 35695 | Vaults:3 | 35695 ||| Stepping ~*~*~tactically~*~*~ (hiding).
 35696 | Vaults:3 | 35696 ||| Stepping ~*~*~tactically~*~*~ (hiding).
 35718 | Vaults:3 | 35718 ||| INVOKING Heroism.
 35719 | Vaults:3 | 35719 ||| INVOKING Finesse.
 35760 | Vaults:3 | 35760 ||| Stepping ~*~*~tactically~*~*~ (hiding).
 35761 | Vaults:3 | 35761 ||| Stepping ~*~*~tactically~*~*~ (hiding).
 35763 | Vaults:3 | 35763 ||| Stepping ~*~*~tactically~*~*~ (hiding).
 35973 | Vaults:3 | 35973 ||| INVOKING Heroism.
 36132 | Vaults:3 | 36132 ||| DROPPING +0 helmet of intelligence.
 36167 | Vaults:4 | 36167 ||| PLANNING WIZLAB
 36195 | Vaults:4 | 36195 ||| Stepping ~*~*~tactically~*~*~ (hiding).
 36293 | Vaults:4 | Received a gift from Okawaru
 36355 | Vaults:4 | 36355 ||| Stepping ~*~*~tactically~*~*~ (stealth).
 36476 | Vaults:4 | 36476 ||| Stepping ~*~*~tactically~*~*~ (stealth).
 36478 | Vaults:4 | 36478 ||| Stepping ~*~*~tactically~*~*~ (stealth).
 36542 | Vaults:4 | 36542 ||| Stepping ~*~*~tactically~*~*~ (stealth).
 36544 | Vaults:4 | 36544 ||| Stepping ~*~*~tactically~*~*~ (hiding).
 36546 | Vaults:4 | 36546 ||| INVOKING Heroism.
 36587 | Vaults:4 | 36587 ||| Stepping ~*~*~tactically~*~*~ (stealth).
 36590 | Vaults:4 | 36590 ||| INVOKING Heroism.
 36615 | Vaults:4 | Received a gift from Okawaru
 36735 | Vaults:4 | 36735 ||| Stepping ~*~*~tactically~*~*~ (hiding).
 36829 | Vaults:4 | 36829 ||| Stepping ~*~*~tactically~*~*~ (hiding).
 36846 | Vaults:4 | 36846 ||| RIP WIZLAB
 36863 | Vaults:4 | 36863 ||| PLANNING VAULTS:1-4
 36915 | Vaults:4 | 36915 ||| Stepping ~*~*~tactically~*~*~ (stealth).
 36915 | Vaults:4 | Found Herod's Assorted Antiques.
 36933 | Vaults:4 | 36933 ||| Stepping ~*~*~tactically~*~*~ (hiding).
 36947 | Vaults:4 | 36947 ||| FLEEEEING.
 36949 | Vaults:4 | 36949 ||| FLEEEEING.
 36950 | Vaults:4 | 36950 ||| FLEEEEING.
 36951 | Vaults:4 | 36951 ||| FLEEEEING.
 36952 | Vaults:4 | 36952 ||| FLEEEEING.
 36953 | Vaults:4 | 36953 ||| FLEEEEING.
 36954 | Vaults:4 | 36954 ||| FLEEEEING.
 36955 | Vaults:4 | 36955 ||| FLEEEEING.
 36956 | Vaults:4 | 36956 ||| FLEEEEING.
 36957 | Vaults:4 | 36957 ||| FLEEEEING.
 36958 | Vaults:4 | 36958 ||| FLEEEEING.
 36959 | Vaults:4 | 36959 ||| FLEEEEING.
 36960 | Vaults:4 | 36960 ||| FLEEEEING.
 36961 | Vaults:4 | 36961 ||| FLEEEEING.
 36962 | Vaults:4 | 36962 ||| FLEEEEING.
 36963 | Vaults:4 | 36963 ||| FLEEEEING.
 36964 | Vaults:4 | 36964 ||| FLEEEEING.
 36965 | Vaults:4 | 36965 ||| FLEEEEING.
 36966 | Vaults:4 | 36966 ||| FLEEEEING.
 36967 | Vaults:4 | 36967 ||| FLEEEEING.
 36968 | Vaults:4 | 36968 ||| FLEEEEING.
 36969 | Vaults:4 | 36969 ||| FLEEEEING.
 36970 | Vaults:4 | 36970 ||| FLEEEEING.
 36971 | Vaults:4 | 36971 ||| FLEEEEING.
 36973 | Vaults:4 | 36973 ||| FLEEEEING.
 36975 | Vaults:4 | 36975 ||| FLEEEEING.
 37001 | Vaults:4 | Identified the +1 kite shield of Eternity {Will+ Int+3}
                  | (Okawaru gifted it to you on level 4 of the Vaults)
 37001 | Vaults:4 | Received a gift from Okawaru
 37272 | Vaults:4 | Reached skill level 18 in Armour
 37306 | Vaults:4 | 37306 ||| PLANNING SPIDER:4
 37725 | Spider:4 | Entered Level 4 of the Spider Nest
 37750 | Spider:4 | 37750 ||| Stepping ~*~*~tactically~*~*~ (hiding).
 37751 | Spider:4 | 37751 ||| Stepping ~*~*~tactically~*~*~ (stealth).
 37752 | Spider:4 | 37752 ||| Stepping ~*~*~tactically~*~*~ (stealth).
 37753 | Spider:4 | 37753 ||| Stepping ~*~*~tactically~*~*~ (hiding).
 37767 | Spider:4 | 37767 ||| INVOKING Finesse.
 37930 | Spider:4 | 37930 ||| Stepping ~*~*~tactically~*~*~ (stealth).
 37946 | Spider:4 | 37946 ||| Stepping ~*~*~tactically~*~*~ (stealth).
 37967 | Spider:4 | 37967 ||| Stepping ~*~*~tactically~*~*~ (stealth).
 37969 | Spider:4 | 37969 ||| Stepping ~*~*~tactically~*~*~ (stealth).
 37978 | Spider:4 | 37978 ||| Stepping ~*~*~tactically~*~*~ (stealth).
 37980 | Spider:4 | 37980 ||| Stepping ~*~*~tactically~*~*~ (stealth).
 37990 | Spider:4 | 37990 ||| Stepping ~*~*~tactically~*~*~ (stealth).
 37993 | Spider:4 | 37993 ||| Stepping ~*~*~tactically~*~*~ (stealth).
 37994 | Spider:4 | 37994 ||| Stepping ~*~*~tactically~*~*~ (stealth).
 38002 | Spider:4 | 38002 ||| Stepping ~*~*~tactically~*~*~ (hiding).
 38003 | Spider:4 | 38003 ||| Stepping ~*~*~tactically~*~*~ (hiding).
 38004 | Spider:4 | 38004 ||| Stepping ~*~*~tactically~*~*~ (hiding).
 38004 | Spider:4 | Noticed Bai Suzhen
 38041 | Spider:4 | Killed Bai Suzhen
 38042 | Spider:4 | 38042 ||| Stepping ~*~*~tactically~*~*~ (cloud).
 38076 | Spider:4 | 38076 ||| Stepping ~*~*~tactically~*~*~ (stealth).
 38077 | Spider:4 | 38077 ||| Stepping ~*~*~tactically~*~*~ (stealth).
 38080 | Spider:4 | 38080 ||| Stepping ~*~*~tactically~*~*~ (stealth).
 38082 | Spider:4 | 38082 ||| Stepping ~*~*~tactically~*~*~ (stealth).
 38134 | Spider:4 | 38134 ||| Stepping ~*~*~tactically~*~*~ (stealth).
 38210 | Spider:4 | 38210 ||| Stepping ~*~*~tactically~*~*~ (hiding).
 38225 | Spider:4 | Identified the +10 rapier of the Sage {heavy, *Corrode
                  | rPois rN+ Will+}
 38336 | Spider:4 | 38336 ||| Stepping ~*~*~tactically~*~*~ (stealth).
 38359 | Spider:4 | 38359 ||| INVOKING Heroism.
 38474 | Spider:4 | 38474 ||| INVOKING Heroism.
 38612 | Spider:4 | 38612 ||| Stepping ~*~*~tactically~*~*~ (hiding).
 38613 | Spider:4 | 38613 ||| Stepping ~*~*~tactically~*~*~ (hiding).
 38780 | Spider:4 | 38780 ||| Stepping ~*~*~tactically~*~*~ (hiding).
 38930 | Spider:4 | 38930 ||| READING scroll of enchant armour.
 38930 | Spider:4 | 38930 ||| ENCHANTING +5 plate armour.
 38983 | Spider:4 | Reached XP level 21. HP: 134/144 MP: 0/28
 39158 | Spider:4 | Got a gossamer rune of Zot
 39178 | Spider:4 | 39178 ||| PLANNING DEPTHS
 39178 | Spider:4 | 39178 ||| DROPPING +0 pair of gloves of stealth.
 39179 | Spider:4 | 39179 ||| DROPPING +2 hat of intelligence.
 39457 | Depths:1 | Entered Level 1 of the Depths
 39457 | Depths:1 | Found a gateway to Hell.
 39587 | Depths:1 | 39587 ||| INVOKING Heroism.
 39588 | Depths:1 | 39588 ||| INVOKING Finesse.
 39661 | Depths:1 | 39661 ||| INVOKING Heroism.
 39728 | Depths:1 | 39728 ||| Stepping ~*~*~tactically~*~*~ (stealth).
 39732 | Depths:1 | 39732 ||| Stepping ~*~*~tactically~*~*~ (stealth).
 39734 | Depths:1 | 39734 ||| INVOKING Heroism.
 39799 | Depths:1 | 39799 ||| INVOKING Heroism.
 39840 | Depths:1 | Identified the +1 leather armour of Quantum Leap {+Blink
                  | Fly Dex+2}
 39885 | Depths:1 | Found a one-way gate leading to the halls of Pandemonium.
 39967 | Depths:1 | 39967 ||| Stepping ~*~*~tactically~*~*~ (hiding).
 39968 | Depths:1 | 39968 ||| Stepping ~*~*~tactically~*~*~ (hiding).
 39972 | Depths:1 | 39972 ||| INVOKING Heroism.
 40010 | Depths:1 | 40010 ||| INVOKING Finesse.
 40033 | Depths:1 | Received a gift from Okawaru
 40068 | Depths:1 | 40068 ||| INVOKING Heroism.
 40076 | Depths:1 | Received a gift from Okawaru
 40111 | Depths:1 | 40111 ||| Stepping ~*~*~tactically~*~*~ (hiding).
 40276 | Depths:1 | Found a hide-covered altar of Uskayaw.
 40286 | Depths:1 | 40286 ||| INVOKING Heroism.
 40642 | Depths:2 | 40642 ||| INVOKING Heroism.
 40669 | Depths:2 | 40669 ||| Stepping ~*~*~tactically~*~*~ (hiding).
 40849 | Depths:2 | 40849 ||| INVOKING Heroism.
 40850 | Depths:2 | 40850 ||| INVOKING Finesse.
 40860 | Depths:2 | Received a gift from Okawaru
 40942 | Depths:2 | 40942 ||| Stepping ~*~*~tactically~*~*~ (hiding).
 40948 | Depths:2 | 40948 ||| INVOKING Finesse.
 40994 | Depths:2 | Found Veozixke's Antique Weapon Boutique.
 41029 | Depths:2 | Found Posh's Antique Armour Shop.
 41092 | Depths:2 | 41092 ||| INVOKING Heroism.
 41145 | Depths:2 | 41145 ||| INVOKING Finesse.
 41146 | Depths:2 | 41146 ||| INVOKING Finesse.
 41317 | Depths:2 | 41317 ||| Stepping ~*~*~tactically~*~*~ (stealth).
 41319 | Depths:2 | 41319 ||| Stepping ~*~*~tactically~*~*~ (stealth).
 41322 | Depths:2 | 41322 ||| Stepping ~*~*~tactically~*~*~ (stealth).
 41324 | Depths:2 | 41324 ||| Stepping ~*~*~tactically~*~*~ (hiding).
 41329 | Depths:2 | 41329 ||| Stepping ~*~*~tactically~*~*~ (hiding).
 41392 | Depths:2 | Reached skill level 21 in Fighting
 41561 | Depths:2 | Identified the +1 hand axe of Hubris {heavy, *Slow rF+ rC+
                  | Dex+2}
 41606 | Depths:2 | Reached skill level 18 in Shields
 41608 | Depths:2 | Identified the scarf of the Pleiades {+Inv, Str-4 Int+5
                  | Dex+2} (Okawaru gifted it to you on level 2 of the Depths)
 41608 | Depths:2 | Received a gift from Okawaru
 41676 | Depths:2 | 41676 ||| Stepping ~*~*~tactically~*~*~ (hiding).
 41679 | Depths:2 | 41679 ||| Stepping ~*~*~tactically~*~*~ (hiding).
 41732 | Depths:2 | 41732 ||| Stepping ~*~*~tactically~*~*~ (hiding).
 41806 | Depths:2 | 41806 ||| Stepping ~*~*~tactically~*~*~ (hiding).
 41809 | Depths:2 | 41809 ||| Stepping ~*~*~tactically~*~*~ (hiding).
 41810 | Depths:2 | 41810 ||| Stepping ~*~*~tactically~*~*~ (hiding).
 42041 | Depths:2 | 42041 ||| DROPPING scarf of the Pleiades {+Inv, Str-4 Int+5
                  | Dex+2}.
 42042 | Depths:2 | 42042 ||| DROPPING +6 ring of dexterity.
 42043 | Depths:2 | 42043 ||| DROPPING ring of see invisible.
 42135 | Depths:3 | 42135 ||| INVOKING Heroism.
 42145 | Depths:3 | Paralysed by a floating eye for 4 turns
 42158 | Depths:3 | 42158 ||| INVOKING Finesse.
 42208 | Depths:3 | 42208 ||| INVOKING Heroism.
 42211 | Depths:3 | 42211 ||| Stepping ~*~*~tactically~*~*~ (hiding).
 42217 | Depths:3 | Noticed a golden dragon
 42220 | Depths:3 | 42220 ||| Stepping ~*~*~tactically~*~*~ (hiding).
 42222 | Depths:3 | 42222 ||| Stepping ~*~*~tactically~*~*~ (hiding).
 42231 | Depths:3 | Noticed a golden dragon
 42240 | Depths:3 | Killed a golden dragon
 42241 | Depths:3 | Reached XP level 22. HP: 154/155 MP: 29/29
 42254 | Depths:3 | Killed a golden dragon
 42260 | Depths:3 | Reached skill level 6 in Dodging
 42349 | Depths:3 | 42349 ||| Stepping ~*~*~tactically~*~*~ (stealth).
 42353 | Depths:3 | 42353 ||| Stepping ~*~*~tactically~*~*~ (stealth).
 42355 | Depths:3 | 42355 ||| Stepping ~*~*~tactically~*~*~ (stealth).
 42358 | Depths:3 | 42358 ||| INVOKING Heroism.
 42397 | Depths:3 | Reached skill level 12 in Throwing
 42398 | Depths:3 | 42398 ||| Stepping ~*~*~tactically~*~*~ (hiding).
 42503 | Depths:3 | 42503 ||| Stepping ~*~*~tactically~*~*~ (hiding).
 42505 | Depths:3 | 42505 ||| INVOKING Heroism.
 42560 | Depths:3 | 42560 ||| Stepping ~*~*~tactically~*~*~ (hiding).
 42594 | Depths:3 | 42594 ||| Stepping ~*~*~tactically~*~*~ (stealth).
 42620 | Depths:3 | 42620 ||| Stepping ~*~*~tactically~*~*~ (stealth).
 42622 | Depths:3 | 42622 ||| DROPPING ring of ice.
 42678 | Depths:3 | 42678 ||| Stepping ~*~*~tactically~*~*~ (hiding).
 42682 | Depths:3 | 42682 ||| INVOKING Heroism.
 42686 | Depths:3 | Noticed a juggernaut
 42705 | Depths:3 | Killed a juggernaut
 42718 | Depths:3 | 42718 ||| INVOKING Heroism.
 42783 | Depths:3 | 42783 ||| Stepping ~*~*~tactically~*~*~ (hiding).
 42791 | Depths:3 | 42791 ||| INVOKING Heroism.
 42796 | Depths:3 | Received a gift from Okawaru
 42859 | Depths:3 | Found a basalt altar of Yredelemnul.
 42906 | Depths:3 | 42906 ||| Stepping ~*~*~tactically~*~*~ (hiding).
 42958 | Depths:3 | Found Annos's Book Shop.
 42994 | Depths:3 | 42994 ||| Stepping ~*~*~tactically~*~*~ (stealth).
 42995 | Depths:3 | 42995 ||| Stepping ~*~*~tactically~*~*~ (stealth).
 42997 | Depths:3 | 42997 ||| Stepping ~*~*~tactically~*~*~ (hiding).
 43024 | Depths:3 | Received a gift from Okawaru
 43105 | Depths:3 | 43105 ||| READING scroll of enchant weapon.
 43105 | Depths:3 | 43105 ||| ENCHANTING +2 vampiric broad axe.
 43132 | Depths:3 | 43132 ||| Stepping ~*~*~tactically~*~*~ (stealth).
 43137 | Depths:3 | 43137 ||| Stepping ~*~*~tactically~*~*~ (hiding).
 43308 | Depths:3 | Received a gift from Okawaru
 43614 | Depths:3 | 43614 ||| Stepping ~*~*~tactically~*~*~ (stealth).
 43739 | Depths:3 | 43739 ||| Stepping ~*~*~tactically~*~*~ (hiding).
 43841 | Depths:3 | 43841 ||| DROPPING +6 ring of intelligence.
 43860 | Depths:3 | 43860 ||| Stepping ~*~*~tactically~*~*~ (hiding).
 43863 | Depths:3 | 43863 ||| Stepping ~*~*~tactically~*~*~ (stealth).
 43976 | Depths:3 | 43976 ||| INVOKING Heroism.
 44020 | Depths:4 | Entered Level 4 of the Depths
 44021 | Depths:4 | Noticed a caustic shrike
 44022 | Depths:4 | Noticed a caustic shrike
 44022 | Depths:4 | 44022 ||| INVOKING Heroism.
 44023 | Depths:4 | 44023 ||| INVOKING Finesse.
 44023 | Depths:4 | Noticed a caustic shrike
 44037 | Depths:4 | Received a gift from Okawaru
 44041 | Depths:4 | Killed a caustic shrike
 44044 | Depths:4 | Killed a caustic shrike
 44044 | Depths:4 | Killed a caustic shrike
 44058 | Depths:4 | Identified the +2 pair of boots of qw's Valiance {Rampage
                  | Str+3 Int-2} (Okawaru gifted it to you on level 4 of the
                  | Depths)
 44058 | Depths:4 | Received a gift from Okawaru
 44089 | Depths:4 | Found a white marble altar of Elyvilon.
 44090 | Depths:4 | 44090 ||| Stepping ~*~*~tactically~*~*~ (stealth).
 44169 | Depths:4 | Found a portal to a secret trove of treasure.
 44175 | Depths:4 | 44175 ||| INVOKING Heroism.
 44313 | Depths:4 | 44313 ||| Stepping ~*~*~tactically~*~*~ (hiding).
 44317 | Depths:4 | 44317 ||| INVOKING Heroism.
 44318 | Depths:4 | 44318 ||| INVOKING Finesse.
 44428 | Depths:4 | 44428 ||| Stepping ~*~*~tactically~*~*~ (hiding).
 44446 | Depths:4 | 44446 ||| Stepping ~*~*~tactically~*~*~ (hiding).
 44449 | Depths:4 | 44449 ||| Stepping ~*~*~tactically~*~*~ (hiding).
 44599 | Depths:4 | 44599 ||| Stepping ~*~*~tactically~*~*~ (hiding).
 44609 | Depths:4 | Noticed a golden dragon
 44610 | Depths:4 | 44610 ||| INVOKING Heroism.
 44624 | Depths:4 | Reached XP level 23. HP: 162/162 MP: 30/30
 44663 | Depths:4 | 44663 ||| INVOKING Heroism.
 44689 | Depths:4 | Killed a golden dragon
 44746 | Depths:4 | 44746 ||| INVOKING Heroism.
 44777 | Depths:4 | Found a gate to the Realm of Zot.
 44899 | Depths:4 | Found a one-way gateway to a ziggurat.
 44956 | Depths:4 | 44956 ||| INVOKING Heroism.
 44969 | Depths:4 | Reached skill level 21 in Armour
 44995 | Depths:4 | 44995 ||| INVOKING Heroism.
 45004 | Depths:4 | HP: 27/162 [reaper/+1 scythe of protection (23)]
 45005 | Depths:4 | 45005 ||| READING 21 scrolls of teleportation.
 45005 | Depths:4 | HP: 9/162 [reaper/+1 scythe of protection (6)]
 45006 | Depths:4 | 45006 ||| DRINKING potion of heal wounds.
 45389 | Depths:4 | 45389 ||| INVOKING Heroism.
 45549 | Depths:4 | 45549 ||| PLANNING VAULTS:5
 45549 | Depths:4 | 45549 ||| DROPPING +0 cloak.
 45550 | Depths:4 | 45550 ||| UPGRADING to +2 pair of boots of qw's Valiance
                  | {Rampage Str+3 Int-2}.
 45957 | Vaults:5 | Entered Level 5 of the Vaults
 45964 | Vaults:5 | 45964 ||| STAIRDANCE
 45972 | Vaults:4 | Received a gift from Okawaru
 45979 | Vaults:5 | 45979 ||| INVOKING Heroism.
 46003 | Vaults:5 | 46003 ||| STAIRDANCE
 46006 | Vaults:4 | Received a gift from Okawaru
 46124 | Vaults:5 | 46124 ||| INVOKING Heroism.
 46167 | Vaults:5 | 46167 ||| INVOKING Finesse.
 46171 | Vaults:5 | Received a gift from Okawaru
 46179 | Vaults:5 | Noticed a dread lich
 46188 | Vaults:5 | Received a gift from Okawaru
 46210 | Vaults:5 | Received a gift from Okawaru
 46216 | Vaults:5 | 46216 ||| INVOKING Heroism.
 46228 | Vaults:5 | Killed a dread lich
 46235 | Vaults:5 | Noticed a dread lich
 46240 | Vaults:5 | Identified the +8 quick blade "Vauj" {freeze, Str+3 Dex+2}
                  | (Okawaru gifted it to you on level 5 of the Vaults)
 46240 | Vaults:5 | Received a gift from Okawaru
 46263 | Vaults:5 | Reached skill level 24 in Fighting
 46270 | Vaults:5 | Reached XP level 24. HP: 168/173 MP: 30/30
 46288 | Vaults:5 | Killed a dread lich
 46306 | Vaults:5 | Reached ****** piety under Okawaru
 46333 | Vaults:5 | Noticed an ancient lich
 46336 | Vaults:5 | 46336 ||| INVOKING Finesse.
 46357 | Vaults:5 | Killed an ancient lich
 46357 | Vaults:5 | Identified the +2 pair of boots of Jeimum {Harm} (Okawaru
                  | gifted it to you on level 5 of the Vaults)
 46357 | Vaults:5 | Received a gift from Okawaru
 46368 | Vaults:5 | Identified the +6 orcbow "Izaobuha" {drain, rPois}
 46669 | Vaults:5 | Identified the ring of Moodiness {+Blink rElec SInv}
 46694 | Vaults:5 | 46694 ||| READING scroll of enchant weapon.
 46694 | Vaults:5 | 46694 ||| ENCHANTING +3 vampiric broad axe.
 46766 | Vaults:5 | Identified the +1 battleaxe "Heerrim" {flame, rN+ Int+2}
 46767 | Vaults:5 | Identified the ring of the Sky {*Slow Fly rPois AC+4 Int-5}
 46781 | Vaults:5 | Identified the +6 ring mail of Mutualism {-Cast Dex+4}
 46857 | Vaults:5 | 46857 ||| Stepping ~*~*~tactically~*~*~ (hiding).
 46858 | Vaults:5 | 46858 ||| Stepping ~*~*~tactically~*~*~ (hiding).
 47142 | Vaults:5 | 47142 ||| Stepping ~*~*~tactically~*~*~ (stealth).
 47192 | Vaults:5 | Got a silver rune of Zot
 47317 | Vaults:5 | Identified the ring "Tuzuoq" {rC+ Str+3 Int+3}
 47319 | Vaults:5 | Identified the +10 plate armour of Pathos {Str+4 SInv}
 47344 | Vaults:5 | Identified the +5 morningstar of the Chain {venom, MP+9}
 47367 | Vaults:5 | 47367 ||| Stepping ~*~*~tactically~*~*~ (hiding).
 47414 | Vaults:5 | 47414 ||| PLANNING SHOPPING SPREE
 47414 | Vaults:5 | 47414 ||| DROPPING +2 pair of boots of Jeimum {Harm}.
 47415 | Vaults:5 | 47415 ||| DROPPING +0 tower shield.
 47416 | Vaults:5 | 47416 ||| UPGRADING to +10 plate armour of Pathos {Str+4
                  | SInv}.
 47426 | Vaults:5 | 47426 ||| DROPPING +6 plate armour.
 47427 | Vaults:5 | 47427 ||| DROPPING ring of ice.
 47428 | Vaults:5 | 47428 ||| DROPPING +6 ring of strength.
 47429 | Vaults:5 | 47429 ||| DROPPING ring of Moodiness {+Blink rElec SInv}.
 47430 | Vaults:5 | 47430 ||| DROPPING ring of the Sky {*Slow Fly rPois AC+4
                  | Int-5}.
 47878 | D:4      | 47878 ||| BUYING 2 potions of haste (260 gold).
 47878 | D:4      | Bought 2 potions of haste for 260 gold pieces
 47878 | D:4      | 47878 ||| BUYING 2 potions of heal wounds (130 gold).
 47878 | D:4      | Bought 2 potions of heal wounds for 130 gold pieces
 47878 | D:4      | 47878 ||| BUYING potion of attraction (39 gold).
 47878 | D:4      | Bought a potion of attraction for 39 gold pieces
 47878 | D:4      | 47878 ||| BUYING potion of curing (39 gold).
 47878 | D:4      | Bought a potion of curing for 39 gold pieces
 47878 | D:4      | 47878 ||| BUYING potion of heal wounds (65 gold).
 47878 | D:4      | Bought a potion of heal wounds for 65 gold pieces
 47878 | D:4      | 47878 ||| BUYING potion of lignification (39 gold).
 47878 | D:4      | Bought a potion of lignification for 39 gold pieces
 47878 | D:4      | 47878 ||| BUYING potion of might (52 gold).
 47878 | D:4      | Bought a potion of might for 52 gold pieces
 47878 | D:4      | 47878 ||| BUYING potion of mutation (104 gold).
 47878 | D:4      | Bought a potion of mutation for 104 gold pieces
 47936 | D:4      | 47936 ||| BUYING embroidered scarf (232 gold).
 47936 | D:4      | Bought an embroidered scarf for 232 gold pieces
 48088 | Orc:2    | 48088 ||| BUYING ring of fire (250 gold).
 48088 | Orc:2    | Bought a ring of fire for 250 gold pieces
 48088 | Orc:2    | 48088 ||| BUYING ring of fire (250 gold).
 48088 | Orc:2    | Bought a ring of fire for 250 gold pieces
 48088 | Orc:2    | 48088 ||| BUYING ring of protection from fire (250 gold).
 48088 | Orc:2    | Bought a ring of protection from fire for 250 gold pieces
 48088 | Orc:2    | 48088 ||| BUYING ring of resist corrosion (200 gold).
 48088 | Orc:2    | Bought a ring of resist corrosion for 200 gold pieces
 48118 | Orc:2    | 48118 ||| DROPPING ring of fire.
 48447 | Vaults:3 | 48447 ||| BUYING amulet of Tirured {Faith Drain Str+5} (622
                  | gold).
 48447 | Vaults:3 | Bought the amulet of Tirured {Faith Drain Str+5} for 622
                  | gold pieces
 48447 | Vaults:3 | 48447 ||| BUYING ring "Matzyin" {rPois rCorr Dex+2} (441
                  | gold).
 48447 | Vaults:3 | Bought the ring "Matzyin" {rPois rCorr Dex+2} for 441 gold
                  | pieces
 48447 | Vaults:3 | 48447 ||| UPGRADING to amulet of Tirured {Faith Drain
                  | Str+5}.
 48457 | Vaults:3 | 48457 ||| DROPPING amulet of faith.
 48458 | Vaults:3 | 48458 ||| DROPPING ring of resist corrosion.
 48459 | Vaults:3 | 48459 ||| CLEARING SHOPPING LIST
 48459 | Vaults:3 | 48459 ||| PLANNING ZOT:1-4
 48783 | Zot:1    | Entered Level 1 of the Realm of Zot
 48784 | Zot:1    | 48784 ||| INVOKING Heroism.
 48811 | Zot:1    | 48811 ||| Stepping ~*~*~tactically~*~*~ (hiding).
 48929 | Zot:1    | 48929 ||| INVOKING Heroism.
 48979 | Zot:1    | 48979 ||| Stepping ~*~*~tactically~*~*~ (stealth).
 48980 | Zot:1    | 48980 ||| Stepping ~*~*~tactically~*~*~ (stealth).
 48982 | Zot:1    | 48982 ||| Stepping ~*~*~tactically~*~*~ (stealth).
 48999 | Zot:1    | 48999 ||| INVOKING Heroism.
 49199 | Zot:1    | 49199 ||| Stepping ~*~*~tactically~*~*~ (hiding).
 49233 | Zot:1    | 49233 ||| Stepping ~*~*~tactically~*~*~ (stealth).
 49238 | Zot:1    | 49238 ||| Stepping ~*~*~tactically~*~*~ (stealth).
 49259 | Zot:1    | 49259 ||| Stepping ~*~*~tactically~*~*~ (hiding).
 49260 | Zot:1    | 49260 ||| Stepping ~*~*~tactically~*~*~ (hiding).
 49263 | Zot:1    | 49263 ||| INVOKING Heroism.
 49360 | Zot:1    | 49360 ||| INVOKING Heroism.
 49505 | Zot:1    | 49505 ||| READING scroll of enchant weapon.
 49505 | Zot:1    | 49505 ||| ENCHANTING +4 vampiric broad axe.
 49675 | Zot:2    | 49675 ||| INVOKING Heroism.
 49807 | Zot:2    | 49807 ||| INVOKING Heroism.
 49825 | Zot:2    | HP: 39/174 [black draconian knight/+0 bardiche (12)]
 49826 | Zot:2    | 49826 ||| READING 21 scrolls of teleportation.
 49826 | Zot:2    | HP: 12/174 [black draconian knight/+0 bardiche (23)]
 49827 | Zot:2    | 49827 ||| DRINKING 5 potions of heal wounds.
 49828 | Zot:2    | 49828 ||| DRINKING 4 potions of heal wounds.
 49966 | Zot:2    | 49966 ||| FLEEEEING.
 49967 | Zot:2    | 49967 ||| FLEEEEING.
 49968 | Zot:2    | 49968 ||| FLEEEEING.
 49969 | Zot:2    | 49969 ||| FLEEEEING.
 49970 | Zot:2    | 49970 ||| STAIRDANCE
 50134 | Zot:2    | 50134 ||| Stepping ~*~*~tactically~*~*~ (hiding).
 50473 | Zot:2    | Received a gift from Okawaru
 50617 | Zot:2    | Reached XP level 25. HP: 181/181 MP: 30/30
 50679 | Zot:2    | 50679 ||| INVOKING Heroism.
 50712 | Zot:2    | 50712 ||| Stepping ~*~*~tactically~*~*~ (stealth).
 50713 | Zot:2    | 50713 ||| Stepping ~*~*~tactically~*~*~ (stealth).
 50853 | Zot:2    | 50853 ||| DROPPING +2 cloak.
 50854 | Zot:2    | 50854 ||| UPGRADING to +2 cloak of willpower.
 50864 | Zot:2    | 50864 ||| DROPPING scarf of repulsion.
 50865 | Zot:2    | 50865 ||| DROPPING +1 cloak of poison resistance.
 50923 | Zot:3    | Received a gift from Okawaru
 50934 | Zot:3    | 50934 ||| Stepping ~*~*~tactically~*~*~ (stealth).
 50935 | Zot:3    | 50935 ||| Stepping ~*~*~tactically~*~*~ (stealth).
 50940 | Zot:3    | 50940 ||| FLEEEEING.
 50941 | Zot:3    | 50941 ||| FLEEEEING.
 51000 | Zot:3    | 51000 ||| Stepping ~*~*~tactically~*~*~ (stealth).
 51001 | Zot:3    | 51001 ||| Stepping ~*~*~tactically~*~*~ (stealth).
 51114 | Zot:3    | Identified the +6 rapier of Xogiq {vamp, rElec rPois Str-2
                  | Dex+4}
 51225 | Zot:3    | Received a gift from Okawaru
 51285 | Zot:3    | 51285 ||| FLEEEEING.
 51286 | Zot:3    | 51286 ||| FLEEEEING.
 51287 | Zot:3    | 51287 ||| FLEEEEING.
 51288 | Zot:3    | 51288 ||| FLEEEEING.
 51289 | Zot:3    | 51289 ||| FLEEEEING.
 51290 | Zot:3    | 51290 ||| FLEEEEING.
 51291 | Zot:3    | 51291 ||| FLEEEEING.
 51292 | Zot:3    | 51292 ||| FLEEEEING.
 51295 | Zot:3    | 51295 ||| FLEEEEING.
 51296 | Zot:3    | 51296 ||| FLEEEEING.
 51297 | Zot:3    | 51297 ||| FLEEEEING.
 51298 | Zot:3    | 51298 ||| FLEEEEING.
 51299 | Zot:3    | 51299 ||| FLEEEEING.
 51300 | Zot:3    | 51300 ||| FLEEEEING.
 51301 | Zot:3    | 51301 ||| FLEEEEING.
 51302 | Zot:3    | 51302 ||| FLEEEEING.
 51303 | Zot:3    | 51303 ||| FLEEEEING.
 51310 | Zot:3    | 51310 ||| FLEEEEING.
 51311 | Zot:3    | 51311 ||| FLEEEEING.
 51318 | Zot:3    | 51318 ||| FLEEEEING.
 51340 | Zot:3    | Received a gift from Okawaru
 51353 | Zot:3    | 51353 ||| Stepping ~*~*~tactically~*~*~ (cloud).
 51399 | Zot:3    | 51399 ||| READING scroll of enchant weapon.
 51399 | Zot:3    | 51399 ||| ENCHANTING +5 vampiric broad axe.
 51491 | Zot:3    | 51491 ||| INVOKING Heroism.
 51492 | Zot:3    | Noticed a Killer Klown
 51493 | Zot:3    | 51493 ||| INVOKING Finesse.
 51502 | Zot:3    | Reached skill level 15 in Throwing
 51516 | Zot:3    | Killed a Killer Klown
 51551 | Zot:3    | 51551 ||| Stepping ~*~*~tactically~*~*~ (hiding).
 51553 | Zot:3    | 51553 ||| INVOKING Heroism.
 51741 | Zot:3    | 51741 ||| DROPPING ring of positive energy.
 51787 | Zot:4    | 51787 ||| INVOKING Heroism.
 51801 | Zot:4    | Noticed a Killer Klown
 51817 | Zot:4    | Received a gift from Okawaru
 51821 | Zot:4    | Killed a Killer Klown
 51839 | Zot:4    | Received a gift from Okawaru
 51886 | Zot:4    | 51886 ||| INVOKING Heroism.
 52075 | Zot:4    | Found a huge runed gate.
 52076 | Zot:4    | Found a huge runed gate.
 52077 | Zot:4    | Found a huge runed gate.
 52078 | Zot:4    | Found a huge runed gate.
 52079 | Zot:4    | Found a huge runed gate.
 52079 | Zot:4    | Found a huge runed gate.
 52079 | Zot:4    | Found a huge runed gate.
 52079 | Zot:4    | Found a huge runed gate.
 52081 | Zot:4    | Found a huge runed gate.
 52083 | Zot:4    | Found a huge runed gate.
 52083 | Zot:4    | Found a huge runed gate.
 52083 | Zot:4    | Found a huge runed gate.
 52083 | Zot:4    | Found a huge runed gate.
 52083 | Zot:4    | Found a huge runed gate.
 52083 | Zot:4    | Found a huge runed gate.
 52084 | Zot:4    | Found a huge runed gate.
 52085 | Zot:4    | Found a huge runed gate.
 52086 | Zot:4    | Found a huge runed gate.
 52098 | Zot:4    | 52098 ||| Stepping ~*~*~tactically~*~*~ (hiding).
 52099 | Zot:4    | 52099 ||| INVOKING Heroism.
 52199 | Zot:4    | Found a huge runed gate.
 52200 | Zot:4    | Found a huge runed gate.
 52201 | Zot:4    | Found a huge runed gate.
 52202 | Zot:4    | Found a huge runed gate.
 52203 | Zot:4    | Found a huge runed gate.
 52204 | Zot:4    | Found a huge runed gate.
 52205 | Zot:4    | Found a huge runed gate.
 52206 | Zot:4    | Found a huge runed gate.
 52222 | Zot:4    | Found a huge runed gate.
 52231 | Zot:4    | Found a huge runed gate.
 52231 | Zot:4    | Found a huge runed gate.
 52231 | Zot:4    | Found a huge runed gate.
 52389 | Zot:4    | 52389 ||| Stepping ~*~*~tactically~*~*~ (hiding).
 52390 | Zot:4    | 52390 ||| Stepping ~*~*~tactically~*~*~ (hiding).
 52391 | Zot:4    | 52391 ||| Stepping ~*~*~tactically~*~*~ (hiding).
 52392 | Zot:4    | 52392 ||| Stepping ~*~*~tactically~*~*~ (hiding).
 52393 | Zot:4    | 52393 ||| Stepping ~*~*~tactically~*~*~ (hiding).
 52394 | Zot:4    | 52394 ||| Stepping ~*~*~tactically~*~*~ (hiding).
 52405 | Zot:4    | 52405 ||| Stepping ~*~*~tactically~*~*~ (hiding).
 52406 | Zot:4    | 52406 ||| Stepping ~*~*~tactically~*~*~ (hiding).
 52407 | Zot:4    | 52407 ||| Stepping ~*~*~tactically~*~*~ (hiding).
 52428 | Zot:4    | 52428 ||| INVOKING Heroism.
 52470 | Zot:4    | 52470 ||| Stepping ~*~*~tactically~*~*~ (stealth).
 52682 | Zot:4    | Found a huge runed gate.
 52682 | Zot:4    | Found a huge runed gate.
 52682 | Zot:4    | Found a huge runed gate.
 52682 | Zot:4    | Found a huge runed gate.
 52683 | Zot:4    | Found a huge runed gate.
 52684 | Zot:4    | Found a huge runed gate.
 53006 | Zot:4    | 53006 ||| PLANNING SLIME:5
 53006 | Zot:4    | 53006 ||| UPGRADING to +3 pair of mountain boots
                  | {steadfast, rC+}.
 53016 | Zot:4    | 53016 ||| DROPPING +2 pair of gloves.
 53017 | Zot:4    | 53017 ||| UPGRADING to +0 acid dragon scales.
 53027 | Zot:4    | 53027 ||| UPGRADING to +2 tower shield.
 53487 | Slime:1  | Entered Level 1 of the Pits of Slime
 53497 | Slime:1  | Gained mutation: Armour fits poorly on your strangely
                  | shaped body. [a shining eye]
 53501 | Slime:1  | Gained mutation: You have sharp toenails. [a shining eye]
 53505 | Slime:1  | Gained mutation: You are clumsy. (Dex -2) [a shining eye]
 53518 | Slime:1  | Lost mutation: Your spells are a little harder to cast, but
                  | a little more powerful. [a shining eye]
 53520 | Slime:1  | Gained mutation: Your magical capacity is low. (-10% MP) [a
                  | shining eye]
 53525 | Slime:1  | Received a gift from Okawaru
 53528 | Slime:1  | 53528 ||| DRINKING 5 potions of mutation.
 53528 | Slime:1  | Lost mutation: You have sharp toenails. [potion of
                  | mutation]
 53528 | Slime:1  | Lost mutation: Your magical capacity is low. (-10% MP)
                  | [potion of mutation]
 53528 | Slime:1  | Gained mutation: Your muscles are very strong. (Str +8,
                  | Int/Dex -2) [potion of mutation]
 53528 | Slime:1  | Gained mutation: Your magical capacity is low. (-10% MP)
                  | [potion of mutation]
 53529 | Slime:1  | 53529 ||| DRINKING 4 potions of mutation.
 53529 | Slime:1  | Lost mutation: Armour fits poorly on your strangely shaped
                  | body. [potion of mutation]
 53529 | Slime:1  | Lost mutation: You are clumsy. (Dex -2) [potion of
                  | mutation]
 53529 | Slime:1  | Lost mutation: Your magical capacity is low. (-10% MP)
                  | [potion of mutation]
 53529 | Slime:1  | Gained mutation: Your magical capacity is low. (-10% MP)
                  | [potion of mutation]
 53529 | Slime:1  | Lost mutation: Your muscles are very strong. (Str +8,
                  | Int/Dex -2) [potion of mutation]
 53590 | Slime:2  | 53590 ||| INVOKING Heroism.
 53609 | Slime:2  | Gained mutation: You are dopey. (Int -2) [a shining eye]
 53614 | Slime:2  | Found a viscous altar of Jiyva.
 53780 | Slime:4  | Reached skill level 21 in Shields
 53842 | Slime:5  | Entered Level 5 of the Pits of Slime
 53857 | Slime:5  | 53857 ||| STAIRDANCE
 53920 | Slime:5  | 53920 ||| STAIRDANCE
 53936 | Slime:5  | Received a gift from Okawaru
 54011 | Slime:5  | 54011 ||| DRINKING 5 potions of cancellation.
 54033 | Slime:5  | Received a gift from Okawaru
 54319 | Slime:5  | Noticed the Royal Jelly
 54320 | Slime:5  | 54320 ||| INVOKING Heroism.
 54321 | Slime:5  | 54321 ||| INVOKING Finesse.
 54328 | Slime:5  | Reached XP level 26. HP: 190/190 MP: 20/27
 54361 | Slime:5  | Killed the Royal Jelly
 54361 | Slime:5  | Identified the +1 plate armour of Okawaru, Healing {rF-
                  | Str+3 Dex+4} (Okawaru gifted it to you on level 5 of the
                  | Pits of Slime)
 54361 | Slime:5  | Received a gift from Okawaru
 54531 | Slime:5  | Identified the +5 ring mail of the Sturgeon {Will+ Str+3
                  | Int+3}
 54557 | Slime:5  | 54557 ||| READING 3 scrolls of acquirement.
 54557 | Slime:5  | 54557 ||| ACQUIRING +2 tower shield of positive energy
 54557 | Slime:5  | Acquired a +2 tower shield of positive energy
 54559 | Slime:5  | 54559 ||| READING 2 scrolls of acquirement.
 54559 | Slime:5  | 54559 ||| ACQUIRING 866 gold pieces
 54559 | Slime:5  | Acquired 866 gold pieces
 54561 | Slime:5  | 54561 ||| READING scroll of acquirement.
 54561 | Slime:5  | 54561 ||| ACQUIRING amulet "Xuletamo" {Spirit rN+ Will+
                  | Int+5}
 54561 | Slime:5  | Acquired the amulet "Xuletamo" {Spirit rN+ Will+ Int+5}
 54565 | Slime:5  | Got a slimy rune of Zot
 54574 | Slime:5  | Identified the +4 rapier of Feontewn {venom, Contam Str+6
                  | Int+6}
 54751 | Slime:5  | 54751 ||| PLANNING THE SHINING ONE WORSHIP
 54751 | Slime:5  | 54751 ||| UPGRADING to +2 tower shield of positive energy.
 54761 | Slime:5  | 54761 ||| DROPPING +1 cloak.
 54762 | Slime:5  | 54762 ||| UPGRADING to +0 gold dragon scales.
 54772 | Slime:5  | 54772 ||| DROPPING +0 acid dragon scales.
 54773 | Slime:5  | 54773 ||| DROPPING +2 tower shield.
 54774 | Slime:5  | 54774 ||| UPGRADING to +10 plate armour of Pathos {Str+4
                  | SInv}.
 54784 | Slime:5  | 54784 ||| DROPPING ring of resist corrosion.
 54785 | Slime:5  | 54785 ||| DROPPING ring "Matzyin" {rPois rCorr Dex+2}.
 54997 | Slime:1  | 54997 ||| Stepping randomly (stuck).
 54998 | Slime:1  | 54998 ||| Stepping randomly (stuck).
 54999 | Slime:1  | 54999 ||| Stepping randomly (stuck).
 55000 | Slime:1  | 55000 ||| Stepping randomly (stuck).
 55001 | Slime:1  | 55001 ||| Stepping randomly (stuck).
 55002 | Slime:1  | 55002 ||| Stepping randomly (stuck).
 55003 | Slime:1  | 55003 ||| Stepping randomly (stuck).
 55004 | Slime:1  | 55004 ||| Stepping randomly (stuck).
 55005 | Slime:1  | 55005 ||| Stepping randomly (stuck).
 55006 | Slime:1  | 55006 ||| Stepping randomly (stuck).
 55007 | Slime:1  | 55007 ||| Stepping randomly (stuck).
 55008 | Slime:1  | 55008 ||| Stepping randomly (stuck).
 55009 | Slime:1  | 55009 ||| Stepping randomly (stuck).
 55010 | Slime:1  | 55010 ||| Stepping randomly (stuck).
 55011 | Slime:1  | 55011 ||| Stepping randomly (stuck).
 55012 | Slime:1  | 55012 ||| Stepping randomly (stuck).
 55013 | Slime:1  | 55013 ||| Stepping randomly (stuck).
 55014 | Slime:1  | 55014 ||| Stepping randomly (stuck).
 55015 | Slime:1  | 55015 ||| Stepping randomly (stuck).
 55016 | Slime:1  | 55016 ||| Stepping randomly (stuck).
 55017 | Slime:1  | 55017 ||| Stepping randomly (stuck).
 55018 | Slime:1  | 55018 ||| Stepping randomly (stuck).
 55019 | Slime:1  | 55019 ||| Stepping randomly (stuck).
 55020 | Slime:1  | 55020 ||| Stepping randomly (stuck).
 55021 | Slime:1  | 55021 ||| Stepping randomly (stuck).
 55022 | Slime:1  | 55022 ||| Stepping randomly (stuck).
 55023 | Slime:1  | 55023 ||| Stepping randomly (stuck).
 55024 | Slime:1  | 55024 ||| Stepping randomly (stuck).
 55025 | Slime:1  | 55025 ||| Stepping randomly (stuck).
 55026 | Slime:1  | 55026 ||| Stepping randomly (stuck).
 55027 | Slime:1  | 55027 ||| Stepping randomly (stuck).
 55028 | Slime:1  | 55028 ||| Stepping randomly (stuck).
 55029 | Slime:1  | 55029 ||| Stepping randomly (stuck).
 55030 | Slime:1  | 55030 ||| Stepping randomly (stuck).
 55031 | Slime:1  | 55031 ||| Stepping randomly (stuck).
 55032 | Slime:1  | 55032 ||| Stepping randomly (stuck).
 55033 | Slime:1  | 55033 ||| Stepping randomly (stuck).
 55034 | Slime:1  | 55034 ||| Stepping randomly (stuck).
 55035 | Slime:1  | 55035 ||| Stepping randomly (stuck).
 55036 | Slime:1  | 55036 ||| Stepping randomly (stuck).
 55037 | Slime:1  | 55037 ||| Stepping randomly (stuck).
 55038 | Slime:1  | 55038 ||| Stepping randomly (stuck).
 55039 | Slime:1  | 55039 ||| Stepping randomly (stuck).
 55040 | Slime:1  | 55040 ||| Stepping randomly (stuck).
 55041 | Slime:1  | 55041 ||| Stepping randomly (stuck).
 55042 | Slime:1  | 55042 ||| Stepping randomly (stuck).
 55043 | Slime:1  | 55043 ||| Stepping randomly (stuck).
 55044 | Slime:1  | 55044 ||| Stepping randomly (stuck).
 55045 | Slime:1  | 55045 ||| Stepping randomly (stuck).
 55046 | Slime:1  | 55046 ||| Stepping randomly (stuck).
 55047 | Slime:1  | 55047 ||| Stepping randomly (stuck).
 55048 | Slime:1  | 55048 ||| READING 24 scrolls of teleportation.
 55813 | Temple   | Entered the Ecumenical Temple
 55902 | Temple   | 55902 ||| SWAPPING to +5 spectral broad axe.
 55903 | Temple   | Fell from the grace of Okawaru
 55903 | Temple   | Became a worshipper of the Shining One
 55903 | Temple   | 55903 ||| PLANNING CRYPT
 55904 | Temple   | 55904 ||| DROPPING amulet "Xuletamo" {Spirit rN+ Will+
                  | Int+5}.
 56275 | Crypt:1  | Entered Level 1 of the Crypt
 56556 | Crypt:1  | 56556 ||| Stepping ~*~*~tactically~*~*~ (hiding).
 56567 | Crypt:1  | Reached * piety under the Shining One
 56616 | Crypt:1  | 56616 ||| FLEEEEING.
 56618 | Crypt:1  | 56618 ||| FLEEEEING.
 56619 | Crypt:1  | 56619 ||| FLEEEEING.
 56620 | Crypt:1  | 56620 ||| FLEEEEING.
 56621 | Crypt:1  | 56621 ||| FLEEEEING.
 56622 | Crypt:1  | 56622 ||| FLEEEEING.
 56623 | Crypt:1  | 56623 ||| FLEEEEING.
 56624 | Crypt:1  | 56624 ||| FLEEEEING.
 56625 | Crypt:1  | 56625 ||| FLEEEEING.
 56626 | Crypt:1  | 56626 ||| FLEEEEING.
 56627 | Crypt:1  | 56627 ||| FLEEEEING.
 56628 | Crypt:1  | 56628 ||| FLEEEEING.
 56629 | Crypt:1  | 56629 ||| FLEEEEING.
 56630 | Crypt:1  | 56630 ||| FLEEEEING.
 56631 | Crypt:1  | 56631 ||| FLEEEEING.
 56632 | Crypt:1  | 56632 ||| FLEEEEING.
 56633 | Crypt:1  | 56633 ||| FLEEEEING.
 56634 | Crypt:1  | 56634 ||| FLEEEEING.
 56637 | Crypt:1  | 56637 ||| FLEEEEING.
 56638 | Crypt:1  | 56638 ||| FLEEEEING.
 56640 | Crypt:1  | 56640 ||| FLEEEEING.
 56643 | Crypt:1  | 56643 ||| FLEEEEING.
 56644 | Crypt:1  | 56644 ||| FLEEEEING.
 56645 | Crypt:1  | 56645 ||| FLEEEEING.
 56646 | Crypt:1  | 56646 ||| FLEEEEING.
 56647 | Crypt:1  | 56647 ||| FLEEEEING.
 56648 | Crypt:1  | 56648 ||| FLEEEEING.
 56649 | Crypt:1  | 56649 ||| FLEEEEING.
 56653 | Crypt:1  | 56653 ||| STAIRDANCE
 56776 | Crypt:1  | 56776 ||| Stepping ~*~*~tactically~*~*~ (hiding).
 56815 | Crypt:1  | 56815 ||| Stepping ~*~*~tactically~*~*~ (stealth).
 56816 | Crypt:1  | 56816 ||| Stepping ~*~*~tactically~*~*~ (stealth).
 56817 | Crypt:1  | 56817 ||| Stepping ~*~*~tactically~*~*~ (stealth).
 56818 | Crypt:1  | 56818 ||| Stepping ~*~*~tactically~*~*~ (stealth).
 56838 | Crypt:1  | Reached ** piety under the Shining One
 56901 | Crypt:1  | 56901 ||| Stepping ~*~*~tactically~*~*~ (hiding).
 56932 | Crypt:1  | 56932 ||| FLEEEEING.
 56937 | Crypt:1  | 56937 ||| FLEEEEING.
 56938 | Crypt:1  | 56938 ||| FLEEEEING.
 56940 | Crypt:1  | 56940 ||| FLEEEEING.
 56941 | Crypt:1  | 56941 ||| FLEEEEING.
 56942 | Crypt:1  | 56942 ||| FLEEEEING.
 56943 | Crypt:1  | 56943 ||| FLEEEEING.
 56944 | Crypt:1  | 56944 ||| FLEEEEING.
 56945 | Crypt:1  | 56945 ||| FLEEEEING.
 56946 | Crypt:1  | 56946 ||| FLEEEEING.
 56947 | Crypt:1  | 56947 ||| FLEEEEING.
 56948 | Crypt:1  | 56948 ||| FLEEEEING.
 56949 | Crypt:1  | 56949 ||| FLEEEEING.
 56950 | Crypt:1  | 56950 ||| FLEEEEING.
 56951 | Crypt:1  | 56951 ||| FLEEEEING.
 56952 | Crypt:1  | 56952 ||| FLEEEEING.
 56953 | Crypt:1  | 56953 ||| FLEEEEING.
 56954 | Crypt:1  | 56954 ||| FLEEEEING.
 56955 | Crypt:1  | 56955 ||| FLEEEEING.
 56956 | Crypt:1  | 56956 ||| FLEEEEING.
 56957 | Crypt:1  | 56957 ||| FLEEEEING.
 56958 | Crypt:1  | 56958 ||| FLEEEEING.
 56959 | Crypt:1  | 56959 ||| FLEEEEING.
 56961 | Crypt:1  | 56961 ||| STAIRDANCE
 57164 | Crypt:1  | Reached *** piety under the Shining One
 57616 | Crypt:2  | Reached **** piety under the Shining One
 57620 | Crypt:2  | 57620 ||| Stepping ~*~*~tactically~*~*~ (hiding).
 57621 | Crypt:2  | 57621 ||| Stepping ~*~*~tactically~*~*~ (hiding).
 57624 | Crypt:2  | 57624 ||| Stepping ~*~*~tactically~*~*~ (hiding).
 57714 | Crypt:2  | Found a shimmering blue altar of Sif Muna.
 57715 | Crypt:2  | 57715 ||| Stepping ~*~*~tactically~*~*~ (hiding).
 57719 | Crypt:2  | 57719 ||| Stepping ~*~*~tactically~*~*~ (hiding).
 57721 | Crypt:2  | 57721 ||| Stepping ~*~*~tactically~*~*~ (hiding).
 57729 | Crypt:2  | 57729 ||| INVOKING Cleansing Flame.
 57730 | Crypt:2  | 57730 ||| INVOKING Cleansing Flame.
 57731 | Crypt:2  | 57731 ||| INVOKING Cleansing Flame.
 57732 | Crypt:2  | Reached skill level 12 in Invocations
 57917 | Crypt:2  | Identified the amulet "Doeczup" {RegenMP Rampage +Inv Str+2
                  | Int+3}
 58013 | Crypt:2  | Noticed Margery
 58014 | Crypt:2  | 58014 ||| DRINKING 3 potions of resistance.
 58024 | Crypt:2  | Killed Margery
 58224 | Crypt:2  | Reached ***** piety under the Shining One
 58283 | Crypt:2  | 58283 ||| INVOKING Cleansing Flame.
 58284 | Crypt:2  | 58284 ||| INVOKING Cleansing Flame.
 58707 | Crypt:2  | 58707 ||| DROPPING amulet "Doeczup" {RegenMP Rampage +Inv
                  | Str+2 Int+3}.
 58715 | Crypt:3  | Entered Level 3 of the Crypt
 58715 | Crypt:3  | Reached ****** piety under the Shining One
 58737 | Crypt:3  | 58737 ||| INVOKING Brand Weapon With Holy Wrath.
 58737 | Crypt:3  | Identified a +8 broad axe of holy wrath (a +6 vampiric
                  | broad axe blessed by the Shining One)
 58737 | Crypt:3  | Received a gift from the Shining One
 58738 | Crypt:3  | 58738 ||| SWAPPING to +8 broad axe of holy wrath.
 58824 | Crypt:3  | Noticed Zenata
 58847 | Crypt:3  | Killed Zenata
 58898 | Crypt:3  | 58898 ||| Stepping ~*~*~tactically~*~*~ (hiding).
 58900 | Crypt:3  | 58900 ||| Stepping ~*~*~tactically~*~*~ (hiding).
 58985 | Crypt:3  | 58985 ||| INVOKING Summon Divine Warrior.
 59025 | Crypt:3  | 59025 ||| INVOKING Summon Divine Warrior.
 59084 | Crypt:3  | 59084 ||| INVOKING Summon Divine Warrior.
 59085 | Crypt:3  | HP: 33/190 [titan[the fury of Okawaru] (26)]
 59086 | Crypt:3  | 59086 ||| READING 26 scrolls of teleportation.
 59087 | Crypt:3  | 59087 ||| DRINKING 5 potions of heal wounds.
 59088 | Crypt:3  | 59088 ||| DRINKING 4 potions of heal wounds.
 59089 | Crypt:3  | 59089 ||| DRINKING 3 potions of heal wounds.
 59428 | Crypt:3  | 59428 ||| Stepping ~*~*~tactically~*~*~ (hiding).
 59447 | Crypt:3  | 59447 ||| INVOKING Summon Divine Warrior.
 59503 | Crypt:3  | Found a basalt altar of Yredelemnul.
 59542 | Crypt:3  | Found a staircase to the Tomb.
 59542 | Crypt:3  | Found the +6 arbalest "Damnation" {damnation}
 59599 | Crypt:3  | Noticed a dread lich
 59605 | Crypt:3  | Killed a dread lich
 59606 | Crypt:3  | Reached skill level 15 in Invocations
 59935 | Crypt:3  | Identified the ring of the Leaf {rN+ Str+2 SInv}
 59945 | Crypt:3  | 59945 ||| INVOKING Cleansing Flame.
 60063 | Crypt:3  | Identified the ring of the Sturgeon {rElec rN+}
 60063 | Crypt:3  | Identified the ring "Paxzee Fene" {+Blink rPois rN+ Str+3}
 60337 | Crypt:3  | 60337 ||| Stepping ~*~*~tactically~*~*~ (cloud).
 60524 | Crypt:3  | 60524 ||| PLANNING TOMB
 60524 | Crypt:3  | 60524 ||| UPGRADING to +2 shield of Resistance {rF++ rC++
                  | Will++}.
 60534 | Crypt:3  | 60534 ||| UPGRADING to +2 pair of boots of qw's Valiance
                  | {Rampage Str+3 Int-2}.
 60544 | Crypt:3  | 60544 ||| DROPPING ring of the Sturgeon {rElec rN+}.
 60545 | Crypt:3  | 60545 ||| DROPPING ring "Paxzee Fene" {+Blink rPois rN+
                  | Str+3}.
 60629 | Tomb:1   | Entered Level 1 of the Tomb of the Ancients
 60731 | Tomb:1   | Reached XP level 27. HP: 196/196 MP: 31/31
 60744 | Tomb:1   | 60744 ||| FLEEEEING.
 60809 | Tomb:1   | 60809 ||| INVOKING Cleansing Flame.
 61178 | Tomb:1   | Noticed a royal mummy
 61179 | Tomb:1   | 61179 ||| INVOKING Summon Divine Warrior.
 61186 | Tomb:1   | Killed a royal mummy
 61191 | Tomb:1   | Noticed a royal mummy
 61191 | Tomb:1   | Noticed a royal mummy
 61191 | Tomb:1   | Noticed a royal mummy
 61192 | Tomb:1   | 61192 ||| INVOKING Summon Divine Warrior.
 61196 | Tomb:1   | Killed a royal mummy
 61197 | Tomb:1   | Reached skill level 18 in Invocations
 61203 | Tomb:1   | Killed a royal mummy
 61286 | Tomb:1   | Noticed a royal mummy
 61289 | Tomb:1   | Killed a royal mummy
 61292 | Tomb:1   | Noticed a royal mummy
 61295 | Tomb:1   | 61295 ||| INVOKING Cleansing Flame.
 61296 | Tomb:1   | Killed a royal mummy
 61503 | Tomb:1   | Noticed a royal mummy
 61506 | Tomb:1   | 61506 ||| INVOKING Cleansing Flame.
 61506 | Tomb:1   | Noticed a royal mummy
 61510 | Tomb:1   | Killed a royal mummy
 61520 | Tomb:1   | 61520 ||| INVOKING Cleansing Flame.
 61521 | Tomb:1   | 61521 ||| INVOKING Cleansing Flame.
 61522 | Tomb:1   | 61522 ||| INVOKING Cleansing Flame.
 61523 | Tomb:1   | 61523 ||| INVOKING Cleansing Flame.
 61523 | Tomb:1   | Killed a royal mummy
 61818 | Tomb:1   | Noticed a royal mummy
 61819 | Tomb:1   | 61819 ||| INVOKING Summon Divine Warrior.
 61821 | Tomb:1   | 61821 ||| INVOKING Cleansing Flame.
 61821 | Tomb:1   | Noticed a royal mummy
 61822 | Tomb:1   | 61822 ||| INVOKING Cleansing Flame.
 61823 | Tomb:1   | 61823 ||| INVOKING Cleansing Flame.
 61823 | Tomb:1   | Killed a royal mummy
 61826 | Tomb:1   | 61826 ||| INVOKING Cleansing Flame.
 61827 | Tomb:1   | 61827 ||| INVOKING Cleansing Flame.
 61827 | Tomb:1   | Killed a royal mummy
 62008 | Tomb:1   | Noticed a royal mummy
 62012 | Tomb:1   | 62012 ||| INVOKING Summon Divine Warrior.
 62018 | Tomb:1   | Killed a royal mummy
 62086 | Tomb:1   | Noticed a royal mummy
 62088 | Tomb:1   | Noticed a royal mummy
 62088 | Tomb:1   | Noticed a royal mummy
 62089 | Tomb:1   | 62089 ||| INVOKING Cleansing Flame.
 62095 | Tomb:1   | Killed a royal mummy
 62096 | Tomb:1   | 62096 ||| INVOKING Cleansing Flame.
 62097 | Tomb:1   | 62097 ||| INVOKING Cleansing Flame.
 62098 | Tomb:1   | Killed a royal mummy
 62100 | Tomb:1   | 62100 ||| INVOKING Cleansing Flame.
 62103 | Tomb:1   | Killed a royal mummy
 62105 | Tomb:1   | 62105 ||| INVOKING Cleansing Flame.
 62106 | Tomb:1   | Noticed a royal mummy
 62110 | Tomb:1   | 62110 ||| INVOKING Cleansing Flame.
 62111 | Tomb:1   | 62111 ||| INVOKING Cleansing Flame.
 62111 | Tomb:1   | Killed a royal mummy
 62329 | Tomb:1   | Noticed a royal mummy
 62330 | Tomb:1   | 62330 ||| INVOKING Cleansing Flame.
 62331 | Tomb:1   | 62331 ||| INVOKING Summon Divine Warrior.
 62332 | Tomb:1   | 62332 ||| INVOKING Cleansing Flame.
 62335 | Tomb:1   | Killed a royal mummy
 62339 | Tomb:1   | Noticed a royal mummy
 62343 | Tomb:1   | Noticed a royal mummy
 62344 | Tomb:1   | Killed a royal mummy
 62346 | Tomb:1   | 62346 ||| INVOKING Cleansing Flame.
 62347 | Tomb:1   | 62347 ||| INVOKING Cleansing Flame.
 62348 | Tomb:1   | 62348 ||| INVOKING Cleansing Flame.
 62348 | Tomb:1   | Killed a royal mummy
 62361 | Tomb:1   | Noticed a royal mummy
 62362 | Tomb:1   | Noticed a royal mummy
 62364 | Tomb:1   | 62364 ||| INVOKING Cleansing Flame.
 62365 | Tomb:1   | 62365 ||| DRINKING 5 potions of magic.
 62366 | Tomb:1   | 62366 ||| INVOKING Cleansing Flame.
 62366 | Tomb:1   | Killed a royal mummy
 62376 | Tomb:1   | 62376 ||| INVOKING Cleansing Flame.
 62377 | Tomb:1   | 62377 ||| INVOKING Cleansing Flame.
 62378 | Tomb:1   | 62378 ||| INVOKING Cleansing Flame.
 62379 | Tomb:1   | 62379 ||| INVOKING Cleansing Flame.
 62379 | Tomb:1   | Killed a royal mummy
 62612 | Tomb:1   | 62612 ||| DROPPING ring of fire.
 62877 | Tomb:1   | Was forgiven by Okawaru
 63011 | Tomb:2   | 63011 ||| DRINKING 8 potions of haste.
 63012 | Tomb:2   | 63012 ||| DRINKING 14 potions of attraction.
 63066 | Tomb:2   | 63066 ||| Stepping ~*~*~tactically~*~*~ (hiding).
 63079 | Tomb:2   | 63079 ||| INVOKING Cleansing Flame.
 63230 | Tomb:2   | 63230 ||| INVOKING Cleansing Flame.
 63235 | Tomb:2   | 63235 ||| INVOKING Cleansing Flame.
 63247 | Tomb:2   | 63247 ||| Stepping ~*~*~tactically~*~*~ (hiding).
 63418 | Tomb:2   | Gained mutation: You sometimes lose your temper in combat.
                  | [mutagenic glow]
 63419 | Tomb:2   | 63419 ||| DRINKING 3 potions of mutation.
 63419 | Tomb:2   | Lost mutation: You are dopey. (Int -2) [potion of mutation]
 63419 | Tomb:2   | Lost mutation: Your magical capacity is low. (-10% MP)
                  | [potion of mutation]
 63419 | Tomb:2   | Lost mutation: Your muscles are strong. (Str +4, Int/Dex
                  | -1) [potion of mutation]
 63419 | Tomb:2   | Gained mutation: You have hidden genetic potential. [potion
                  | of mutation]
 63419 | Tomb:2   | Gained mutation: You occasionally shout uncontrollably at
                  | your foes. [potion of mutation]
 63420 | Tomb:2   | 63420 ||| DRINKING 2 potions of mutation.
 63420 | Tomb:2   | Lost mutation: You occasionally shout uncontrollably at
                  | your foes. [potion of mutation]
 63420 | Tomb:2   | Lost mutation: You sometimes lose your temper in combat.
                  | [potion of mutation]
 63420 | Tomb:2   | Lost mutation: You have hidden genetic potential. [potion
                  | of mutation]
 63420 | Tomb:2   | Gained mutation: You are dopey. (Int -2) [potion of
                  | mutation]
 63420 | Tomb:2   | Gained mutation: Your muscles are strong. (Str +4, Int/Dex
                  | -1) [potion of mutation]
 63420 | Tomb:2   | Lost mutation: You are dopey. (Int -2) [potion of mutation]
 63437 | Tomb:2   | Gained mutation: You are frail. (-10% HP) [mutagenic glow]
 63439 | Tomb:2   | 63439 ||| DRINKING potion of mutation.
 63439 | Tomb:2   | Lost mutation: You are frail. (-10% HP) [potion of
                  | mutation]
 63439 | Tomb:2   | Lost mutation: Your muscles are strong. (Str +4, Int/Dex
                  | -1) [potion of mutation]
 63439 | Tomb:2   | Gained mutation: You are somewhat resistant to further
                  | mutation. [potion of mutation]
 63439 | Tomb:2   | Gained mutation: You have a pair of small horns on your
                  | head. [potion of mutation]
 63453 | Tomb:2   | Gained mutation: You are frail. (-10% HP) [mutagenic glow]
 63454 | Tomb:2   | 63454 ||| DROPPING +2 helmet of see invisible.
 63456 | Tomb:3   | Entered Level 3 of the Tomb of the Ancients
 63457 | Tomb:3   | 63457 ||| DRINKING 7 potions of haste.
 63458 | Tomb:3   | 63458 ||| DRINKING 14 potions of attraction.
 63472 | Tomb:3   | 63472 ||| INVOKING Cleansing Flame.
 63473 | Tomb:3   | Noticed a royal mummy
 63473 | Tomb:3   | Noticed a royal mummy
 63474 | Tomb:3   | 63474 ||| INVOKING Cleansing Flame.
 63475 | Tomb:3   | Reached skill level 21 in Invocations
 63475 | Tomb:3   | 63475 ||| INVOKING Cleansing Flame.
 63476 | Tomb:3   | 63476 ||| INVOKING Cleansing Flame.
 63477 | Tomb:3   | 63477 ||| INVOKING Cleansing Flame.
 63478 | Tomb:3   | 63478 ||| INVOKING Cleansing Flame.
 63479 | Tomb:3   | 63479 ||| INVOKING Summon Divine Warrior.
 63480 | Tomb:3   | Noticed a royal mummy
 63481 | Tomb:3   | Noticed a royal mummy
 63481 | Tomb:3   | 63481 ||| INVOKING Cleansing Flame.
 63482 | Tomb:3   | Noticed Mennas
 63485 | Tomb:3   | 63485 ||| INVOKING Cleansing Flame.
 63488 | Tomb:3   | 63488 ||| INVOKING Cleansing Flame.
 63488 | Tomb:3   | Killed a royal mummy
 63488 | Tomb:3   | Killed a royal mummy
 63489 | Tomb:3   | Noticed a royal mummy
 63490 | Tomb:3   | Killed a royal mummy
 63494 | Tomb:3   | Noticed a royal mummy
 63495 | Tomb:3   | Killed a royal mummy
 63498 | Tomb:3   | Killed a royal mummy
 63501 | Tomb:3   | Killed Mennas
 63502 | Tomb:3   | 63502 ||| INVOKING Cleansing Flame.
 63504 | Tomb:3   | Killed a royal mummy
 63505 | Tomb:3   | Noticed a royal mummy
 63510 | Tomb:3   | Noticed a royal mummy
 63510 | Tomb:3   | Noticed a royal mummy
 63514 | Tomb:3   | HP: 40/176 [??? (7)]
 63515 | Tomb:3   | 63515 ||| READING 25 scrolls of teleportation.
 63515 | Tomb:3   | HP: 16/176 [royal mummy/divine providence (11)]
 63516 | Tomb:3   | 63516 ||| DRINKING 3 potions of heal wounds.
 63608 | Tomb:3   | 63608 ||| Stepping ~*~*~tactically~*~*~ (stealth).
 63695 | Tomb:3   | 63695 ||| INVOKING Summon Divine Warrior.
 63698 | Tomb:3   | 63698 ||| INVOKING Cleansing Flame.
 63699 | Tomb:3   | 63699 ||| INVOKING Cleansing Flame.
 63699 | Tomb:3   | Killed a royal mummy
 63769 | Tomb:3   | 63769 ||| Stepping ~*~*~tactically~*~*~ (stealth).
 63770 | Tomb:3   | 63770 ||| Stepping ~*~*~tactically~*~*~ (stealth).
 63834 | Tomb:3   | Got a golden rune of Zot
 63849 | Tomb:3   | 63849 ||| INVOKING Summon Divine Warrior.
 63857 | Tomb:3   | Killed a royal mummy
 63945 | Tomb:3   | Killed a royal mummy
 64346 | Tomb:3   | Identified the staff of earth "Fuizott" {rPois Will- Dex+5}
 64426 | Tomb:3   | Identified the staff of cold "Soutushro" {Drain +Blink
                  | rPois rC+ SInv}
 64427 | Tomb:3   | Identified the +0 quarterstaff of Rinez {holy, Dex+4 SInv}
 64436 | Tomb:3   | Identified the +0 shortbow of the Sun {flame, rElec rPois
                  | Stlth-}
 64443 | Tomb:3   | Identified the +0 pair of boots of Xoareto {Str+3}
 64449 | Tomb:3   | Identified the +8 scimitar of Yngori {freeze, rElec rN+
                  | Int+4}
 64459 | Tomb:3   | Identified the +3 dire flail of Darula Denics {spect,
                  | +Blink Str+4}
 64460 | Tomb:3   | Identified the ring "Yzef" {rF++ Will+ rCorr MP+9 Int+3}
 64515 | Tomb:3   | 64515 ||| PLANNING ABYSS
 64515 | Tomb:3   | 64515 ||| DROPPING +0 pair of boots of Xoareto {Str+3}.
 64516 | Tomb:3   | 64516 ||| DROPPING +1 pair of gloves.
 64517 | Tomb:3   | 64517 ||| DROPPING ring of protection from fire.
 64518 | Tomb:3   | 64518 ||| DROPPING 13 potions of attraction.
 64519 | Tomb:3   | 64519 ||| DROPPING 13 potions of lignification.
 64548 | Tomb:3   | 64548 ||| Stepping ~*~*~tactically~*~*~ (stealth).
 64550 | Tomb:3   | 64550 ||| Stepping ~*~*~tactically~*~*~ (hiding).
 64661 | Tomb:1   | 64661 ||| INVOKING Cleansing Flame.
 64662 | Tomb:1   | 64662 ||| INVOKING Cleansing Flame.
 64756 | Tomb:1   | 64756 ||| INVOKING Cleansing Flame.
 64760 | Tomb:1   | 64760 ||| INVOKING Cleansing Flame.
 64761 | Tomb:1   | 64761 ||| INVOKING Cleansing Flame.
 64764 | Tomb:1   | 64764 ||| INVOKING Cleansing Flame.
 64765 | Tomb:1   | 64765 ||| INVOKING Cleansing Flame.
 64766 | Tomb:1   | 64766 ||| INVOKING Cleansing Flame.
 64767 | Tomb:1   | 64767 ||| INVOKING Cleansing Flame.
 64767 | Tomb:1   | Killed a royal mummy
 64768 | Tomb:1   | 64768 ||| INVOKING Summon Divine Warrior.
 64771 | Tomb:1   | 64771 ||| INVOKING Cleansing Flame.
 64774 | Tomb:1   | 64774 ||| INVOKING Cleansing Flame.
 64775 | Tomb:1   | 64775 ||| INVOKING Cleansing Flame.
 64942 | Tomb:1   | 64942 ||| FLEEEEING.
 64943 | Tomb:1   | 64943 ||| FLEEEEING.
 64944 | Tomb:1   | 64944 ||| FLEEEEING.
 64951 | Tomb:1   | 64951 ||| FLEEEEING.
 64952 | Tomb:1   | 64952 ||| FLEEEEING.
 64953 | Tomb:1   | 64953 ||| FLEEEEING.
 64954 | Tomb:1   | 64954 ||| FLEEEEING.
 64955 | Tomb:1   | 64955 ||| FLEEEEING.
 64956 | Tomb:1   | 64956 ||| FLEEEEING.
 64957 | Tomb:1   | 64957 ||| FLEEEEING.
 64958 | Tomb:1   | 64958 ||| FLEEEEING.
 64959 | Tomb:1   | 64959 ||| FLEEEEING.
 64960 | Tomb:1   | 64960 ||| FLEEEEING.
 64976 | Tomb:1   | 64976 ||| FLEEEEING.
 64977 | Tomb:1   | 64977 ||| FLEEEEING.
 64978 | Tomb:1   | 64978 ||| FLEEEEING.
 64979 | Tomb:1   | 64979 ||| FLEEEEING.
 64992 | Tomb:1   | 64992 ||| FLEEEEING.
 64993 | Tomb:1   | 64993 ||| FLEEEEING.
 64994 | Tomb:1   | 64994 ||| FLEEEEING.
 65007 | Tomb:1   | 65007 ||| FLEEEEING.
 65008 | Tomb:1   | 65008 ||| FLEEEEING.
 65011 | Tomb:1   | 65011 ||| FLEEEEING.
 65012 | Tomb:1   | 65012 ||| FLEEEEING.
 65013 | Tomb:1   | 65013 ||| FLEEEEING.
 65014 | Tomb:1   | 65014 ||| FLEEEEING.
 65015 | Tomb:1   | 65015 ||| FLEEEEING.
 65016 | Tomb:1   | 65016 ||| FLEEEEING.
 65017 | Tomb:1   | 65017 ||| FLEEEEING.
 65018 | Tomb:1   | 65018 ||| FLEEEEING.
 65019 | Tomb:1   | 65019 ||| FLEEEEING.
 65020 | Tomb:1   | 65020 ||| FLEEEEING.
 65021 | Tomb:1   | 65021 ||| FLEEEEING.
 65022 | Tomb:1   | 65022 ||| FLEEEEING.
 65023 | Tomb:1   | 65023 ||| FLEEEEING.
 65024 | Tomb:1   | 65024 ||| FLEEEEING.
 65037 | Tomb:1   | 65037 ||| FLEEEEING.
 65038 | Tomb:1   | 65038 ||| FLEEEEING.
 65039 | Tomb:1   | 65039 ||| STAIRDANCE
 65542 | Depths:3 | Voluntarily entered the Abyss.
 65664 | Abyss:1  | 65664 ||| Stepping ~*~*~tactically~*~*~ (stealth).
 65672 | Abyss:1  | 65672 ||| Stepping ~*~*~tactically~*~*~ (stealth).
 65678 | Abyss:1  | 65678 ||| Stepping ~*~*~tactically~*~*~ (stealth).
 65680 | Abyss:1  | 65680 ||| Stepping ~*~*~tactically~*~*~ (hiding).
 65704 | Abyss:1  | 65704 ||| Stepping ~*~*~tactically~*~*~ (stealth).
 65773 | Abyss:1  | 65773 ||| Stepping ~*~*~tactically~*~*~ (stealth).
 65787 | Abyss:1  | 65787 ||| Stepping ~*~*~tactically~*~*~ (stealth).
 65871 | Abyss:1  | 65871 ||| Stepping ~*~*~tactically~*~*~ (hiding).
 65872 | Abyss:1  | 65872 ||| Stepping ~*~*~tactically~*~*~ (hiding).
 65909 | Abyss:1  | 65909 ||| Stepping ~*~*~tactically~*~*~ (stealth).
 65922 | Abyss:1  | Found a basalt altar of Yredelemnul.
 65932 | Abyss:1  | 65932 ||| Stepping ~*~*~tactically~*~*~ (stealth).
 65936 | Abyss:1  | 65936 ||| Stepping ~*~*~tactically~*~*~ (hiding).
 65960 | Abyss:1  | 65960 ||| Stepping ~*~*~tactically~*~*~ (stealth).
 65963 | Abyss:1  | 65963 ||| Stepping ~*~*~tactically~*~*~ (hiding).
 65984 | Abyss:1  | 65984 ||| Stepping ~*~*~tactically~*~*~ (stealth).
 65988 | Abyss:1  | Found a corrupted altar of Lugonu.
 66007 | Abyss:1  | 66007 ||| Stepping ~*~*~tactically~*~*~ (hiding).
 66009 | Abyss:1  | 66009 ||| Stepping ~*~*~tactically~*~*~ (hiding).
 66011 | Abyss:1  | 66011 ||| Stepping ~*~*~tactically~*~*~ (hiding).
 66046 | Abyss:1  | 66046 ||| Stepping ~*~*~tactically~*~*~ (stealth).
 66057 | Abyss:1  | 66057 ||| Stepping ~*~*~tactically~*~*~ (stealth).
 66097 | Abyss:1  | 66097 ||| Stepping ~*~*~tactically~*~*~ (hiding).
 66098 | Abyss:1  | 66098 ||| Stepping ~*~*~tactically~*~*~ (hiding).
 66101 | Abyss:1  | 66101 ||| Stepping ~*~*~tactically~*~*~ (hiding).
 66108 | Abyss:1  | 66108 ||| Stepping ~*~*~tactically~*~*~ (stealth).
 66109 | Abyss:1  | Lost dexterity.
 66120 | Abyss:1  | 66120 ||| Stepping ~*~*~tactically~*~*~ (stealth).
 66131 | Abyss:1  | 66131 ||| Stepping ~*~*~tactically~*~*~ (hiding).
 66179 | Abyss:1  | 66179 ||| Stepping ~*~*~tactically~*~*~ (hiding).
 66180 | Abyss:1  | 66180 ||| Stepping ~*~*~tactically~*~*~ (hiding).
 66184 | Abyss:1  | 66184 ||| Stepping ~*~*~tactically~*~*~ (hiding).
 66185 | Abyss:1  | 66185 ||| Stepping ~*~*~tactically~*~*~ (hiding).
 66219 | Abyss:1  | 66219 ||| Stepping ~*~*~tactically~*~*~ (stealth).
 66241 | Abyss:1  | 66241 ||| Stepping ~*~*~tactically~*~*~ (stealth).
 66254 | Abyss:1  | 66254 ||| Stepping ~*~*~tactically~*~*~ (stealth).
 66255 | Abyss:1  | 66255 ||| Stepping ~*~*~tactically~*~*~ (stealth).
 66256 | Abyss:1  | 66256 ||| Stepping ~*~*~tactically~*~*~ (hiding).
 66257 | Abyss:1  | 66257 ||| Stepping ~*~*~tactically~*~*~ (hiding).
 66258 | Abyss:1  | 66258 ||| Stepping ~*~*~tactically~*~*~ (hiding).
 66279 | Abyss:1  | 66279 ||| Stepping ~*~*~tactically~*~*~ (hiding).
 66307 | Abyss:1  | Reached skill level 24 in Invocations
 66307 | Abyss:1  | 66307 ||| Stepping ~*~*~tactically~*~*~ (hiding).
 66308 | Abyss:1  | 66308 ||| Stepping ~*~*~tactically~*~*~ (hiding).
 66320 | Abyss:1  | 66320 ||| Stepping ~*~*~tactically~*~*~ (hiding).
 66326 | Abyss:1  | 66326 ||| Stepping ~*~*~tactically~*~*~ (hiding).
 66350 | Abyss:1  | 66350 ||| Stepping ~*~*~tactically~*~*~ (stealth).
 66431 | Abyss:2  | 66431 ||| Stepping ~*~*~tactically~*~*~ (stealth).
 66468 | Abyss:3  | 66468 ||| Stepping ~*~*~tactically~*~*~ (stealth).
 66469 | Abyss:3  | 66469 ||| Stepping ~*~*~tactically~*~*~ (stealth).
 66648 | Abyss:3  | 66648 ||| Stepping ~*~*~tactically~*~*~ (hiding).
 66652 | Abyss:3  | 66652 ||| Stepping ~*~*~tactically~*~*~ (hiding).
 66653 | Abyss:3  | 66653 ||| Stepping ~*~*~tactically~*~*~ (hiding).
 66701 | Abyss:3  | 66701 ||| Stepping ~*~*~tactically~*~*~ (hiding).
 66716 | Abyss:3  | 66716 ||| Stepping ~*~*~tactically~*~*~ (stealth).
 66717 | Abyss:3  | 66717 ||| Stepping ~*~*~tactically~*~*~ (hiding).
 66718 | Abyss:3  | 66718 ||| Stepping ~*~*~tactically~*~*~ (hiding).
 66748 | Abyss:3  | 66748 ||| Stepping ~*~*~tactically~*~*~ (stealth).
 66759 | Abyss:3  | 66759 ||| Stepping ~*~*~tactically~*~*~ (hiding).
 66779 | Abyss:3  | 66779 ||| Stepping ~*~*~tactically~*~*~ (stealth).
 66791 | Abyss:3  | 66791 ||| Stepping ~*~*~tactically~*~*~ (hiding).
 66825 | Abyss:3  | 66825 ||| Stepping ~*~*~tactically~*~*~ (stealth).
 66828 | Abyss:3  | 66828 ||| Stepping ~*~*~tactically~*~*~ (hiding).
 66833 | Abyss:3  | 66833 ||| Stepping ~*~*~tactically~*~*~ (hiding).
 66836 | Abyss:3  | 66836 ||| INVOKING Summon Divine Warrior.
 66902 | Abyss:3  | 66902 ||| Stepping ~*~*~tactically~*~*~ (stealth).
 66937 | Abyss:3  | Found a corrupted altar of Lugonu.
 66997 | Abyss:3  | Found a corrupted altar of Lugonu.
 67021 | Abyss:3  | Paralysed by accursed screaming for 1 turns
 67170 | Abyss:3  | Found a corrupted altar of Lugonu.
 67321 | Abyss:3  | 67321 ||| Stepping ~*~*~tactically~*~*~ (hiding).
 67698 | Abyss:3  | 67698 ||| Stepping ~*~*~tactically~*~*~ (hiding).
 67761 | Abyss:3  | Paralysed by accursed screaming for 1 turns
 67771 | Abyss:3  | Paralysed by accursed screaming for 2 turns
 67779 | Abyss:3  | Paralysed by accursed screaming for 2 turns
 67840 | Abyss:3  | Paralysed by accursed screaming for 1 turns
 67979 | Abyss:3  | Noticed a dread lich
 67984 | Abyss:3  | 67984 ||| INVOKING Cleansing Flame.
 67985 | Abyss:3  | Reached skill level 1 in Short Blades
 67985 | Abyss:3  | 67985 ||| INVOKING Cleansing Flame.
 67985 | Abyss:3  | Killed a dread lich
 68012 | Abyss:3  | Paralysed by accursed screaming for 1 turns
 68080 | Abyss:3  | Reached skill level 27 in Invocations
 68198 | Abyss:4  | Reached skill level 9 in Dodging
 68198 | Abyss:4  | 68198 ||| Stepping ~*~*~tactically~*~*~ (stealth).
 68199 | Abyss:4  | 68199 ||| Stepping ~*~*~tactically~*~*~ (stealth).
 68208 | Abyss:4  | 68208 ||| Stepping ~*~*~tactically~*~*~ (stealth).
 68212 | Abyss:4  | 68212 ||| Stepping ~*~*~tactically~*~*~ (stealth).
 68213 | Abyss:4  | 68213 ||| Stepping ~*~*~tactically~*~*~ (stealth).
 68249 | Abyss:4  | 68249 ||| Stepping ~*~*~tactically~*~*~ (stealth).
 68259 | Abyss:4  | 68259 ||| Stepping ~*~*~tactically~*~*~ (hiding).
 68260 | Abyss:4  | 68260 ||| Stepping ~*~*~tactically~*~*~ (hiding).
 68261 | Abyss:4  | 68261 ||| Stepping ~*~*~tactically~*~*~ (hiding).
 68277 | Abyss:4  | 68277 ||| Stepping ~*~*~tactically~*~*~ (stealth).
 68279 | Abyss:4  | 68279 ||| Stepping ~*~*~tactically~*~*~ (hiding).
 68280 | Abyss:4  | 68280 ||| Stepping ~*~*~tactically~*~*~ (hiding).
 68308 | Abyss:4  | 68308 ||| Stepping ~*~*~tactically~*~*~ (stealth).
 68309 | Abyss:4  | 68309 ||| Stepping ~*~*~tactically~*~*~ (stealth).
 68320 | Abyss:4  | 68320 ||| Stepping ~*~*~tactically~*~*~ (hiding).
 68328 | Abyss:5  | 68328 ||| Stepping ~*~*~tactically~*~*~ (stealth).
 68333 | Abyss:5  | 68333 ||| Stepping ~*~*~tactically~*~*~ (stealth).
 68335 | Abyss:5  | 68335 ||| Stepping ~*~*~tactically~*~*~ (hiding).
 68341 | Abyss:5  | 68341 ||| Stepping ~*~*~tactically~*~*~ (hiding).
 68342 | Abyss:5  | 68342 ||| Stepping ~*~*~tactically~*~*~ (hiding).
 68344 | Abyss:5  | Found a corrupted altar of Lugonu.
 68411 | Abyss:5  | 68411 ||| Stepping ~*~*~tactically~*~*~ (hiding).
 68436 | Abyss:5  | 68436 ||| Stepping ~*~*~tactically~*~*~ (stealth).
 68438 | Abyss:5  | 68438 ||| Stepping ~*~*~tactically~*~*~ (stealth).
 68450 | Abyss:5  | Found a corrupted altar of Lugonu.
 68462 | Abyss:5  | 68462 ||| Stepping ~*~*~tactically~*~*~ (hiding).
 68464 | Abyss:5  | 68464 ||| Stepping ~*~*~tactically~*~*~ (stealth).
 68465 | Abyss:5  | 68465 ||| Stepping ~*~*~tactically~*~*~ (hiding).
 68475 | Abyss:5  | 68475 ||| Stepping ~*~*~tactically~*~*~ (stealth).
 68479 | Abyss:5  | 68479 ||| Stepping ~*~*~tactically~*~*~ (stealth).
 68497 | Abyss:5  | 68497 ||| Stepping ~*~*~tactically~*~*~ (stealth).
 68498 | Abyss:5  | 68498 ||| Stepping ~*~*~tactically~*~*~ (stealth).
 68506 | Abyss:5  | 68506 ||| Stepping ~*~*~tactically~*~*~ (stealth).
 68507 | Abyss:5  | 68507 ||| Stepping ~*~*~tactically~*~*~ (stealth).
 68511 | Abyss:5  | 68511 ||| Stepping ~*~*~tactically~*~*~ (stealth).
 68512 | Abyss:5  | 68512 ||| FLEEEEING.
 68513 | Abyss:5  | 68513 ||| FLEEEEING.
 68514 | Abyss:5  | 68514 ||| FLEEEEING.
 68515 | Abyss:5  | 68515 ||| FLEEEEING.
 68516 | Abyss:5  | 68516 ||| FLEEEEING.
 68517 | Abyss:5  | 68517 ||| FLEEEEING.
 68524 | Abyss:5  | 68524 ||| FLEEEEING.
 68525 | Abyss:5  | 68525 ||| FLEEEEING.
 68533 | Abyss:5  | 68533 ||| Stepping ~*~*~tactically~*~*~ (hiding).
 68534 | Abyss:5  | 68534 ||| FLEEEEING.
 68539 | Depths:3 | Escaped the Abyss
 68540 | Depths:3 | 68540 ||| INVOKING Summon Divine Warrior.
 68728 | Depths:3 | Voluntarily entered the Abyss.
 68753 | Abyss:5  | 68753 ||| Stepping ~*~*~tactically~*~*~ (stealth).
 68771 | Abyss:5  | 68771 ||| Stepping ~*~*~tactically~*~*~ (stealth).
 68789 | Abyss:5  | 68789 ||| Stepping ~*~*~tactically~*~*~ (stealth).
 68806 | Abyss:5  | 68806 ||| Stepping ~*~*~tactically~*~*~ (hiding).
 68812 | Abyss:5  | 68812 ||| Stepping ~*~*~tactically~*~*~ (hiding).
 68823 | Abyss:5  | 68823 ||| Stepping ~*~*~tactically~*~*~ (cloud).
 68827 | Abyss:5  | 68827 ||| Stepping ~*~*~tactically~*~*~ (hiding).
 68828 | Abyss:5  | 68828 ||| Stepping ~*~*~tactically~*~*~ (stealth).
 68840 | Abyss:5  | 68840 ||| Stepping ~*~*~tactically~*~*~ (stealth).
 68842 | Abyss:5  | 68842 ||| Stepping ~*~*~tactically~*~*~ (hiding).
 68904 | Abyss:5  | 68904 ||| Stepping ~*~*~tactically~*~*~ (hiding).
 68905 | Abyss:5  | 68905 ||| Stepping ~*~*~tactically~*~*~ (hiding).
 68906 | Abyss:5  | 68906 ||| Stepping ~*~*~tactically~*~*~ (hiding).
 68951 | Abyss:5  | 68951 ||| FLEEEEING.
 68952 | Abyss:5  | 68952 ||| FLEEEEING.
 68953 | Abyss:5  | 68953 ||| FLEEEEING.
 68954 | Abyss:5  | 68954 ||| Stepping ~*~*~tactically~*~*~ (hiding).
 69002 | Abyss:5  | 69002 ||| Stepping ~*~*~tactically~*~*~ (cloud).
 69023 | Abyss:5  | 69023 ||| Stepping ~*~*~tactically~*~*~ (hiding).
 69032 | Abyss:5  | 69032 ||| Stepping ~*~*~tactically~*~*~ (hiding).
 69065 | Abyss:5  | 69065 ||| Stepping ~*~*~tactically~*~*~ (hiding).
 69137 | Abyss:5  | 69137 ||| FLEEEEING.
 69139 | Abyss:5  | 69139 ||| FLEEEEING.
 69191 | Abyss:5  | 69191 ||| Stepping ~*~*~tactically~*~*~ (stealth).
 69194 | Abyss:5  | 69194 ||| Stepping ~*~*~tactically~*~*~ (stealth).
 69195 | Abyss:5  | 69195 ||| Stepping ~*~*~tactically~*~*~ (stealth).
 69198 | Abyss:5  | 69198 ||| Stepping ~*~*~tactically~*~*~ (hiding).
 69217 | Abyss:5  | Reached skill level 24 in Armour
 69221 | Abyss:5  | Reached skill level 3 in Short Blades
 69237 | Abyss:5  | 69237 ||| Stepping ~*~*~tactically~*~*~ (hiding).
 69258 | Abyss:5  | 69258 ||| Stepping ~*~*~tactically~*~*~ (hiding).
 69317 | Abyss:5  | 69317 ||| Stepping ~*~*~tactically~*~*~ (stealth).
 69373 | Abyss:5  | 69373 ||| Stepping ~*~*~tactically~*~*~ (hiding).
 69381 | Abyss:5  | 69381 ||| Stepping ~*~*~tactically~*~*~ (hiding).
 69402 | Abyss:5  | 69402 ||| Stepping ~*~*~tactically~*~*~ (hiding).
 69435 | Abyss:5  | 69435 ||| FLEEEEING.
 69436 | Abyss:5  | 69436 ||| FLEEEEING.
 69437 | Abyss:5  | 69437 ||| Stepping ~*~*~tactically~*~*~ (hiding).
 69438 | Abyss:5  | 69438 ||| FLEEEEING.
 69439 | Abyss:5  | 69439 ||| Stepping ~*~*~tactically~*~*~ (stealth).
 69440 | Abyss:5  | 69440 ||| FLEEEEING.
 69450 | Abyss:5  | 69450 ||| INVOKING Cleansing Flame.
 69451 | Abyss:5  | 69451 ||| INVOKING Cleansing Flame.
 69452 | Abyss:5  | 69452 ||| FLEEEEING.
 69453 | Abyss:5  | 69453 ||| FLEEEEING.
 69454 | Abyss:5  | 69454 ||| FLEEEEING.
 69486 | Abyss:5  | 69486 ||| FLEEEEING.
 69540 | Abyss:5  | 69540 ||| Stepping ~*~*~tactically~*~*~ (stealth).
 69542 | Abyss:5  | 69542 ||| Stepping ~*~*~tactically~*~*~ (hiding).
 69563 | Abyss:5  | 69563 ||| Stepping ~*~*~tactically~*~*~ (stealth).
 69564 | Abyss:5  | 69564 ||| Stepping ~*~*~tactically~*~*~ (stealth).
 69574 | Abyss:5  | Reached skill level 27 in Fighting
 69574 | Abyss:5  | 69574 ||| Stepping ~*~*~tactically~*~*~ (hiding).
 69598 | Abyss:5  | 69598 ||| Stepping ~*~*~tactically~*~*~ (stealth).
 69609 | Abyss:5  | 69609 ||| Stepping ~*~*~tactically~*~*~ (hiding).
 69610 | Abyss:5  | 69610 ||| Stepping ~*~*~tactically~*~*~ (hiding).
 69616 | Abyss:5  | 69616 ||| Stepping ~*~*~tactically~*~*~ (hiding).
 69618 | Abyss:5  | 69618 ||| Stepping ~*~*~tactically~*~*~ (hiding).
 69619 | Abyss:5  | 69619 ||| Stepping ~*~*~tactically~*~*~ (hiding).
 69621 | Abyss:5  | 69621 ||| Stepping ~*~*~tactically~*~*~ (hiding).
 69628 | Abyss:5  | 69628 ||| Stepping ~*~*~tactically~*~*~ (hiding).
 69703 | Abyss:5  | 69703 ||| Stepping ~*~*~tactically~*~*~ (hiding).
 69705 | Abyss:5  | 69705 ||| Stepping ~*~*~tactically~*~*~ (hiding).
 69708 | Abyss:5  | 69708 ||| Stepping ~*~*~tactically~*~*~ (hiding).
 69709 | Abyss:5  | 69709 ||| Stepping ~*~*~tactically~*~*~ (hiding).
 69710 | Abyss:5  | 69710 ||| Stepping ~*~*~tactically~*~*~ (hiding).
 69714 | Abyss:5  | 69714 ||| Stepping ~*~*~tactically~*~*~ (hiding).
 69718 | Abyss:5  | 69718 ||| Stepping ~*~*~tactically~*~*~ (hiding).
 69719 | Abyss:5  | 69719 ||| Stepping ~*~*~tactically~*~*~ (hiding).
 69720 | Abyss:5  | 69720 ||| Stepping ~*~*~tactically~*~*~ (hiding).
 69721 | Abyss:5  | 69721 ||| Stepping ~*~*~tactically~*~*~ (hiding).
 69722 | Abyss:5  | 69722 ||| Stepping ~*~*~tactically~*~*~ (hiding).
 69723 | Abyss:5  | 69723 ||| Stepping ~*~*~tactically~*~*~ (hiding).
 69769 | Abyss:5  | 69769 ||| Stepping ~*~*~tactically~*~*~ (stealth).
 69775 | Abyss:5  | 69775 ||| Stepping ~*~*~tactically~*~*~ (stealth).
 69819 | Abyss:5  | 69819 ||| Stepping ~*~*~tactically~*~*~ (hiding).
 69820 | Abyss:5  | 69820 ||| Stepping ~*~*~tactically~*~*~ (hiding).
 69821 | Abyss:5  | 69821 ||| Stepping ~*~*~tactically~*~*~ (hiding).
 69837 | Abyss:5  | Noticed an ancient lich
 69838 | Abyss:5  | 69838 ||| INVOKING Summon Divine Warrior.
 69852 | Abyss:5  | 69852 ||| INVOKING Cleansing Flame.
 69853 | Abyss:5  | 69853 ||| INVOKING Cleansing Flame.
 69854 | Abyss:5  | 69854 ||| INVOKING Summon Divine Warrior.
 69855 | Abyss:5  | 69855 ||| INVOKING Cleansing Flame.
 69855 | Abyss:5  | Killed an ancient lich
 69893 | Abyss:5  | Paralysed by accursed screaming for 1 turns
 69900 | Abyss:5  | Paralysed by accursed screaming for 2 turns
 69905 | Abyss:5  | 69905 ||| INVOKING Summon Divine Warrior.
 69907 | Depths:3 | Escaped the Abyss
 69908 | Depths:3 | 69908 ||| INVOKING Summon Divine Warrior.
 70129 | Depths:3 | Voluntarily entered the Abyss.
 70130 | Abyss:5  | 70130 ||| Stepping ~*~*~tactically~*~*~ (hiding).
 70131 | Abyss:5  | 70131 ||| Stepping ~*~*~tactically~*~*~ (stealth).
 70132 | Abyss:5  | 70132 ||| Stepping ~*~*~tactically~*~*~ (hiding).
 70134 | Abyss:5  | 70134 ||| Stepping ~*~*~tactically~*~*~ (hiding).
 70162 | Abyss:5  | 70162 ||| Stepping ~*~*~tactically~*~*~ (hiding).
 70163 | Abyss:5  | 70163 ||| Stepping ~*~*~tactically~*~*~ (hiding).
 70203 | Abyss:5  | 70203 ||| Stepping ~*~*~tactically~*~*~ (hiding).
 70213 | Abyss:5  | 70213 ||| Stepping ~*~*~tactically~*~*~ (stealth).
 70214 | Abyss:5  | 70214 ||| Stepping ~*~*~tactically~*~*~ (stealth).
 70216 | Abyss:5  | 70216 ||| Stepping ~*~*~tactically~*~*~ (stealth).
 70229 | Abyss:5  | Noticed a dread lich
 70230 | Abyss:5  | 70230 ||| INVOKING Summon Divine Warrior.
 70237 | Abyss:5  | 70237 ||| INVOKING Summon Divine Warrior.
 70240 | Abyss:5  | Killed a dread lich
 70348 | Abyss:5  | Found a corrupted altar of Lugonu.
 70362 | Abyss:5  | Paralysed by accursed screaming for 1 turns
 70375 | Abyss:5  | Paralysed by accursed screaming for 1 turns
 70395 | Depths:3 | Escaped the Abyss
 70621 | Depths:3 | Voluntarily entered the Abyss.
 70621 | Abyss:5  | Found a corrupted altar of Lugonu.
 70650 | Abyss:5  | 70650 ||| Stepping ~*~*~tactically~*~*~ (stealth).
 70678 | Abyss:5  | 70678 ||| Stepping ~*~*~tactically~*~*~ (stealth).
 70679 | Abyss:5  | 70679 ||| Stepping ~*~*~tactically~*~*~ (hiding).
 70681 | Abyss:5  | 70681 ||| Stepping ~*~*~tactically~*~*~ (hiding).
 70682 | Abyss:5  | 70682 ||| Stepping ~*~*~tactically~*~*~ (stealth).
 70691 | Abyss:5  | 70691 ||| Stepping ~*~*~tactically~*~*~ (stealth).
 70700 | Abyss:5  | 70700 ||| Stepping ~*~*~tactically~*~*~ (stealth).
 70738 | Abyss:5  | 70738 ||| Stepping ~*~*~tactically~*~*~ (stealth).
 70759 | Abyss:5  | Reached skill level 6 in Short Blades
 70772 | Abyss:5  | 70772 ||| Stepping ~*~*~tactically~*~*~ (stealth).
 70777 | Abyss:5  | 70777 ||| Stepping ~*~*~tactically~*~*~ (stealth).
 70781 | Abyss:5  | 70781 ||| INVOKING Summon Divine Warrior.
 70981 | Abyss:5  | 70981 ||| INVOKING Cleansing Flame.
 70983 | Abyss:5  | Reached skill level 27 in Armour
 71000 | Abyss:5  | 71000 ||| INVOKING Summon Divine Warrior.
 71023 | Abyss:5  | 71023 ||| INVOKING Summon Divine Warrior.
 71027 | Depths:3 | Escaped the Abyss
 71229 | Depths:3 | Voluntarily entered the Abyss.
 71233 | Abyss:5  | 71233 ||| Stepping ~*~*~tactically~*~*~ (stealth).
 71248 | Abyss:5  | 71248 ||| Stepping ~*~*~tactically~*~*~ (hiding).
 71249 | Abyss:5  | 71249 ||| Stepping ~*~*~tactically~*~*~ (hiding).
 71285 | Abyss:5  | 71285 ||| Stepping ~*~*~tactically~*~*~ (stealth).
 71286 | Abyss:5  | 71286 ||| Stepping ~*~*~tactically~*~*~ (stealth).
 71290 | Abyss:5  | 71290 ||| Stepping ~*~*~tactically~*~*~ (stealth).
 71296 | Abyss:5  | 71296 ||| Stepping ~*~*~tactically~*~*~ (stealth).
 71298 | Abyss:5  | 71298 ||| Stepping ~*~*~tactically~*~*~ (hiding).
 71299 | Abyss:5  | 71299 ||| Stepping ~*~*~tactically~*~*~ (stealth).
 71300 | Abyss:5  | 71300 ||| Stepping ~*~*~tactically~*~*~ (stealth).
 71301 | Abyss:5  | 71301 ||| Stepping ~*~*~tactically~*~*~ (stealth).
 71310 | Abyss:5  | 71310 ||| INVOKING Cleansing Flame.
 71314 | Abyss:5  | 71314 ||| INVOKING Summon Divine Warrior.
 71320 | Abyss:5  | 71320 ||| INVOKING Cleansing Flame.
 71579 | Abyss:5  | 71579 ||| Stepping ~*~*~tactically~*~*~ (hiding).
 71598 | Abyss:5  | 71598 ||| Stepping ~*~*~tactically~*~*~ (hiding).
 71599 | Abyss:5  | 71599 ||| Stepping ~*~*~tactically~*~*~ (hiding).
 71613 | Abyss:5  | 71613 ||| Stepping ~*~*~tactically~*~*~ (hiding).
 71614 | Abyss:5  | 71614 ||| Stepping ~*~*~tactically~*~*~ (hiding).
 71615 | Abyss:5  | 71615 ||| Stepping ~*~*~tactically~*~*~ (hiding).
 71660 | Abyss:5  | 71660 ||| Stepping ~*~*~tactically~*~*~ (stealth).
 71661 | Abyss:5  | 71661 ||| Stepping ~*~*~tactically~*~*~ (stealth).
 71667 | Abyss:5  | 71667 ||| FLEEEEING.
 71668 | Abyss:5  | 71668 ||| FLEEEEING.
 71669 | Abyss:5  | 71669 ||| FLEEEEING.
 71671 | Abyss:5  | 71671 ||| FLEEEEING.
 71712 | Abyss:6  | Reached skill level 12 in Dodging
 71729 | Abyss:6  | 71729 ||| INVOKING Summon Divine Warrior.
 71742 | Abyss:6  | 71742 ||| Stepping ~*~*~tactically~*~*~ (cloud).
 71745 | Abyss:6  | 71745 ||| Stepping ~*~*~tactically~*~*~ (cloud).
 71749 | Abyss:6  | Paralysed by accursed screaming for 1 turns
 71766 | Depths:3 | Escaped the Abyss
 71767 | Depths:3 | 71767 ||| INVOKING Summon Divine Warrior.
 71985 | Depths:3 | Voluntarily entered the Abyss.
 72038 | Abyss:6  | Gained mutation: You occasionally lose the ability to drink
                  | potions when taking damage. [a cacodemon]
 72059 | Abyss:6  | Paralysed by accursed screaming for 2 turns
 72070 | Abyss:6  | Paralysed by accursed screaming for 1 turns
 72072 | Abyss:6  | 72072 ||| INVOKING Summon Divine Warrior.
 72123 | Abyss:6  | HP: 60/268 [wretched star/lance of force (22)]
 72137 | Abyss:6  | 72137 ||| DRINKING 2 potions of heal wounds.
 72140 | Abyss:6  | 72140 ||| INVOKING Summon Divine Warrior.
 72153 | Abyss:6  | HP: 43/179 [lurking horror (illusionary) (8)]
 72154 | Abyss:6  | 72154 ||| READING 25 scrolls of teleportation.
 72155 | Abyss:6  | 72155 ||| DRINKING potion of heal wounds.
 72157 | Abyss:6  | Paralysed by you for 2 turns
 72171 | Abyss:6  | 72171 ||| INVOKING Summon Divine Warrior.
 72207 | Abyss:6  | HP: 36/179 [starcursed mass/accursed screaming (12)]
 72208 | Abyss:6  | 72208 ||| READING 24 scrolls of teleportation.
 72208 | Abyss:6  | Paralysed by accursed screaming for 1 turns
 72212 | Abyss:6  | HP: 12/179 [starcursed mass/accursed screaming (13)]
 72212 | Abyss:6  | Paralysed by accursed screaming for 2 turns
 72219 | Abyss:6  | HP: 3/179 [starcursed mass/accursed screaming (11)]
 72219 | Abyss:6  | Paralysed by accursed screaming for 1 turns
 72220 | Abyss:7  | Entered Level 7 of the Abyss
 72221 | Abyss:7  | 72221 ||| READING 23 scrolls of teleportation.
 72225 | Abyss:7  | 72225 ||| FLEEEEING.
 72226 | Abyss:7  | 72226 ||| FLEEEEING.
 72227 | Abyss:7  | 72227 ||| FLEEEEING.
 72229 | Depths:3 | Escaped the Abyss
 72694 | Depths:3 | Voluntarily entered the Abyss.
 72694 | Abyss:7  | Entered Level 7 of the Abyss
 72785 | Abyss:7  | Reached skill level 21 in Axes
 72849 | Abyss:7  | 72849 ||| Stepping ~*~*~tactically~*~*~ (hiding).
 72850 | Abyss:7  | 72850 ||| Stepping ~*~*~tactically~*~*~ (stealth).
 72855 | Abyss:7  | Paralysed by accursed screaming for 2 turns
 72869 | Abyss:7  | Paralysed by accursed screaming for 2 turns
 72872 | Abyss:7  | 72872 ||| INVOKING Summon Divine Warrior.
 72874 | Abyss:7  | HP: 44/179 [starcursed mass/accursed screaming (18)]
 72875 | Abyss:7  | 72875 ||| READING 22 scrolls of teleportation.
 72875 | Abyss:7  | HP: 21/179 [starcursed mass/accursed screaming (24)]
 72875 | Abyss:7  | Paralysed by accursed screaming for 2 turns
 72881 | Abyss:7  | Killed from afar by a starcursed mass

Levels and vault maps discovered:
D:1:      amcnicky_arrival_blooded_trapdoor, layout_loops_ring,
          minmay_misc_feat_x
D:2:      layout_rooms
D:3:      layout_loops_cross, nicolae_overflow_quartered_altars, zin_angel
D:4:      layout_rooms, lemuel_temple_firewalk_b, serial_shops, shop, shop,
          nicolae_shop_trees
D:5:      layout_basic, mrwooster_statue_mirror
D:6:      layout_loops_ring, mainiacjoe_overflow_alcove_4,
          mainiacjoe_overflow_cross_hatched, nicolae_ossuary_entry_monument
D:7:      layout_rooms
D:8:      layout_cave_pools, kennysheep_little_box, serial_bayou,
          serial_bayou_pond_d, serial_bayou_pond_a, serial_bayou_lagoon_b,
          serial_bayou_lake_a, nicolae_straight_to_the_point
D:9:      layout_loops_corners, enter_bailey_4
D:10:     layout_irregular_city, minmay_lair_entry_grove, david_orc_3,
          kennysheep_generic_room_14
D:11:     layout_rooms, minmay_mirror_moons_of_madness, uniq_harold,
          uniq_erolcha
D:12:     layout_grid_maze
D:13:     layout_long_grid, hangedman_vaults_entry_quadrant_bands,
          nicolae_concentric_dashed_squares_mild, drop_trap
D:14:     layout_roguey, nicolae_benzene_ring
D:15:     gammafunk_enter_depths_forms, layout_grid_maze, bloody_makhleb,
          chequers_decorated_corner
Temple:   nicolae_temple_great_sept
Lair:1:   layout_loops_ring, infiniplex_staircase_pool_2, grunt_megastairs_1
Lair:2:   layout_roguey, minmay_shoals_entry_centaurs,
          nicolae_spider_entry_tight_spaces, gammafunk_ghost_berserking_beasts
Lair:3:   layout_gridlike, lemuel_centaur_altar, uniq_amaemon, uniq_nergalle
Lair:4:   layout_roguey
Lair:5:   grunt_lair_end_beastmaster, layout_cave_shapes,
          dpeg_slime_entry_enclosed, serial_bayou_crossing
Shoals:1: layout_shoals, uniq_mlioglotl
Shoals:2: layout_shoals
Shoals:3: layout_shoals, uniq_polyphemus, uniq_ilsuiw
Shoals:4: shoals_end_grunt_ice, layout_shoals, serial_shops,
          nicolae_diamond_shop, nicolae_shoals_dead_sea_scrolls
Spider:1: nicolae_spider_brood_tunnel, uniq_donald, uniq_louise
Spider:2: layout_cave_pods, portal_ice_cave_entry_ice_statue_one, drop_trap,
          hangedman_spider_tarantella_strand
Spider:3: layout_spider_delve, spiders_nest_spider_trap
Spider:4: spider_rune_water, uniq_bai_suzhen
Slime:1:  layout_caves
Slime:2:  layout_caves, basic_altar
Slime:3:  layout_caves
Slime:4:  layout_caves, amcnicky_altar_lugonu_corruption
Slime:5
Orc:1:    layout_caves, gammafunk_ghost_abyssal_escape, mines1_david
Orc:2:    st_orc_open, layout_caves, ebering_ghost_xom,
          nicolae_volcano_entry_hallway
Vaults:1: hangedman_vaults_maws, nicolae_vaults_weapon_check,
          nicolae_vaults_turnstiles, nicolae_vaults_network_quincunx
          [nicolae_vaults_network_quincunx_subvault,
          nicolae_vaults_network_quincunx_subvault,
          nicolae_vaults_network_quincunx_subvault,
          nicolae_vaults_network_quincunx_subvault,
          nicolae_vaults_network_quincunx_subvault], hangedman_vaults_corner,
          ontoclasm_vaults_gateway, nicolae_vaults_sightless_eye,
          nicolae_vaults_library_corner, nicolae_vaults_double_plus_1,
          layout_vaults_chaotic_city
Vaults:2: grunt_vaults_hallway_short, v_misc_8, nicolae_vaults_double_plus_1,
          nicolae_vaults_tetromino_Z_1, minmay_crypt_entry_simple_corners,
          vaults_room_fours, nicolae_vaults_tetromino_L_2,
          nicolae_vaults_triangles, v_misc_5, v_misc_30,
          nicolae_vaults_surprise_closet, vaults_mumra_minichess,
          vaults_dpeg_spiral, layout_vaults_omnicross, serial_shops,
          nicolae_shop_peninsula
Vaults:3: grunt_vaults_twisty, vaults_room_grid,
          nicolae_vaults_trapezoid_lopsided_1, vaults_standard_mumra_x,
          vaults_dpeg_ring, vaults_room_corners, nicolae_vaults_network_barrier,
          v_alt_pattern_5, nicolae_vaults_tetromino_T_1, v_misc_1,
          vaults_mumra_lcd, nicolae_vaults_little_squares_1,
          nicolae_vaults_tetromino_L_2, layout_vaults_omnigrid, serial_shops,
          nicolae_shop_tiny_statue_garden
Vaults:4: mu_enter_wizlab_5, vaults_mumra_chevron,
          nicolae_vaults_offset_grid_hallway_3, nicolae_vaults_cornered_office,
          nicolae_vaults_diamond_1, v_misc_10, vaults_room_pool, v_misc_16,
          nicolae_vaults_trapezoid_layered, v_misc_12,
          nicolae_vaults_mini_display_case, nicolae_vaults_storage_closets_1,
          layout_vaults_ring, serial_shops, shop
Vaults:5
Crypt:1:  layout_gridlike, minmay_misc_feat_cross
Crypt:2:  layout_chaotic_city, hangedman_summoners_spam, grunt_megastairs_3,
          uniq_margery
Crypt:3:  cryptofortress_bobbens, uniq_zenata
Tomb:1
Tomb:2
Tomb:3:   uniq_mennas
Depths:1: layout_small_grid, rand_demon_pan_entry_4, hell_entry, minivault_14,
          nicolae_danse_macabre
Depths:2: minmay_inside_and_out, layout_cave_shapes, grunt_pan_entry_zigzag,
          serial_shops, nicolae_shop_getting_attention, chequers_jeans,
          hangedman_coc_ice_floe, infiniplex_staircase_pool_1, minmay_shop_star
Depths:3: minmay_four_inscribed_fans, layout_cave_pools, serial_shops,
          nicolae_book_shop_shelving, nicolae_abyss_entry_one_way_or_another,
          serial_co_window_serial, co_window_of_opportunity_a,
          co_window_paths_b, co_window_corner_a, co_window_of_opportunity_a,
          co_window_paths_a, co_window_paths_b, co_window_corner_a,
          co_window_broadway_a, co_window_corner_b, glass_columns_b,
          glass_columns_a, special_room [special_room_mythical_zoo], hell_entry,
          yredelemnul_altar_generic, eino_small_chamber_without_monster
Depths:4: grunt_zot_entry_alcove, layout_cave_shapes, enter_ziggurat_e,
          enter_trove_2, elyvilon_altar_4, grunt_hell_entry_demonic_statue
Zot:1:    layout_misc_corridors, st_stairs_4, grunt_megastairs_2
Zot:2:    layout_misc_corridors
Zot:3:    layout_misc_corridors, grunt_ministairs_11
Zot:4:    layout_cathedral_of_symmetry, door_vault
Abyss:7:  base: Slime:5, base: Elf:1, base: Zot:4,
          grunt_abyss_rune_wretched_hive, evilmike_abyss_exit_vortex,
          minivault_13, base: Vaults:4, spicy_abyss_unhelpful_harpoons,
          gammafunk_corrupted_shrine, spicy_pingpong_abyss_rune,
          guppyfry_abyss_exit_spiral_guarded, hangedman_decor_points

Skill      XL: |  1  2  3  4  5  6  7  8  9 10 11 12 13 14 15 16 17 18 19 20 21 22 23 24 25 26 27 |
---------------+----------------------------------------------------------------------------------+-----
Axes           | 2 3 4 5 6 7 8 10 11 12 13 15 16 18 21 | 21.1
Throwing       | 1 2 5 6 7 9 10 11 13 14 15 | 15.0
Fighting       | 4 6 7 8 9 10 11 12 13 15 17 18 19 21 22 24 25 26 27 | 27.0
Dodging        | 1 2 3 4 5 6 7 8 13 | 13.0
Invocations    | 4 6 10 17 27 | 27.0
Armour         | 4 5 6 7 8 9 10 11 12 14 15 17 18 19 20 21 22 27 | 27.0
Shields        | 4 9 10 11 12 13 15 16 17 18 19 21 22 23 | 23.0
Short Blades   | 7 |  7.8

Action                     |  1- 3 |  4- 6 |  7- 9 | 10-12 | 13-15 | 16-18 | 19-21 | 22-24 | 25-27 || total
---------------------------+-------+-------+-------+-------+-------+-------+-------+-------+-------++-------
  Melee: War axe           |    88 |   128 |   355 |   622 |   317 |       |       |       |       ||  1510
         Flail             |       |       |       |     8 |       |       |       |       |       ||     8
         Demon whip        |       |       |       |       |    49 |       |       |       |       ||    49
         Broad axe         |       |       |       |       |   483 |  1273 |  1744 |  1405 |  3561 ||  8466
         Headbutt          |       |       |       |       |       |       |       |       |   720 ||   720
  Throw: Javelin           |       |    30 |    26 |     8 |   105 |   136 |   189 |    58 |    78 ||   630
         Boomerang         |       |       |    10 |   120 |   140 |    43 |     5 |       |   645 ||   963
 Invoke: Heroism           |       |       |    16 |    23 |    33 |    31 |    24 |    25 |     9 ||   161
         Finesse           |       |       |       |     2 |    11 |    16 |     9 |     4 |     2 ||    44
         Cleansing Flame   |       |       |       |       |       |       |       |       |    73 ||    73
         Summon Divine War |       |       |       |       |       |       |       |       |    31 ||    31
         Brand Weapon With |       |       |       |       |       |       |       |       |     1 ||     1
    Use: Scroll            |     2 |    11 |    11 |     6 |     6 |     6 |     3 |     5 |    11 ||    61
         Potion            |       |     3 |     1 |     1 |     1 |     3 |       |     3 |    18 ||    30
   Stab: Petrified         |       |       |       |       |     6 |       |       |       |       ||     6
         Distracted        |       |       |       |       |       |     1 |       |       |       ||     1
         Confused          |       |       |       |       |       |       |       |       |     1 ||     1
 Armour: Scale mail        |    44 |    80 |    28 |       |       |       |       |       |       ||   152
         Plate armour      |       |       |   269 |   460 |   450 |   654 |   873 |   992 |  1383 ||  5081
         Acid dragon scale |       |       |       |       |       |       |       |       |   117 ||   117
  Dodge: Dodged            |    46 |    51 |   137 |   195 |   200 |   287 |   620 |   785 |  1248 ||  3569
         Repelled          |       |       |       |       |       |     4 |    18 |    35 |       ||    57
  Block: Buckler           |    13 |    28 |    84 |    14 |       |       |       |       |       ||   139
         Kite shield       |       |       |       |   294 |   396 |   707 |  1010 |  1072 |  1540 ||  5019
         Tower shield      |       |       |       |       |       |       |       |       |   651 ||   651

Table legend:
 A = Non-vault XP
 B = Vault XP
 C = Vault XP percentage of total XP
 D = Non-vault monster count
 E = Vault monster count
 F = Vault count percentage of total count
                 A         B        C        D         E       F
            +---------+---------+-------+---------+---------+-------
      Total | 1435296 |  737207 |  33.9 |    2760 |     891 |  24.4
            +---------+---------+-------+---------+---------+-------
        D:1 |      48 |       0 |   0.0 |      25 |       0 |   0.0
        D:2 |     114 |       0 |   0.0 |      25 |       0 |   0.0
        D:3 |      29 |       0 |   0.0 |      10 |       0 |   0.0
        D:4 |     158 |       0 |   0.0 |      24 |       0 |   0.0
        D:5 |     548 |       0 |   0.0 |      14 |       0 |   0.0
        D:6 |     879 |       0 |   0.0 |      18 |       0 |   0.0
        D:7 |    1019 |       0 |   0.0 |      23 |       0 |   0.0
        D:8 |    1397 |       0 |   0.0 |      26 |       0 |   0.0
        D:9 |    4345 |      12 |   0.3 |      44 |       5 |  10.2
       D:10 |    1039 |    2678 |  72.0 |       8 |      16 |  66.7
       D:11 |    3106 |    4986 |  61.6 |      20 |       9 |  31.0
       D:12 |    6685 |       0 |   0.0 |      16 |       0 |   0.0
       D:13 |    7058 |    4902 |  41.0 |      15 |      17 |  53.1
       D:14 |   11826 |       0 |   0.0 |      23 |       0 |   0.0
       D:15 |   10464 |    5462 |  34.3 |      24 |       8 |  25.0
     Lair:1 |    3833 |    2332 |  37.8 |      15 |      12 |  44.4
     Lair:2 |   13661 |    1039 |   7.1 |      41 |       5 |  10.9
     Lair:3 |    3576 |    2425 |  40.4 |      14 |       7 |  33.3
     Lair:4 |    9279 |       0 |   0.0 |      24 |       0 |   0.0
     Lair:5 |   14939 |    9448 |  38.7 |      29 |      18 |  38.3
   Shoals:1 |   17584 |    1853 |   9.5 |      29 |       1 |   3.3
   Shoals:2 |    8778 |       0 |   0.0 |      21 |       0 |   0.0
   Shoals:3 |    7509 |    7457 |  49.8 |      14 |       9 |  39.1
   Shoals:4 |   16873 |   17659 |  51.1 |      39 |      30 |  43.5
   Spider:1 |   14977 |   10604 |  41.5 |      38 |      15 |  28.3
   Spider:2 |   14964 |     697 |   4.5 |      42 |       2 |   4.5
   Spider:3 |    7202 |    3091 |  30.0 |      17 |       8 |  32.0
   Spider:4 |   19275 |   19554 |  50.4 |      42 |      38 |  47.5
    Slime:1 |   17136 |       0 |   0.0 |      25 |       0 |   0.0
    Slime:2 |   10176 |       0 |   0.0 |      14 |       0 |   0.0
    Slime:3 |   12655 |       0 |   0.0 |      13 |       0 |   0.0
    Slime:4 |    6640 |       0 |   0.0 |      15 |       0 |   0.0
    Slime:5 |   10181 |   25867 |  71.8 |       9 |      19 |  67.9
      Orc:1 |    3202 |       0 |   0.0 |      27 |       0 |   0.0
      Orc:2 |    3484 |   15046 |  81.2 |      32 |      37 |  53.6
   Vaults:1 |   31614 |   19001 |  37.5 |      41 |      26 |  38.8
   Vaults:2 |   17312 |   22247 |  56.2 |      24 |      25 |  51.0
   Vaults:3 |   31472 |   22933 |  42.2 |      49 |      28 |  36.4
   Vaults:4 |   21111 |   26281 |  55.5 |      31 |      31 |  50.0
   Vaults:5 |   33906 |  101948 |  75.0 |      43 |      87 |  66.9
    Crypt:1 |   17418 |       0 |   0.0 |      30 |       0 |   0.0
    Crypt:2 |   21221 |   20000 |  48.5 |      30 |      26 |  46.4
    Crypt:3 |       0 |   59929 | 100.0 |       0 |      92 | 100.0
     Tomb:1 |   22300 |   90393 |  80.2 |      47 |      44 |  48.4
     Tomb:2 |    5864 |    3652 |  38.4 |      14 |       9 |  39.1
     Tomb:3 |    3411 |   79768 |  95.9 |       8 |      78 |  90.7
   Depths:1 |   32345 |    5198 |  13.8 |      36 |       7 |  16.3
   Depths:2 |   33189 |   12984 |  28.1 |      38 |      16 |  29.6
   Depths:3 |   23698 |   57534 |  70.8 |      36 |      50 |  58.1
   Depths:4 |   47551 |   32135 |  40.3 |      43 |      42 |  49.4
      Zot:1 |   18175 |   10335 |  36.3 |      19 |      10 |  34.5
      Zot:2 |   57946 |       0 |   0.0 |      50 |       0 |   0.0
      Zot:3 |   31852 |    3877 |  10.9 |      27 |       2 |   6.9
      Zot:4 |   41496 |       0 |   0.0 |      37 |       0 |   0.0
    Abyss:1 |   31851 |       0 |   0.0 |      69 |       0 |   0.0
    Abyss:3 |  147573 |    4866 |   3.2 |     329 |       4 |   1.2
    Abyss:4 |    9947 |       0 |   0.0 |      17 |       0 |   0.0
    Abyss:5 |  331621 |   23153 |   6.5 |     613 |      29 |   4.5
    Abyss:6 |   87100 |    3131 |   3.5 |     191 |       7 |   3.5
    Abyss:7 |   70684 |    2710 |   3.7 |     123 |       2 |   1.6
    Ossuary |       0 |      20 | 100.0 |       0 |      20 | 100.0
            +---------+---------+-------+---------+---------+-------
